Workbook
Name arr: '1|ARR'!$L$24
Name distcost: '1.3|Dist Cost'!$C$4
Name index: Index!$F$17
Name notes: Notes!$D$52
Name OLE_LINK3: '1.1|Trans Cost'!$C$2

Sheet Index
C2: Company Name | D2: APEPDCL
C3: Filing Date (dd/mm/yy) | D3: 30/11/2023
C4: Multi Year Tariff Period | D4: FY2025-29 | F4: FY2024-25
C5: Year | D5: FY2024-25
C6: Commission' s Regulations | D6: Reg-4/2005
C7: Business type | D7: Retail Supply of Electricity
B9: S. No. | C9: Title | D9: Form No.
B12: 1 | C12: Aggregate Revenue Requirement for Retail Supply Business | D12: Form 1
B13: 2 | C13: Transmission Cost | D13: Form 1.1
B14: 3 | C14: SLDC Charges | D14: Form 1.2
B15: 4 | C15: Distribution Cost | D15: Form 1.3
B16: 5 | C16: Power Purchase and Procurement Cost (For Regulated Business) | D16: Form 1.4
B17: 6 | C17: NCE Generation (Base Year) | D17: Form 1.4 (i)
B18: 7 | C18: NCE Generation (Year 1) | D18: Form 1.4(ii)
B19: 8 | C19: NCE Generation (Year 2) | D19: Form 1.4(iii)
B20: 9 | C20: NCE Generation (Year 3) | D20: Form 1.4(iv)
B21: 10 | C21: NCE Generation (Year 4) | D21: Form 1.4(v)
B22: 11 | C22: NCE Generation (Year 5) | D22: Form 1.4(vi)
B23: 12 | C23: Power Purchase and Procurement Cost (For Non-regulated Business) | D23: Form 1.4a
... B49: 38 | C49: Cost and Revenue | D49: Form 13
A75: Company
A76: APEPDCL | D76: Multi Year Tariff Period
A77: APSPDCL | D77: FY2007-09 | E77: FY2006-07
A78: APCPDCL | D78: FY2010-14 | E78: FY2007-08
A79: APNPDCL | E79: FY2008-09
E80: FY2009-10
E81: FY2010-11
E82: FY2011-12
E83: FY2012-13
E84: FY2013-14
D85: FY 2015-19 | E85: FY2014-15
E86: FY2015-16
E87: FY2016-17
E88: FY2017-18
E89: FY2018-19
D90: FY2020-24 | E90: FY2019-20
E91: FY2020-21
E92: FY2021-22
E93: FY2022-23
E94: FY2023-24
J109: FY | K109: April | L109: May | M109: June | N109: July | O109: August | P109: September | Q109: October | R109: November | S109: December | T109: January | U109: February | V109: March
J110: 2006 | K110: 10061 | L110: 10062 | M110: 10063 | N110: 10064 | O110: 10065 | P110: 10066 | Q110: 10067 | R110: 10068 | S110: 10069 | T110: 10070 | U110: 10071 | V110: 10072
J111: 2007 | K111: 10073 | L111: 10074 | M111: 10075 | N111: 10076 | O111: 10077 | P111: 10078 | Q111: 10079 | R111: 10080 | S111: 10081 | T111: 10082 | U111: 10083 | V111: 10084
J112: 2008 | K112: 10085 | L112: 10086 | M112: 10087 | N112: 10088 | O112: 10089 | P112: 10090 | Q112: 10091 | R112: 10092 | S112: 10093 | T112: 10094 | U112: 10095 | V112: 10096
J113: 2009 | K113: 11100 | L113: 11101 | M113: 11102 | N113: 11103 | O113: 11104 | P113: 11105 | Q113: 11106 | R113: 11107 | S113: 11108 | T113: 11109 | U113: 11110 | V113: 11111

Sheet Notes
B3: Notes:
B5: 1) | C5: Base Year | D5: Base Year for the 5th control period FY2025-29 is FY2023-24
B6: 1) | C6: FY 2024-25 | D6: Year 1 is the First Year of the control Period, FY2024-25
C7: FY 2025-26 | D7: Year 2 is the Second Year of the control Period, FY2025-26
C8: FY 2026-27 | D8: Year 3 is the Third Year of the control Period, FY2026-27
C9: FY 2027-28 | D9: Year 4 is the Fourth Year of the control Period, FY2027--28
C10: FY 2028-29 | D10: Year 5 is the Fifth year of the control Period, FY2028-29
B12: 2) | C12: Filings 2024-25, Licensees shall provide
D13: Full projections for FY2024-25
D14: Estimates for FY2023-24
B18: 3) | C18: Regulated Business: The retail supply of electricity to (i) consumers within the area of supply of the licensee and not eligible to avail Open Access as per Commission’s Regulations (ii) consumers within the area of supply of the licensee and eligible to avail Open Access but not exercising their option of availing open access.
C19: Non-regulated Business: The retail supply of electricity to consumers availing supply under open access from the licensee either forming the part of area of supply of the licensee or outside the area of supply of the licensee.
B21: 4) | C21: Direct Non-Tariff Income: Non-Tariff income which is directly identifiable with a consumer category.
C22: Apportioned Non-Tariff Income: Non-Tariff income which is not directly identifiable with a consumer category. It shall be appropriately apportioned across various consumer categories.
B24: 5) | C24: New Categories
C25: The Licensees shall add the proposed categories in Form A, the new categories would be then updated automatically in other forms
C26: The new categories are segregated voltage-wise in Form A
B28: 6) | C28: Modification/addition of Slabs/sub categories for LT consumers should be carried out in Form 7 for Current Tariff and Form 12 for Proposed Tariff.See notes in the relevant form for details
B32: 7) | C32: Phasing of Open Access as per Regulation 2 of 2005 of APERC
C34: Eligibility Criteria for Open Access
D36: Phase | E36: Eligibility criteria | F36: Commencement date
D37: 1 | E37: Consumers availing of power from NCE developers irrespective of the quantum of contracted capacity | F37: September, 2005
D38: 2 | E38: Contracted capcity being greater than 5 MW | F38: September, 2005
D39: 3 | E39: Contracted capacity being greater than 2 MW | F39: September, 2006
D40: 4 | E40: Contracted capacity being greater than 1 MW | F40: April, 2008
B42: 8) | C42: Terminology for Open Access Status
D43: 1 | E43: Load not eligible for Open Access | F43: Load within the area of supply of the licensees not satisfying the eligibility criteria to avail open access as per Commission's Regulation during the time period under consideration.
D44: 2 | E44: Load Eligible for Open Access | F44: Load within the area of supply of the licensees and satisfying the eligibility criteria to avail open access as per Commission's Regulation during the period under consideration whether availing power through Open Access or not.
D45: 3 | E45: Availed (within area of supply) | F45: Load within the area of supply of the Licensee and availing power through Open Access whether from the same Licensee or any other supplier.
D46: 4 | E46: Availed ( Outside Area of supply) | F46: Load outside the area of supply of the Licensee but availing power through Open Access from the Licensee under consideration.

Sheet 1|ARR
A1: Index sheet
C3: Form 1 | D3: Aggregate Revenue Requirement for Retail Supply Business
K5: Amount( In Rs crores)
C6: Revenue Requirement Item (Rs. Crs.) | E6: Details link | H6: Control Period
F7: FY 2022-23 Act | G7: =Notes!$C$5 -> Base Year | H7: =Notes!$C$6 -> FY 2024-25 | I7: =Notes!$C$7 -> FY 2025-26 | J7: =Notes!$C$8 -> FY 2026-27 | K7: =Notes!$C$9 -> FY 2027-28 | L7: =Notes!$C$10 -> FY 2028-29
B9: 10011 | C9: 1 | D9: Transmission Cost | E9: Form 1.1 | F9: 893.349 | G9: ='1.1|Trans Cost'!O38 -> 1163.9623 | H9: =G9*15%+G9 -> 1338.5567
B10: 10012 | C10: 2 | D10: SLDC Cost | E10: Form 1.2 | F10: 13.9951 | G10: ='1.2|SLDC'!J20+'1.2|SLDC'!J22+'1.2|SLDC'!J25 -> 27.527827 | H10: =G10*15%+G10 -> 31.657001
B11: 10013 | C11: 3 | D11: Distribution Cost | E11: Form 1.3 | F11: =1661.9-F20 -> 1254.0279 | G11: ='1.3|Dist Cost'!L59 -> 3351.6604 | H11: 2862.7663
B12: 10020 | C12: 4 | D12: PGCIL Expenses | F12: 469.3259 | G12: 543.3 | H12: =G12*1.15 -> 624.795
B13: 10021 | C13: 5 | D13: ULDC Charges | F13: 16.7176 | G13: 1.15 | H13: =G13*1.15 -> 1.3225
B15: 10014 | C15: 6 | D15: Network and SLDC Cost (1+2+3+4+5) | F15: =SUM(F9:F13) -> 2647.4155 | G15: =SUM(G9:G13) -> 5087.6006 | H15: =SUM(H9:H13) -> 4859.0975
B16: 10015 | C16: 7 | D16: Power Purchase / Procurement Cost | E16: Form 1.4 | F16: ='1.4| PP Cost-Reg'!P226 -> 14903.29 | G16: ='1.4| PP Cost-Reg'!P295 -> 15707.04 | H16: ='1.4| PP Cost-Reg'!P360 -> 15464.216
B17: 10016 | C17: 8 | D17: Interest on Consumer Security Deposits | E17: Form 1.5 | F17: ='1.5|Int CSD'!F14 -> 128.82511 | G17: ='1.5|Int CSD'!G14 -> 175.55109 | H17: ='1.5|Int CSD'!H14 -> 195.34359
B18: 10017 | C18: 9 | D18: Supply Margin in Retail Supply Business | E18: Form 1.6 | F18: ='1.6|Supply Margin'!F8 -> 13.35 | G18: ='1.6|Supply Margin'!G8 -> 26.48 | H18: ='1.6|Supply Margin'!H8 -> 19.24
B19: 10018 | C19: 10 | D19: Other Costs, if any | E19: Form 1.7 | F19: ='1.7|Other Costs'!F16 -> 48.6748 | G19: ='1.7|Other Costs'!G16 -> 40.65 | H19: ='1.7|Other Costs'!H16 -> 90.24
C20: 11 | D20: Additional Interest on pension bonds | F20: 407.8721 | G20: 481.2709 | H20: 533.72602
B22: 10019 | C22: 12 | D22: Supply Cost (7+8+9+10+11) | F22: =SUM(F16:F21) -> 15502.012 | G22: =SUM(G16:G21) -> 16430.992 | H22: =SUM(H16:H21) -> 16302.766
B24: 10003 | C24: 13 | D24: Aggregate Revenue Requirement (6+12) | F24: =F15+F22 -> 18149.428 | G24: =G15+G22 -> 21518.592 | H24: =H15+H22 -> 21161.864
C26: Note:
C27: 1 | D27: The Revenue Requirement Items are cost borne for supply of power to consumers within the area of supply of the Licensees and not availing supply under Open Access.
C28: 2 | D28: Transmission Cost refers to the transmission cost borne by the licensee to serve the consumers within the area of the supply and not availing supply under Open Access
C29: 3 | D29: SLDC cost refers to the SLDC Charges paid to serve the consumers within the area of the supply and not availing supply under Open Access
C30: 4 | D30: Distribution Cost refers to the distribution cost borne by the licensee to serve the consumers within the area of the supply and not availing supply under Open Access
C31: 5 | D31: PGCIL and ULDC Expenses to be submitted in this form.

Sheet 1.1|Trans Cost
A1: Index sheet
C3: Form 1.1 | D3: Transmission Cost
C5: Transmission Cost to be segregated between Load not eligible for Open Access, Load eligible for Open Access, Load within the area of supply and availing power under Open Access as per Section 42 and 49 of E ACT.(Refer to Notes for the relevant definitions.)
C6: 1) Loads Eligible for Open Access is as per Section 8.1 of Regulation 2 of 2005 of APERC See Notes Sheet for Phasing of Open Access in the state of Andhra Pradesh. 2) Provide PGCIL and ULDC charges directly in Form 1.
C7: FY 2022-23
C8: (A) Long Term and Firm Contracts
C10: Name of Transmission service provider | D10: Load not eligible for Open Access | G10: Open Access | P10: Remarks
G11: Load Eligible for Open Access | J11: Availed (within area of supply) | M11: Availed ( Outside Area of supply)
D12: MW | E12: Tariff (Rs./kW/ month) | F12: Cost (Rs. Crs.) | G12: MW | H12: Tariff (Rs./kW/ month) | I12: Cost (Rs. Crs.) | J12: MW | K12: Tariff (Rs./kW/ month) | L12: Cost (Rs. Crs.) | M12: MW | N12: Tariff (Rs./kW/ month) | O12: Cost (Rs. Crs.)
B13: 1005 | C13: APTRANSCO | D13: =4755-G13 -> 3866.399 | E13: 173.79 | F13: =D13*1000*E13*12/10^7 -> 806.32978 | G13: 888.601 | H13: 173.79 | I13: =G13*1000*H13*12/10^7 -> 185.31596 | O13: =F13+I13 -> 991.64574 | Z13: Long Term
C14: APTRANSCO Diff Transmission Charges(11.06.2017 to 31.01.2018) | Z14: Long Term
C15: Differential Transmission Charges | O15: -98.29674 | Z15: Long Term
Z16: Long Term
C17: Total | D17: =SUM(D13:D16) -> 3866.399 | F17: =SUM(F13:F16) -> 806.32978 | G17: =SUM(G13:G16) -> 888.601 | I17: =SUM(I13:I16) -> 185.31596 | J17: =SUM(J13:J16) -> 0 | L17: =SUM(L13:L16) -> 0 | M17: =SUM(M13:M16) -> 0 | O17: =SUM(O13:O16) -> 893.349
C18: (B) Short Term and Temporary Contracts
C19: Name of Transmission service provider | D19: Load not eligible for Open Access | G19: Open Access | P19: Remarks
G20: Load Eligible for Open Access | J20: Availed (within area of supply) | M20: Availed ( Outside Area of supply)
D21: MW | E21: Tariff (Rs./kW/ month) | F21: Cost (Rs. Crs.) | G21: MW | H21: Tariff (Rs./kW/ month) | I21: Cost (Rs. Crs.) | J21: MW | K21: Tariff (Rs./kW/ month) | L21: Cost (Rs. Crs.) | M21: MW | N21: Tariff (Rs./kW/ month) | O21: Cost (Rs. Crs.)
B22: 1005 | C22: APTRANSCO | Z22: Short Term
Z23: Short Term
C24: Total | D24: =SUM(D22:D23) -> 0 | F24: =SUM(F22:F23) -> 0 | G24: =SUM(G22:G23) -> 0 | I24: =SUM(I22:I23) -> 0 | J24: =SUM(J22:J23) -> 0 | L24: =SUM(L22:L23) -> 0 | M24: =SUM(M22:M23) -> 0 | O24: =SUM(O22:O23) -> 0
C26: Total Long term + Short term Contracts ((A) + (B)) | D26: =SUM(D17,D24) -> 3866.399 | F26: =SUM(F17,F24) -> 806.32978 | G26: =SUM(G17,G24) -> 888.601 | I26: =SUM(I17,I24) -> 185.31596 | J26: =SUM(J17,J24) -> 0 | L26: =SUM(L17,L24) -> 0 | M26: =SUM(M17,M24) -> 0 | O26: =SUM(O17,O24) -> 893.349
C28: =Notes!$C$5 -> Base Year
C29: (A) Long Term and Firm Contracts
C31: Name of Transmission service provider | D31: Load not eligible for Open Access | G31: Open Access | P31: Remarks
G32: Load Eligible for Open Access | J32: Availed (within area of supply) | M32: Availed ( Outside Area of supply)
D33: MW | E33: Tariff (Rs./kW/ month) | F33: Cost (Rs. Crs.) | G33: MW | H33: Tariff (Rs./kW/ month) | I33: Cost (Rs. Crs.) | J33: MW | K33: Tariff (Rs./kW/ month) | L33: Cost (Rs. Crs.) | M33: MW | N33: Tariff (Rs./kW/ month) | O33: Cost (Rs. Crs.)
B34: 1005 | C34: APTRANSCO | D34: =5149-G34 -> 4171.5389 | E34: 188.38 | F34: =D34*1000*E34*12/10^7 -> 943.0014 | G34: =G13*1.1 -> 977.4611 | H34: =E34 -> 188.38 | I34: =G34*1000*H34*12/10^7 -> 220.96095 | O34: =F34+I34 -> 1163.9623 | Z34: Long Term
Z35: Long Term
Z36: Long Term
Z37: Long Term
C38: Total | D38: =SUM(D34:D37) -> 4171.5389 | E38: =E34 -> 188.38 | F38: =SUM(F34:F37) -> 943.0014 | G38: =SUM(G34:G37) -> 977.4611 | H38: =H34 -> 188.38 | I38: =SUM(I34:I37) -> 220.96095 | J38: =SUM(J34:J37) -> 0 | L38: =SUM(L34:L37) -> 0 | M38: =SUM(M34:M37) -> 0 | O38: =SUM(O34:O37) -> 1163.9623
C39: (B) Short Term and Temporary Contracts
C40: Name of Transmission service provider | D40: Load not eligible for Open Access | G40: Open Access | P40: Remarks
G41: Load Eligible for Open Access | J41: Availed (within area of supply) | M41: Availed ( Outside Area of supply)
D42: MW | E42: Tariff (Rs./kW/ month) | F42: Cost (Rs. Crs.) | G42: MW | H42: Tariff (Rs./kW/ month) | I42: Cost (Rs. Crs.) | J42: MW | K42: Tariff (Rs./kW/ month) | L42: Cost (Rs. Crs.) | M42: MW | N42: Tariff (Rs./kW/ month) | O42: Cost (Rs. Crs.)
B43: 1005 | C43: APTRANSCO | Z43: Short Term
Z44: Short Term
Z45: Short Term
Z46: Short Term
Z47: Short Term
Z48: Short Term
Z49: Short Term
Z50: Short Term
Z51: Short Term
Z52: Short Term
C53: Total | D53: =SUM(D43:D52) -> 0 | F53: =SUM(F43:F52) -> 0 | G53: =SUM(G43:G52) -> 0 | I53: =SUM(I43:I52) -> 0 | J53: =SUM(J43:J52) -> 0 | L53: =SUM(L43:L52) -> 0 | M53: =SUM(M43:M52) -> 0 | O53: =SUM(O43:O52) -> 0
C55: Total Long term + Short term Contracts ((A) + (B)) | D55: =SUM(D38,D53) -> 4171.5389 | E55: =E38 -> 188.38 | F55: =SUM(F38,F53) -> 943.0014 | G55: =SUM(G38,G53) -> 977.4611 | H55: =H34 -> 188.38 | I55: =SUM(I38,I53) -> 220.96095 | J55: =SUM(J38,J53) -> 0 | L55: =SUM(L38,L53) -> 0 | M55: =SUM(M38,M53) -> 0 | O55: =SUM(O38,O53) -> 1163.9623
C57: =Notes!$C$6 -> FY 2024-25 | D57: Year 1
C58: (A) Long Term and Firm Contracts
C60: Name of Transmission service provider | D60: Load not eligible for Open Access | G60: Open Access | P60: Remarks
G61: Load Eligible for Open Access | J61: Availed (within area of supply) | M61: Availed ( Outside Area of supply)
D62: MW | E62: Tariff (Rs./kW/ month) | F62: Cost (Rs. Crs.) | G62: MW | H62: Tariff (Rs./kW/ month) | I62: Cost (Rs. Crs.) | J62: MW | K62: Tariff (Rs./kW/ month) | L62: Cost (Rs. Crs.) | M62: MW | N62: Tariff (Rs./kW/ month) | O62: Cost (Rs. Crs.)
B63: 1005 | C63: APTRANSCO | D63: =5149-G63 -> 4169 | E63: =E34*1.15 -> 216.637 | F63: =D63*1000*E63*12/10^7 -> 1083.7916 | G63: ='1.3|Dist Cost'!G85+'1.3|Dist Cost'!G86 -> 980 | H63: =E63 -> 216.637 | I63: =G63*1000*H63*12/10^7 -> 254.76511 | O63: =F63+I63 -> 1338.5567 | Z63: Long Term
Z64: Long Term
Z65: Long Term
Z66: Long Term
C67: Total | D67: =SUM(D63:D66) -> 4169 | E67: =E63 -> 216.637 | F67: =SUM(F63:F66) -> 1083.7916 | G67: =G63 -> 980 | H67: =H63 -> 216.637 | I67: =SUM(I63:I66) -> 254.76511 | J67: =SUM(J63:J66) -> 0 | L67: =SUM(L63:L66) -> 0 | M67: =SUM(M63:M66) -> 0 | O67: =SUM(O63:O66) -> 1338.5567
C68: (B) Short Term and Temporary Contracts
C69: Name of Transmission service provider | D69: Load not eligible for Open Access | G69: Open Access | P69: Remarks
G70: Load Eligible for Open Access | J70: Availed (within area of supply) | M70: Availed ( Outside Area of supply)
D71: MW | E71: Tariff (Rs./kW/ month) | F71: Cost (Rs. Crs.) | G71: MW | H71: Tariff (Rs./kW/ month) | I71: Cost (Rs. Crs.) | J71: MW | K71: Tariff (Rs./kW/ month) | L71: Cost (Rs. Crs.) | M71: MW | N71: Tariff (Rs./kW/ month) | O71: Cost (Rs. Crs.)
B72: 1005 | C72: APTRANSCO | Z72: Short Term
Z73: Short Term
Q74: -4.0908448 | Z74: Short Term
Z75: Short Term
Z76: Short Term
Z77: Short Term
Z78: Short Term
Z79: Short Term
Z80: Short Term
Z81: Short Term
C82: Total | D82: =SUM(D72:D81) -> 0 | F82: =SUM(F72:F81) -> 0 | G82: =SUM(G72:G81) -> 0 | I82: =SUM(I72:I81) -> 0 | J82: =SUM(J72:J81) -> 0 | L82: =SUM(L72:L81) -> 0 | M82: =SUM(M72:M81) -> 0 | O82: =SUM(O72:O81) -> 0
C84: Total Long term + Short term Contracts ((A) + (B)) | D84: =SUM(D67,D82) -> 4169 | E84: =E63 -> 216.637 | F84: =SUM(F67,F82) -> 1083.7916 | G84: =SUM(G67,G82) -> 980 | H84: =H63 -> 216.637 | I84: =SUM(I67,I82) -> 254.76511 | J84: =SUM(J67,J82) -> 0 | L84: =SUM(L67,L82) -> 0 | M84: =SUM(M67,M82) -> 0 | O84: =SUM(O67,O82) -> 1338.5567

Sheet 1.2|SLDC
A1: Index sheet
C3: Form 1.2 | D3: SLDC Charges
C5: SLDC Charges to be segregated between Load not eligible for Open Access, Load eligible for Open Access, Load within the area of supply and availing power under Open Access as per Section 42 and 49 of E ACT.(Refer to Notes for the relevant definitions.)
C6: Loads Eligible for Open Access is as per Section 8.1 of Regulation 2 of 2005 of APERC See Notes Sheet for Phasing of Open Access in the state of Andhra Pradesh.
C8: FY 2022-23
D9: Annual Fee | G9: Charges | J9: Total Cost (Rs. Crs.) | K9: Remarks
D10: MW | E10: Tariff (Rs./MW/year) | F10: Cost (Rs. Crs.) | G10: MW | H10: Tariff (Rs./MW/ month) | I10: Cost (Rs. Crs.) | J10: Total Cost (Rs. Crs.)
B11: 1001 | C11: Load not eligible for Open Access | D11: =4562-D13 -> 3673.399 | E11: 4997.87 | F11: =D11*E11/10^7 -> 1.8359171 | G11: =+D11 -> 3673.399 | H11: 2150.21 | I11: =G11*H11*12/10^7 -> 9.4782951 | J11: =SUM(F11,I11) -> 11.314212
C12: Open Access
B13: 1002 | C13: Load Eligible for Open Access | D13: ='1.1|Trans Cost'!G13 -> 888.601 | E13: =+E11 -> 4997.87 | F13: =D13*E13/10^7 -> 0.44411123 | G13: =+D13 -> 888.601 | H13: =+H11 -> 2150.21 | I13: =G13*H13*12/10^7 -> 2.2928145 | J13: =SUM(F13,I13) -> 2.7369257 | L13: =J11+J13 -> 14.051138
B14: 1003 | C14: Availed (within area of supply) | F14: =D14*E14/10^7 -> 0 | I14: =G14*H14*12/10^7 -> 0 | J14: =SUM(F14,I14) -> 0 | L14: =J11+J13 -> 14.051138
B15: 1004 | C15: Availed ( Outside Area of supply) | F15: =D15*E15/10^7 -> 0 | J15: =SUM(F15,I15) -> 0
C16: SLDC charges adjusted
C17: =Notes!$C$5 -> Base Year
D18: Annual Fee | G18: Charges | J18: Total Cost (Rs. Crs.) | K18: Remarks
D19: MW | E19: Tariff (Rs./MW/year) | F19: Cost (Rs. Crs.) | G19: MW | H19: Tariff (Rs./MW/ month) | I19: Cost (Rs. Crs.) | J19: Total Cost (Rs. Crs.)
B20: 1001 | C20: Load not eligible for Open Access | D20: =8289-D22 -> 7311.5389 | E20: 6382.27 | F20: =D20*E20/10^7 -> 4.6664215 | G20: =+D20 -> 7311.5389 | H20: 2235.65 | I20: =G20*H20*12/10^7 -> 19.61525 | J20: =SUM(F20,I20) -> 24.281672
C21: Open Access
B22: 1002 | C22: Load Eligible for Open Access | D22: ='1.1|Trans Cost'!G34 -> 977.4611 | E22: =+E20 -> 6382.27 | F22: =D22*E22/10^7 -> 0.62384207 | G22: =+D22 -> 977.4611 | H22: =+H20 -> 2235.65 | I22: =G22*H22*12/10^7 -> 2.6223131 | J22: =SUM(F22,I22) -> 3.2461552
B23: 1003 | C23: Availed (within area of supply) | F23: =D23*E23/10^7 -> 0 | I23: =G23*H23*12/10^7 -> 0 | J23: =SUM(F23,I23) -> 0
B24: 1004 | C24: Availed ( Outside Area of supply) | F24: =D24*E24/10^7 -> 0 | J24: =SUM(F24,I24) -> 0
J25: =SUM(F25,I25) -> 0
A29: Year 1 | C29: =Notes!$C$6 -> FY 2024-25
D30: Annual Fee | G30: Charges | J30: Total Cost (Rs. Crs.) | K30: Remarks
D31: MW | E31: Tariff (Rs./MW/year) | F31: Cost (Rs. Crs.) | G31: MW | H31: Tariff (Rs./MW/ month) | I31: Cost (Rs. Crs.) | J31: Total Cost (Rs. Crs.)
B32: 1001 | C32: Load not eligible for Open Access | D32: =8289-D34 -> 7309 | E32: =E20*1.15 -> 7339.6105 | F32: =D32*E32/10^7 -> 5.3645213 | G32: =+D32 -> 7309 | H32: =H20*1.15 -> 2570.9975 | I32: =G32*H32*12/10^7 -> 22.549705 | J32: =SUM(F32,I32) -> 27.914226
C33: Open Access
B34: 1002 | C34: Load Eligible for Open Access | D34: ='1.1|Trans Cost'!G63 -> 980 | E34: =E32 -> 7339.6105 | F34: =D34*E34/10^7 -> 0.71928183 | G34: =+D34 -> 980 | H34: =H32 -> 2570.9975 | I34: =G34*H34*12/10^7 -> 3.0234931 | J34: =SUM(F34,I34) -> 3.7427749
B35: 1003 | C35: Availed (within area of supply) | F35: =D35*E35/10^7 -> 0 | I35: =G35*H35*12/10^7 -> 0 | J35: =SUM(F35,I35) -> 0
B36: 1004 | C36: Availed ( Outside Area of supply) | F36: =D36*E36/10^7 -> 0 | I36: =G36*H36*12/10^7 -> 0 | J36: =SUM(F36,I36) -> 0

Sheet 1.3|Dist Cost
A1: Index sheet
C3: Form 1.3 | D3: Distribution Cost
C5: Distribution Cost to be segregated between Load not eligible for Open Access, Load eligible for Open Access, Load within the area of supply and availing power under Open Access as per Section 42 and 49 of E ACT.(Refer to Notes for the relevant definitions.)
C6: Loads Eligible for Open Access is as per Section 8.1 of Regulation 2 of 2005 of APERC See Notes Sheet for Phasing of Open Access in the state of Andhra Pradesh.
C8: FY 2022-23
C9: (A) Long Term and Firm Contracts
C11: Name of Distribution service provider | D11: Load not eligible for Open Access | G11: Open Access | P11: Remarks
G12: Load Eligible for Open Access | J12: Availed (within area of supply) | M12: Availed ( Outside Area of supply)
D13: MW | E13: Tariff (Rs./kW/month) | F13: Cost (Rs. Crs.) | G13: MW | H13: Tariff (Rs./kW/month) | I13: Cost (Rs. Crs.) | J13: MW | K13: Tariff (Rs./kW/month) | L13: Cost (Rs. Crs.) | M13: MW | N13: Tariff (Rs./kW/month) | O13: Cost (Rs. Crs.)
C14: EPDCL ( 33 KV) | D14: =924-G14 -> 158.572 | E14: 54.73 | F14: =D14*E14*12*1000/10^7 -> 10.414375 | G14: 765.428 | H14: 54.73 | I14: =G14*H14*12*1000/10^7 -> 50.270249 | L14: =F14+I14 -> 60.684624 | Z14: Long Term
C15: EPDCL ( 11 KV) | D15: =1204-G15 -> 1080.827 | E15: 427.5 | F15: =D15*E15*12*1000/10^7 -> 554.46425 | G15: 123.173 | H15: 427.5 | I15: =G15*H15*12*1000/10^7 -> 63.187749 | L15: =F15+I15 -> 617.652 | Z15: Long Term
C16: EPDCL LT | D16: 2348 | E16: 726.98 | F16: =D16*E16*12*1000/10^7 -> 2048.3388 | L16: =F16+I16 -> 2048.3388 | Z16: Long Term
C17: Total ( Non Eligible OA Cost) | Z17: Long Term
C18: Distribution cost adjusted | L18: -1063.7706 | Z18: Long Term
Z19: Long Term
Z20: Long Term
Z21: Long Term
Z22: Long Term
Z23: Long Term
C24: Total | D24: =SUM(D14:D23) -> 3587.399 | F24: =SUM(F14:F23) -> 2613.2175 | G24: =SUM(G14:G23) -> 888.601 | I24: =SUM(I14:I23) -> 113.458 | J24: =SUM(J14:J23) -> 0 | L24: =SUM(L14:L23) -> 1662.9049 | M24: =SUM(M14:M23) -> 0 | O24: =SUM(O14:O23) -> 0
C25: (B) Short Term and Temporary Contracts
C26: Name of Distribution service provider | D26: Load not eligible for Open Access | G26: Open Access | P26: Remarks
G27: Load Eligible for Open Access | J27: Availed (within area of supply) | M27: Availed ( Outside Area of supply)
D28: MW | E28: Tariff (Rs./kW/month) | F28: Cost (Rs. Crs.) | G28: MW | H28: Tariff (Rs./kW/month) | I28: Cost (Rs. Crs.) | J28: MW | K28: Tariff (Rs./kW/month) | L28: Cost (Rs. Crs.) | M28: MW | N28: Tariff (Rs./kW/month) | O28: Cost (Rs. Crs.)
Z29: Short Term
Z30: Short Term
Z31: Short Term
Z32: Short Term
Z33: Short Term
Z34: Short Term
Z35: Short Term
Z36: Short Term
Z37: Short Term
Z38: Short Term
C39: Total | D39: =SUM(D29:D38) -> 0 | F39: =SUM(F29:F38) -> 0 | G39: =SUM(G29:G38) -> 0 | I39: =SUM(I29:I38) -> 0 | J39: =SUM(J29:J38) -> 0 | L39: =SUM(L29:L38) -> 0 | M39: =SUM(M29:M38) -> 0 | O39: =SUM(O29:O38) -> 0
C41: Total Long term + Short term Contracts ((A) + (B)) | D41: =SUM(D24,D39) -> 3587.399 | F41: =SUM(F24,F39) -> 2613.2175 | G41: =SUM(G24,G39) -> 888.601 | I41: =SUM(I24,I39) -> 113.458 | J41: =SUM(J24,J39) -> 0 | L41: =SUM(L24,L39) -> 1662.9049 | M41: =SUM(M24,M39) -> 0 | O41: =SUM(O24,O39) -> 0
C42: =Notes!$C$5 -> Base Year
C44: (A) Long Term and Firm Contracts
C46: Name of Distribution service provider | D46: Load not eligible for Open Access | G46: Open Access | P46: Remarks
G47: Load Eligible for Open Access | J47: Availed (within area of supply) | M47: Availed ( Outside Area of supply)
D48: MW | E48: Tariff (Rs./kW/month) | F48: Cost (Rs. Crs.) | G48: MW | H48: Tariff (Rs./kW/month) | I48: Cost (Rs. Crs.) | J48: MW | K48: Tariff (Rs./kW/month) | L48: Cost (Rs. Crs.) | M48: MW | N48: Tariff (Rs./kW/month) | O48: Cost (Rs. Crs.)
C49: EPDCL ( 33 KV) | D49: =1025-G49 -> 183.0292 | E49: 61.92 | F49: =D49*E49*12*1000/10^7 -> 13.599802 | G49: =G14*1.1 -> 841.9708 | H49: =E49 -> 61.92 | I49: =G49*H49*12*1000/10^7 -> 62.561798 | L49: =F49+I49 -> 76.1616 | R49: 1045 | Z49: Long Term
C50: EPDCL ( 11 KV) | D50: =1309-G50 -> 1173.5097 | E50: 489.07 | F50: =D50*E50*12*1000/10^7 -> 688.71407 | G50: =G15*1.1 -> 135.4903 | H50: =E50 -> 489.07 | I50: =G50*H50*12*1000/10^7 -> 79.517089 | L50: =F50+I50 -> 768.23116 | R50: 1309 | Z50: Long Term
C51: EPDCL LT | D51: 2497 | E51: 836.76 | F51: =D51*E51*12*1000/10^7 -> 2507.2677 | L51: =F51+I51 -> 2507.2677 | R51: 2497 | Z51: Long Term
C52: Total ( Non Eligible OA Cost) | Z52: Long Term
Z53: Long Term
Z54: Long Term
Z55: Long Term
Z56: Long Term
Z57: Long Term
Z58: Long Term
C59: Total | D59: =SUM(D49:D58) -> 3853.5389 | F59: =SUM(F49:F58) -> 3209.5815 | G59: =SUM(G49:G58) -> 977.4611 | I59: =SUM(I49:I58) -> 142.07889 | J59: =SUM(J49:J58) -> 0 | L59: =SUM(L49:L58) -> 3351.6604 | M59: =SUM(M49:M58) -> 0 | O59: =SUM(O49:O58) -> 0
C60: (B) Short Term and Temporary Contracts
C61: Name of Distribution service provider | D61: Load not eligible for Open Access | G61: Open Access | P61: Remarks
G62: Load Eligible for Open Access | J62: Availed (within area of supply) | M62: Availed ( Outside Area of supply)
D63: MW | E63: Tariff (Rs./kW/month) | F63: Cost (Rs. Crs.) | G63: MW | H63: Tariff (Rs./kW/month) | I63: Cost (Rs. Crs.) | J63: MW | K63: Tariff (Rs./kW/month) | L63: Cost (Rs. Crs.) | M63: MW | N63: Tariff (Rs./kW/month) | O63: Cost (Rs. Crs.)
Z64: Short Term
Z65: Short Term
Z66: Short Term
Z67: Short Term
Z68: Short Term
Z69: Short Term
Z70: Short Term
Z71: Short Term
Z72: Short Term
Z73: Short Term
C74: Total | D74: =SUM(D64:D73) -> 0 | F74: =SUM(F64:F73) -> 0 | G74: =SUM(G64:G73) -> 0 | I74: =SUM(I64:I73) -> 0 | J74: =SUM(J64:J73) -> 0 | L74: =SUM(L64:L73) -> 0 | M74: =SUM(M64:M73) -> 0 | O74: =SUM(O64:O73) -> 0
C76: Total Long term + Short term Contracts ((A) + (B)) | D76: =SUM(D59,D74) -> 3853.5389 | F76: =SUM(F59,F74) -> 3209.5815 | G76: =SUM(G59,G74) -> 977.4611 | I76: =SUM(I59,I74) -> 142.07889 | J76: =SUM(J59,J74) -> 0 | L76: =SUM(L59,L74) -> 3351.6604 | M76: =SUM(M59,M74) -> 0 | O76: =SUM(O59,O74) -> 0
A79: Yr 1 | C79: =Notes!$C$6 -> FY 2024-25
C80: (A) Long Term and Firm Contracts
C82: Name of Distribution service provider | D82: Load not eligible for Open Access | G82: Open Access | P82: Remarks
G83: Load Eligible for Open Access | J83: Availed (within area of supply) | M83: Availed ( Outside Area of supply)
D84: MW | E84: Tariff (Rs./kW/month) | F84: Cost (Rs. Crs.) | G84: MW | H84: Tariff (Rs./kW/month) | I84: Cost (Rs. Crs.) | J84: MW | K84: Tariff (Rs./kW/month) | L84: Cost (Rs. Crs.) | M84: MW | N84: Tariff (Rs./kW/month) | O84: Cost (Rs. Crs.)
C85: EPDCL ( 33 KV) | D85: 0 | E85: 64.260377 | F85: =(D85*E85*12*10^3)/10^7 -> 0 | G85: 494.64834 | H85: 64.260377 | I85: =G85*H85*12*1000/10^7 -> 38.143546 | Z85: Long Term
C86: EPDCL ( 11 KV) | D86: =698.632255466721-G86 -> 213.2806 | E86: 671.47607 | F86: =(D86*E86*12*10^3)/10^7 -> 171.85538 | G86: 485.35166 | H86: 671.47607 | I86: =G86*H86*12*1000/10^7 -> 391.08243 | Z86: Long Term
C87: EPDCL LT | D87: 2202.3049 | E87: 855.80226 | F87: =(D87*E87*12*10^3)/10^7 -> 2261.685 | Z87: Long Term
C88: Total ( Non Eligible OA Cost) | D88: =SUM(D85:D87) -> 2415.5855 | F88: =SUM(F85:F87) -> 2433.5404 | Z88: Long Term
Z89: Long Term
Z90: Long Term
C91: Total | D91: =D88 -> 2415.5855 | F91: =SUM(F88:F90) -> 2433.5404 | G91: =SUM(G85:G90) -> 980 | I91: =SUM(I85:I90) -> 429.22598 | J91: =SUM(J85:J90) -> 0 | L91: =SUM(L85:L90) -> 0 | M91: =SUM(M85:M90) -> 0 | O91: =SUM(O85:O90) -> 0
C92: (B) Short Term and Temporary Contracts
C93: Name of Distribution service provider | D93: Load not eligible for Open Access | G93: Open Access | P93: Remarks
G94: Load Eligible for Open Access | J94: Availed (within area of supply) | M94: Availed ( Outside Area of supply)
D95: MW | E95: Tariff (Rs./kW/month) | F95: Cost (Rs. Crs.) | G95: MW | H95: Tariff (Rs./kW/month) | I95: Cost (Rs. Crs.) | J95: MW | K95: Tariff (Rs./kW/month) | L95: Cost (Rs. Crs.) | M95: MW | N95: Tariff (Rs./kW/month) | O95: Cost (Rs. Crs.)
Z96: Short Term
C97: Total | D97: =SUM(D96:D96) -> 0 | F97: =SUM(F96:F96) -> 0 | G97: =SUM(G96:G96) -> 0 | I97: =SUM(I96:I96) -> 0 | J97: =SUM(J96:J96) -> 0 | L97: =SUM(L96:L96) -> 0 | M97: =SUM(M96:M96) -> 0 | O97: =SUM(O96:O96) -> 0
C99: Total Long term + Short term Contracts ((A) + (B)) | D99: =SUM(D91,D97) -> 2415.5855 | F99: =SUM(F91,F97) -> 2433.5404 | G99: =SUM(G91,G97) -> 980 | I99: =SUM(I91,I97) -> 429.22598 | J99: =SUM(J91,J97) -> 0 | L99: =SUM(L91,L97) -> 0 | M99: =SUM(M91,M97) -> 0 | O99: =SUM(O91,O97) -> 0 | R99: =F99+I99 -> 2862.7663

Sheet 1.4| PP Cost-Reg
AM1: 1
AM2: 2
C3: Form 1.4 | D3: Power Purchase and Procurement Cost (For Regulated Business#)
C5: #Refer to Notes for the definition
C8: FY 2022-23
C9: Generating Station | D9: D Link | E9: Plant Type Must Run = 1 Others = 2 | F9: Plant Capacity | G9: DISCOM's share | H9: DISCOM's share | I9: Availability and Dispatch (MU) | K9: Cost (Rs. Crs.) | Q9: Unit Cost (Rs. / kWh) | W9: Remarks
F10: (MW) | G10: (%) | H10: (MW) | I10: Net Availability | J10: Dispatch | K10: Fixed | L10: Variable | M10: Incentive | N10: Inc. Tax | O10: Others | P10: Total | Q10: Fixed | R10: Incentives | S10: Income Tax | T10: Others | U10: Variable | V10: Total
C11: APGENCO
C12: Thermal
C13: VTPS I | I13: 960.83933 | J13: 832.493 | K13: 76.590957 | L13: 327.02061 | P13: =SUM(K13:O13) -> 403.61157 | Q13: =IF(J13=0,0,K13/J13*10) -> 0.92001923 | R13: =IF(J13=0,0,M13/J13*10) -> 0 | S13: =IF(J13=0,0,N13/J13*10) -> 0 | T13: =IF(J13=0,0,O13/J13*10) -> 0 | U13: =IF(J13=0,0,L13/J13*10) -> 3.9282085 | V13: =IF(J13=0,0,P13/J13*10) -> 4.8482277
A14: 10001 | C14: VTPS II | I14: 960.83933 | J14: 832.493 | K14: 76.590957 | L14: 327.02061 | P14: =SUM(K14:O14) -> 403.61157 | Q14: =IF(J14=0,0,K14/J14*10) -> 0.92001923 | R14: =IF(J14=0,0,M14/J14*10) -> 0 | S14: =IF(J14=0,0,N14/J14*10) -> 0 | T14: =IF(J14=0,0,O14/J14*10) -> 0 | U14: =IF(J14=0,0,L14/J14*10) -> 3.9282085 | V14: =IF(J14=0,0,P14/J14*10) -> 4.8482277
A15: 10002 | C15: VTPS III | I15: 960.83933 | J15: 832.493 | K15: 76.590957 | L15: 327.02061 | P15: =SUM(K15:O15) -> 403.61157 | Q15: =IF(J15=0,0,K15/J15*10) -> 0.92001923 | R15: =IF(J15=0,0,M15/J15*10) -> 0 | S15: =IF(J15=0,0,N15/J15*10) -> 0 | T15: =IF(J15=0,0,O15/J15*10) -> 0 | U15: =IF(J15=0,0,L15/J15*10) -> 3.9282085 | V15: =IF(J15=0,0,P15/J15*10) -> 4.8482277
A16: 10003 | C16: VTPS IV | I16: 1139.1987 | J16: 1169.8403 | K16: 103.82825 | L16: 420.86064 | P16: =SUM(K16:O16) -> 524.68889 | Q16: =IF(J16=0,0,K16/J16*10) -> 0.88754213 | R16: =IF(J16=0,0,M16/J16*10) -> 0 | S16: =IF(J16=0,0,N16/J16*10) -> 0 | T16: =IF(J16=0,0,O16/J16*10) -> 0 | U16: =IF(J16=0,0,L16/J16*10) -> 3.5975906 | V16: =IF(J16=0,0,P16/J16*10) -> 4.4851328
A17: 10012 | C17: RTPP I | I17: 703.60248 | J17: 685.26512 | K17: 74.181432 | L17: 293.81333 | P17: =SUM(K17:O17) -> 367.99476 | Q17: =IF(J17=0,0,K17/J17*10) -> 1.0825216 | R17: =IF(J17=0,0,M17/J17*10) -> 0 | S17: =IF(J17=0,0,N17/J17*10) -> 0 | T17: =IF(J17=0,0,O17/J17*10) -> 0 | U17: =IF(J17=0,0,L17/J17*10) -> 4.2875862 | V17: =IF(J17=0,0,P17/J17*10) -> 5.3701078
A18: 10004 | C18: RTPP Stage-II | I18: 842.24901 | J18: 898.77764 | K18: 95.58458 | L18: 386.80784 | P18: =SUM(K18:O18) -> 482.39242 | Q18: =IF(J18=0,0,K18/J18*10) -> 1.0634953 | R18: =IF(J18=0,0,M18/J18*10) -> 0 | S18: =IF(J18=0,0,N18/J18*10) -> 0 | T18: =IF(J18=0,0,O18/J18*10) -> 0 | U18: =IF(J18=0,0,L18/J18*10) -> 4.3037101 | V18: =IF(J18=0,0,P18/J18*10) -> 5.3672054
A19: 10011 | C19: RTPP Stage-III | I19: 431.20634 | J19: 440.87871 | K19: 61.769588 | L19: 190.07596 | P19: =SUM(K19:O19) -> 251.84555 | Q19: =IF(J19=0,0,K19/J19*10) -> 1.4010563 | R19: =IF(J19=0,0,M19/J19*10) -> 0 | S19: =IF(J19=0,0,N19/J19*10) -> 0 | T19: =IF(J19=0,0,O19/J19*10) -> 0 | U19: =IF(J19=0,0,L19/J19*10) -> 4.3112982 | V19: =IF(J19=0,0,P19/J19*10) -> 5.7123545
A20: 10013 | C20: RTPP IV | J20: 1038.853 | K20: 194.96512 | L20: 419.92463 | P20: =SUM(K20:O20) -> 614.88975 | Q20: =IF(J20=0,0,K20/J20*10) -> 1.8767344 | R20: =IF(J20=0,0,M20/J20*10) -> 0 | S20: =IF(J20=0,0,N20/J20*10) -> 0 | T20: =IF(J20=0,0,O20/J20*10) -> 0 | U20: =IF(J20=0,0,L20/J20*10) -> 4.042195 | V20: =IF(J20=0,0,P20/J20*10) -> 5.9189294
A21: 10005 | C21: Damodaram Sanjeevaiah Thermal power plant - I | J21: 1046.9185 | K21: 264.68364 | L21: 338.49582 | P21: =SUM(K21:O21) -> 603.17946 | Q21: =IF(J21=0,0,K21/J21*10) -> 2.5282164 | R21: =IF(J21=0,0,M21/J21*10) -> 0 | S21: =IF(J21=0,0,N21/J21*10) -> 0 | T21: =IF(J21=0,0,O21/J21*10) -> 0 | U21: =IF(J21=0,0,L21/J21*10) -> 3.2332587 | V21: =IF(J21=0,0,P21/J21*10) -> 5.7614751
C22: Damodaram Sanjeevaiah Thermal power plant - II | I22: 1951.5771 | J22: 926.37178 | K22: 264.68364 | L22: 299.59254 | P22: =SUM(K22:O22) -> 564.27619 | Q22: =IF(J22=0,0,K22/J22*10) -> 2.8572076 | R22: =IF(J22=0,0,M22/J22*10) -> 0 | S22: =IF(J22=0,0,N22/J22*10) -> 0 | T22: =IF(J22=0,0,O22/J22*10) -> 0 | U22: =IF(J22=0,0,L22/J22*10) -> 3.2340422 | V22: =IF(J22=0,0,P22/J22*10) -> 6.0912498
C23: Damodaram Sanjeevaiah Thermal power Stage - II, Unit-3 | I23: 0 | J23: 42.431361 | K23: 6.0669721 | L23: 13.323447 | P23: =SUM(K23:O23) -> 19.390419 | Q23: =IF(J23=0,0,K23/J23*10) -> 1.4298321 | R23: =IF(J23=0,0,M23/J23*10) -> 0 | S23: =IF(J23=0,0,N23/J23*10) -> 0 | T23: =IF(J23=0,0,O23/J23*10) -> 0 | U23: =IF(J23=0,0,L23/J23*10) -> 3.14 | V23: =IF(J23=0,0,P23/J23*10) -> 4.5698321
C24: RTPP Stage-IV (Differential cost ) | I24: 1212.182 | J24: 0 | K24: -131.54647 | L24: 85.483949 | P24: =SUM(K24:O24) -> -46.062521 | Q24: =IF(J24=0,0,K24/J24*10) -> 0 | R24: =IF(J24=0,0,M24/J24*10) -> 0 | S24: =IF(J24=0,0,N24/J24*10) -> 0 | T24: =IF(J24=0,0,O24/J24*10) -> 0 | U24: =IF(J24=0,0,L24/J24*10) -> 0 | V24: =IF(J24=0,0,P24/J24*10) -> 0
C25: APPDCL Stage-II Unit III Infirm Power | J25: 208.00132 | K25: 0 | L25: 85.54903 | P25: =SUM(K25:O25) -> 85.54903 | Q25: =IF(J25=0,0,K25/J25*10) -> 0 | R25: =IF(J25=0,0,M25/J25*10) -> 0 | S25: =IF(J25=0,0,N25/J25*10) -> 0 | T25: =IF(J25=0,0,O25/J25*10) -> 0 | U25: =IF(J25=0,0,L25/J25*10) -> 4.1129081 | V25: =IF(J25=0,0,P25/J25*10) -> 4.1129081
C26: FPPCA Adjustment F.Y21-22 | J26: 0 | K26: 0 | L26: -97.86 | P26: =SUM(K26:O26) -> -97.86 | Q26: =IF(J26=0,0,K26/J26*10) -> 0 | R26: =IF(J26=0,0,M26/J26*10) -> 0 | S26: =IF(J26=0,0,N26/J26*10) -> 0 | T26: =IF(J26=0,0,O26/J26*10) -> 0 | U26: =IF(J26=0,0,L26/J26*10) -> 0 | V26: =IF(J26=0,0,P26/J26*10) -> 0
C27: FCA CLAIMS FY 22-23 | I27: 0 | J27: 0 | K27: 0 | L27: 14.546593 | P27: =SUM(K27:O27) -> 14.546593 | Q27: =IF(J27=0,0,K27/J27*10) -> 0 | R27: =IF(J27=0,0,M27/J27*10) -> 0 | S27: =IF(J27=0,0,N27/J27*10) -> 0 | T27: =IF(J27=0,0,O27/J27*10) -> 0 | U27: =IF(J27=0,0,L27/J27*10) -> 0 | V27: =IF(J27=0,0,P27/J27*10) -> 0
C28: TOTAL THERMAL | I28: =SUM(I13:I27) -> 9162.5336 | J28: =SUM(J13:J27) -> 8954.8166 | K28: =SUM(K13:K27) -> 1163.9896 | L28: =SUM(L13:L27) -> 3431.6756 | M28: =SUM(M13:M27) -> 0 | N28: =SUM(N13:N27) -> 0 | O28: =SUM(O13:O27) -> 0 | P28: =SUM(P13:P27) -> 4595.6652 | Q28: =IF(J28=0,0,K28/J28*10) -> 1.2998475 | R28: =IF(J28=0,0,M28/J28*10) -> 0 | S28: =IF(J28=0,0,N28/J28*10) -> 0 | T28: =IF(J28=0,0,O28/J28*10) -> 0 | U28: =IF(J28=0,0,L28/J28*10) -> 3.832212 | V28: =IF(J28=0,0,P28/J28*10) -> 5.1320596
Q29: =IF(J29=0,0,K29/J29*10) -> 0 | R29: =IF(J29=0,0,M29/J29*10) -> 0 | S29: =IF(J29=0,0,N29/J29*10) -> 0 | T29: =IF(J29=0,0,O29/J29*10) -> 0 | U29: =IF(J29=0,0,L29/J29*10) -> 0 | V29: =IF(J29=0,0,P29/J29*10) -> 0
C30: MACHKUND PH AP Share | I30: 137.24667 | J30: 96.035555 | K30: 15.978141 | L30: 0 | P30: =SUM(K30:O30) -> 15.978141 | Q30: =IF(J30=0,0,K30/J30*10) -> 1.6637735 | R30: =IF(J30=0,0,M30/J30*10) -> 0 | S30: =IF(J30=0,0,N30/J30*10) -> 0 | T30: =IF(J30=0,0,O30/J30*10) -> 0 | U30: =IF(J30=0,0,L30/J30*10) -> 0 | V30: =IF(J30=0,0,P30/J30*10) -> 1.6637735
C31: TUNGBHADRA PH AP Share | I31: 64.618291 | J31: 62.956843 | K31: 7.4815527 | L31: 0 | P31: =SUM(K31:O31) -> 7.4815527 | Q31: =IF(J31=0,0,K31/J31*10) -> 1.1883621 | R31: =IF(J31=0,0,M31/J31*10) -> 0 | S31: =IF(J31=0,0,N31/J31*10) -> 0 | T31: =IF(J31=0,0,O31/J31*10) -> 0 | U31: =IF(J31=0,0,L31/J31*10) -> 0 | V31: =IF(J31=0,0,P31/J31*10) -> 1.1883621
C32: Upper Sileru Power House (AP) | I32: 116.37621 | J32: 138.08159 | K32: 26.986504 | L32: 0 | P32: =SUM(K32:O32) -> 26.986504 | Q32: =IF(J32=0,0,K32/J32*10) -> 1.9543882 | R32: =IF(J32=0,0,M32/J32*10) -> 0 | S32: =IF(J32=0,0,N32/J32*10) -> 0 | T32: =IF(J32=0,0,O32/J32*10) -> 0 | U32: =IF(J32=0,0,L32/J32*10) -> 0 | V32: =IF(J32=0,0,P32/J32*10) -> 1.9543882
C33: Lower Sileru Power House (AP) | I33: 329.34483 | J33: 383.2786 | K33: 57.322449 | L33: 0 | P33: =SUM(K33:O33) -> 57.322449 | Q33: =IF(J33=0,0,K33/J33*10) -> 1.4955818 | R33: =IF(J33=0,0,M33/J33*10) -> 0 | S33: =IF(J33=0,0,N33/J33*10) -> 0 | T33: =IF(J33=0,0,O33/J33*10) -> 0 | U33: =IF(J33=0,0,L33/J33*10) -> 0 | V33: =IF(J33=0,0,P33/J33*10) -> 1.4955818
C34: DONKARAYI (AP) | I34: 23.450548 | J34: 35.160471 | K34: 4.2453248 | L34: 0 | P34: =SUM(K34:O34) -> 4.2453248 | Q34: =IF(J34=0,0,K34/J34*10) -> 1.2074141 | R34: =IF(J34=0,0,M34/J34*10) -> 0 | S34: =IF(J34=0,0,N34/J34*10) -> 0 | T34: =IF(J34=0,0,O34/J34*10) -> 0 | U34: =IF(J34=0,0,L34/J34*10) -> 0 | V34: =IF(J34=0,0,P34/J34*10) -> 1.2074141
C35: Srisailam Right Bank Power House (AP) | I35: 510.0083 | J35: 667.7602 | K35: 82.331682 | L35: 0 | P35: =SUM(K35:O35) -> 82.331682 | Q35: =IF(J35=0,0,K35/J35*10) -> 1.2329528 | R35: =IF(J35=0,0,M35/J35*10) -> 0 | S35: =IF(J35=0,0,N35/J35*10) -> 0 | T35: =IF(J35=0,0,O35/J35*10) -> 0 | U35: =IF(J35=0,0,L35/J35*10) -> 0 | V35: =IF(J35=0,0,P35/J35*10) -> 1.2329528
C36: Nagarjunasagar Right Bank Power House (AP) | I36: 100.31784 | J36: 106.86176 | K36: 9.4497981 | L36: 0 | P36: =SUM(K36:O36) -> 9.4497981 | Q36: =IF(J36=0,0,K36/J36*10) -> 0.88430118 | R36: =IF(J36=0,0,M36/J36*10) -> 0 | S36: =IF(J36=0,0,N36/J36*10) -> 0 | T36: =IF(J36=0,0,O36/J36*10) -> 0 | U36: =IF(J36=0,0,L36/J36*10) -> 0 | V36: =IF(J36=0,0,P36/J36*10) -> 0.88430118
A37: 10008 | C37: Penna Ahobilam (AP) | I37: 1.82361 | J37: 4.8784635 | K37: 4.8969437 | L37: 0 | P37: =SUM(K37:O37) -> 4.8969437 | Q37: =IF(J37=0,0,K37/J37*10) -> 10.037881 | R37: =IF(J37=0,0,M37/J37*10) -> 0 | S37: =IF(J37=0,0,N37/J37*10) -> 0 | T37: =IF(J37=0,0,O37/J37*10) -> 0 | U37: =IF(J37=0,0,L37/J37*10) -> 0 | V37: =IF(J37=0,0,P37/J37*10) -> 10.037881
C38: MINI HYDEL(Chettipeta)-AP | I38: 0.8676501 | J38: 1.0400754 | K38: 0.65920414 | L38: 0 | P38: =SUM(K38:O38) -> 0.65920414 | Q38: =IF(J38=0,0,K38/J38*10) -> 6.3380418 | R38: =IF(J38=0,0,M38/J38*10) -> 0 | S38: =IF(J38=0,0,N38/J38*10) -> 0 | T38: =IF(J38=0,0,O38/J38*10) -> 0 | U38: =IF(J38=0,0,L38/J38*10) -> 0 | V38: =IF(J38=0,0,P38/J38*10) -> 6.3380418
C39: Nagarjunasagar Tail Pond Dam Power House | I39: 48.487062 | J39: 34.497848 | K39: 18.14622 | L39: 0 | P39: =SUM(K39:O39) -> 18.14622 | Q39: =IF(J39=0,0,K39/J39*10) -> 5.2601021 | R39: =IF(J39=0,0,M39/J39*10) -> 0 | S39: =IF(J39=0,0,N39/J39*10) -> 0 | T39: =IF(J39=0,0,O39/J39*10) -> 0 | U39: =IF(J39=0,0,L39/J39*10) -> 0 | V39: =IF(J39=0,0,P39/J39*10) -> 5.2601021
C40: TOTAL HYDRO | I40: =SUM(I30:I39) -> 1332.541 | J40: =SUM(J30:J39) -> 1530.5514 | K40: =SUM(K30:K39) -> 227.49782 | L40: =SUM(L30:L39) -> 0 | M40: =SUM(M30:M39) -> 0 | N40: =SUM(N30:N39) -> 0 | O40: =SUM(O30:O39) -> 0 | P40: =SUM(P30:P39) -> 227.49782 | Q40: =IF(J40=0,0,K40/J40*10) -> 1.4863782 | R40: =IF(J40=0,0,M40/J40*10) -> 0 | S40: =IF(J40=0,0,N40/J40*10) -> 0 | T40: =IF(J40=0,0,O40/J40*10) -> 0 | U40: =IF(J40=0,0,L40/J40*10) -> 0 | V40: =IF(J40=0,0,P40/J40*10) -> 1.4863782
C41: TOTAL APGENCO | I41: =I28+I40 -> 10495.075 | J41: =J28+J40 -> 10485.368 | K41: =K28+K40 -> 1391.4874 | L41: =L28+L40 -> 3431.6756 | M41: =M28+M40 -> 0 | N41: =N28+N40 -> 0 | O41: =O28+O40 -> 0 | P41: =P28+P40 -> 4823.1631 | Q41: =IF(J41=0,0,K41/J41*10) -> 1.3270754 | R41: =IF(J41=0,0,M41/J41*10) -> 0 | S41: =IF(J41=0,0,N41/J41*10) -> 0 | T41: =IF(J41=0,0,O41/J41*10) -> 0 | U41: =IF(J41=0,0,L41/J41*10) -> 3.2728232 | V41: =IF(J41=0,0,P41/J41*10) -> 4.5998987
A42: 10015 | Q42: =IF(J42=0,0,K42/J42*10) -> 0 | R42: =IF(J42=0,0,M42/J42*10) -> 0 | S42: =IF(J42=0,0,N42/J42*10) -> 0 | T42: =IF(J42=0,0,O42/J42*10) -> 0 | U42: =IF(J42=0,0,L42/J42*10) -> 0 | V42: =IF(J42=0,0,P42/J42*10) -> 0
A43: 10016 | C43: Central Generating Stations | Q43: =IF(J43=0,0,K43/J43*10) -> 0 | R43: =IF(J43=0,0,M43/J43*10) -> 0 | S43: =IF(J43=0,0,N43/J43*10) -> 0 | T43: =IF(J43=0,0,O43/J43*10) -> 0 | U43: =IF(J43=0,0,L43/J43*10) -> 0 | V43: =IF(J43=0,0,P43/J43*10) -> 0
C44: NTPC | Q44: =IF(J44=0,0,K44/J44*10) -> 0 | R44: =IF(J44=0,0,M44/J44*10) -> 0 | S44: =IF(J44=0,0,N44/J44*10) -> 0 | T44: =IF(J44=0,0,O44/J44*10) -> 0 | U44: =IF(J44=0,0,L44/J44*10) -> 0 | V44: =IF(J44=0,0,P44/J44*10) -> 0
C45: NTPC (SR) | Q45: =IF(J45=0,0,K45/J45*10) -> 0 | R45: =IF(J45=0,0,M45/J45*10) -> 0 | S45: =IF(J45=0,0,N45/J45*10) -> 0 | T45: =IF(J45=0,0,O45/J45*10) -> 0 | U45: =IF(J45=0,0,L45/J45*10) -> 0 | V45: =IF(J45=0,0,P45/J45*10) -> 0
C46: NTPC (SR)-Ramagundam Stage1&2 | I46: 738.22517 | J46: 727.16319 | K46: 58.590726 | L46: 300.81564 | P46: =SUM(K46:O46) -> 359.40637 | Q46: =IF(J46=0,0,K46/J46*10) -> 0.80574383 | R46: =IF(J46=0,0,M46/J46*10) -> 0 | S46: =IF(J46=0,0,N46/J46*10) -> 0 | T46: =IF(J46=0,0,O46/J46*10) -> 0 | U46: =IF(J46=0,0,L46/J46*10) -> 4.1368381 | V46: =IF(J46=0,0,P46/J46*10) -> 4.942582
C47: RRAS | J47: 0 | K47: 0 | L47: -0.0358723 | P47: =SUM(K47:O47) -> -0.0358723 | Q47: =IF(J47=0,0,K47/J47*10) -> 0 | R47: =IF(J47=0,0,M47/J47*10) -> 0 | S47: =IF(J47=0,0,N47/J47*10) -> 0 | T47: =IF(J47=0,0,O47/J47*10) -> 0 | U47: =IF(J47=0,0,L47/J47*10) -> 0 | V47: =IF(J47=0,0,P47/J47*10) -> 0
A48: 12000 | C48: NTPC (SR)-Ramagundam Stage 3 | I48: 217.94298 | J48: 164.35555 | K48: 14.872261 | L48: 63.171012 | P48: =SUM(K48:O48) -> 78.043272 | Q48: =IF(J48=0,0,K48/J48*10) -> 0.90488341 | R48: =IF(J48=0,0,M48/J48*10) -> 0 | S48: =IF(J48=0,0,N48/J48*10) -> 0 | T48: =IF(J48=0,0,O48/J48*10) -> 0 | U48: =IF(J48=0,0,L48/J48*10) -> 3.8435583 | V48: =IF(J48=0,0,P48/J48*10) -> 4.7484417
C49: Total NTPC(SR) | I49: =I46+I47+I48 -> 956.16816 | J49: =J46+J47+J48 -> 891.51874 | K49: =K46+K47+K48 -> 73.462986 | L49: =L46+L47+L48 -> 363.95078 | M49: =M46+M47+M48 -> 0 | N49: =N46+N47+N48 -> 0 | O49: =O46+O47+O48 -> 0 | P49: =P46+P47+P48 -> 437.41377 | Q49: =IF(J49=0,0,K49/J49*10) -> 0.82402066 | R49: =IF(J49=0,0,M49/J49*10) -> 0 | S49: =IF(J49=0,0,N49/J49*10) -> 0 | T49: =IF(J49=0,0,O49/J49*10) -> 0 | U49: =IF(J49=0,0,L49/J49*10) -> 4.0823683 | V49: =IF(J49=0,0,P49/J49*10) -> 4.906389
Q50: =IF(J50=0,0,K50/J50*10) -> 0 | R50: =IF(J50=0,0,M50/J50*10) -> 0 | S50: =IF(J50=0,0,N50/J50*10) -> 0 | T50: =IF(J50=0,0,O50/J50*10) -> 0 | U50: =IF(J50=0,0,L50/J50*10) -> 0 | V50: =IF(J50=0,0,P50/J50*10) -> 0
A51: 20001 | C51: NTPC (ER) | Q51: =IF(J51=0,0,K51/J51*10) -> 0 | R51: =IF(J51=0,0,M51/J51*10) -> 0 | S51: =IF(J51=0,0,N51/J51*10) -> 0 | T51: =IF(J51=0,0,O51/J51*10) -> 0 | U51: =IF(J51=0,0,L51/J51*10) -> 0 | V51: =IF(J51=0,0,P51/J51*10) -> 0
A52: 20002 | C52: Farakka | Q52: =IF(J52=0,0,K52/J52*10) -> 0 | R52: =IF(J52=0,0,M52/J52*10) -> 0 | S52: =IF(J52=0,0,N52/J52*10) -> 0 | T52: =IF(J52=0,0,O52/J52*10) -> 0 | U52: =IF(J52=0,0,L52/J52*10) -> 0 | V52: =IF(J52=0,0,P52/J52*10) -> 0
C53: Kahalgaon | J53: 0 | P53: =SUM(K53:O53) -> 0 | Q53: =IF(J53=0,0,K53/J53*10) -> 0 | R53: =IF(J53=0,0,M53/J53*10) -> 0 | S53: =IF(J53=0,0,N53/J53*10) -> 0 | T53: =IF(J53=0,0,O53/J53*10) -> 0 | U53: =IF(J53=0,0,L53/J53*10) -> 0 | V53: =IF(J53=0,0,P53/J53*10) -> 0
A54: 20004 | C54: Talcher - Stage 1 | J54: 0 | P54: =SUM(K54:O54) -> 0 | Q54: =IF(J54=0,0,K54/J54*10) -> 0 | R54: =IF(J54=0,0,M54/J54*10) -> 0 | S54: =IF(J54=0,0,N54/J54*10) -> 0 | T54: =IF(J54=0,0,O54/J54*10) -> 0 | U54: =IF(J54=0,0,L54/J54*10) -> 0 | V54: =IF(J54=0,0,P54/J54*10) -> 0
C55: Talcher Stage 2 | J55: 476.37681 | K55: 59.625854 | L55: 92.202319 | P55: =SUM(K55:O55) -> 151.82817 | Q55: =IF(J55=0,0,K55/J55*10) -> 1.2516532 | R55: =IF(J55=0,0,M55/J55*10) -> 0 | S55: =IF(J55=0,0,N55/J55*10) -> 0 | T55: =IF(J55=0,0,O55/J55*10) -> 0 | U55: =IF(J55=0,0,L55/J55*10) -> 1.9354913 | V55: =IF(J55=0,0,P55/J55*10) -> 3.1871445
A56: 20006 | C56: NTPC (SR) Talcher St. II (2019-20) | J56: 0 | K56: 4.5862662 | L56: 0 | P56: =SUM(K56:O56) -> 4.5862662 | Q56: =IF(J56=0,0,K56/J56*10) -> 0 | R56: =IF(J56=0,0,M56/J56*10) -> 0 | S56: =IF(J56=0,0,N56/J56*10) -> 0 | T56: =IF(J56=0,0,O56/J56*10) -> 0 | U56: =IF(J56=0,0,L56/J56*10) -> 0 | V56: =IF(J56=0,0,P56/J56*10) -> 0
C57: SCED | J57: 0 | K57: 0 | L57: -6.1095717 | P57: =SUM(K57:O57) -> -6.1095717 | Q57: =IF(J57=0,0,K57/J57*10) -> 0 | R57: =IF(J57=0,0,M57/J57*10) -> 0 | S57: =IF(J57=0,0,N57/J57*10) -> 0 | T57: =IF(J57=0,0,O57/J57*10) -> 0 | U57: =IF(J57=0,0,L57/J57*10) -> 0 | V57: =IF(J57=0,0,P57/J57*10) -> 0
A58: 20008 | C58: Others | I58: 483.43921 | J58: 0 | P58: =SUM(K58:O58) -> 0 | Q58: =IF(J58=0,0,K58/J58*10) -> 0 | R58: =IF(J58=0,0,M58/J58*10) -> 0 | S58: =IF(J58=0,0,N58/J58*10) -> 0 | T58: =IF(J58=0,0,O58/J58*10) -> 0 | U58: =IF(J58=0,0,L58/J58*10) -> 0 | V58: =IF(J58=0,0,P58/J58*10) -> 0
A59: 20009 | C59: Total NTPC(ER) | I59: =SUM(I53:I58) -> 483.43921 | J59: =SUM(J53:J58) -> 476.37681 | K59: =SUM(K53:K58) -> 64.21212 | L59: =SUM(L53:L58) -> 86.092747 | M59: =SUM(M53:M58) -> 0 | N59: =SUM(N53:N58) -> 0 | O59: =SUM(O53:O58) -> 0 | P59: =SUM(P53:P58) -> 150.30487 | Q59: =IF(J59=0,0,K59/J59*10) -> 1.3479271 | R59: =IF(J59=0,0,M59/J59*10) -> 0 | S59: =IF(J59=0,0,N59/J59*10) -> 0 | T59: =IF(J59=0,0,O59/J59*10) -> 0 | U59: =IF(J59=0,0,L59/J59*10) -> 1.8072405 | V59: =IF(J59=0,0,P59/J59*10) -> 3.1551676
A60: 20010 | C60: NTPC (WR) | Q60: =IF(J60=0,0,K60/J60*10) -> 0 | R60: =IF(J60=0,0,M60/J60*10) -> 0 | S60: =IF(J60=0,0,N60/J60*10) -> 0 | T60: =IF(J60=0,0,O60/J60*10) -> 0 | U60: =IF(J60=0,0,L60/J60*10) -> 0 | V60: =IF(J60=0,0,P60/J60*10) -> 0
A61: 20011 | C61: NTPC WR | I61: 0 | J61: 0 | K61: 0 | L61: 0 | P61: =SUM(K61:O61) -> 0 | Q61: =IF(J61=0,0,K61/J61*10) -> 0 | R61: =IF(J61=0,0,M61/J61*10) -> 0 | S61: =IF(J61=0,0,N61/J61*10) -> 0 | T61: =IF(J61=0,0,O61/J61*10) -> 0 | U61: =IF(J61=0,0,L61/J61*10) -> 0 | V61: =IF(J61=0,0,P61/J61*10) -> 0
C62: Total NTPC(WR) | I62: =I61 -> 0 | J62: =J61 -> 0 | K62: =K61 -> 0 | L62: =L61 -> 0 | M62: =M61 -> 0 | N62: =N61 -> 0 | O62: =O61 -> 0 | P62: =P61 -> 0 | Q62: =IF(J62=0,0,K62/J62*10) -> 0 | R62: =IF(J62=0,0,M62/J62*10) -> 0 | S62: =IF(J62=0,0,N62/J62*10) -> 0 | T62: =IF(J62=0,0,O62/J62*10) -> 0 | U62: =IF(J62=0,0,L62/J62*10) -> 0 | V62: =IF(J62=0,0,P62/J62*10) -> 0
A63: 20013 | C63: NTPC Mouda | I63: 0 | J63: 0 | K63: 0.5847453 | L63: 0 | P63: =SUM(K63:O63) -> 0.5847453 | Q63: =IF(J63=0,0,K63/J63*10) -> 0 | R63: =IF(J63=0,0,M63/J63*10) -> 0 | S63: =IF(J63=0,0,N63/J63*10) -> 0 | T63: =IF(J63=0,0,O63/J63*10) -> 0 | U63: =IF(J63=0,0,L63/J63*10) -> 0 | V63: =IF(J63=0,0,P63/J63*10) -> 0
A64: 20014 | C64: NTPC Aravalli | J64: 0 | K64: 1.7584732 | L64: 0 | P64: =SUM(K64:O64) -> 1.7584732 | Q64: =IF(J64=0,0,K64/J64*10) -> 0 | R64: =IF(J64=0,0,M64/J64*10) -> 0 | S64: =IF(J64=0,0,N64/J64*10) -> 0 | T64: =IF(J64=0,0,O64/J64*10) -> 0 | U64: =IF(J64=0,0,L64/J64*10) -> 0 | V64: =IF(J64=0,0,P64/J64*10) -> 0
A65: 20015 | C65: NTPC DADRI | I65: 0 | J65: 0 | K65: -0.0988983 | L65: 0 | P65: =SUM(K65:O65) -> -0.0988983 | Q65: =IF(J65=0,0,K65/J65*10) -> 0 | R65: =IF(J65=0,0,M65/J65*10) -> 0 | S65: =IF(J65=0,0,N65/J65*10) -> 0 | T65: =IF(J65=0,0,O65/J65*10) -> 0 | U65: =IF(J65=0,0,L65/J65*10) -> 0 | V65: =IF(J65=0,0,P65/J65*10) -> 0
C66: Total NTPC | I66: =I49+I59+I62+I63+I64+I65 -> 1439.6074 | J66: =J49+J59+J62+J63+J64+J65 -> 1367.8955 | K66: =K49+K59+K62+K63+K64+K65 -> 139.91943 | L66: =L49+L59+L62+L63+L64+L65 -> 450.04353 | M66: =M49+M59+M62+M63+M64+M65 -> 0 | N66: =N49+N59+N62+N63+N64+N65 -> 0 | O66: =O49+O59+O62+O63+O64+O65 -> 0 | P66: =P49+P59+P62+P63+P64+P65 -> 589.96296 | Q66: =IF(J66=0,0,K66/J66*10) -> 1.0228809 | R66: =IF(J66=0,0,M66/J66*10) -> 0 | S66: =IF(J66=0,0,N66/J66*10) -> 0 | T66: =IF(J66=0,0,O66/J66*10) -> 0 | U66: =IF(J66=0,0,L66/J66*10) -> 3.2900431 | V66: =IF(J66=0,0,P66/J66*10) -> 4.312924
A67: 20017 | P67: =SUM(K67:O67) -> 0 | Q67: =IF(J67=0,0,K67/J67*10) -> 0 | R67: =IF(J67=0,0,M67/J67*10) -> 0 | S67: =IF(J67=0,0,N67/J67*10) -> 0 | T67: =IF(J67=0,0,O67/J67*10) -> 0 | U67: =IF(J67=0,0,L67/J67*10) -> 0 | V67: =IF(J67=0,0,P67/J67*10) -> 0
C68: NLC TS-II | P68: =SUM(K68:O68) -> 0 | Q68: =IF(J68=0,0,K68/J68*10) -> 0 | R68: =IF(J68=0,0,M68/J68*10) -> 0 | S68: =IF(J68=0,0,N68/J68*10) -> 0 | T68: =IF(J68=0,0,O68/J68*10) -> 0 | U68: =IF(J68=0,0,L68/J68*10) -> 0 | V68: =IF(J68=0,0,P68/J68*10) -> 0
C69: Stage-I | I69: 112.64058 | J69: 81.236653 | K69: 9.7161972 | L69: 22.17782 | P69: =SUM(K69:O69) -> 31.894017 | Q69: =IF(J69=0,0,K69/J69*10) -> 1.1960361 | R69: =IF(J69=0,0,M69/J69*10) -> 0 | S69: =IF(J69=0,0,N69/J69*10) -> 0 | T69: =IF(J69=0,0,O69/J69*10) -> 0 | U69: =IF(J69=0,0,L69/J69*10) -> 2.7300263 | V69: =IF(J69=0,0,P69/J69*10) -> 3.9260624
C70: Stage-II | J70: 161.7521 | K70: 18.633758 | L70: 44.28627 | P70: =SUM(K70:O70) -> 62.920028 | Q70: =IF(J70=0,0,K70/J70*10) -> 1.1519948 | R70: =IF(J70=0,0,M70/J70*10) -> 0 | S70: =IF(J70=0,0,N70/J70*10) -> 0 | T70: =IF(J70=0,0,O70/J70*10) -> 0 | U70: =IF(J70=0,0,L70/J70*10) -> 2.7379101 | V70: =IF(J70=0,0,P70/J70*10) -> 3.8899049
C71: NLC Wage revision Stage 1 | J71: 0 | K71: 5.1646125 | L71: 0 | P71: =SUM(K71:O71) -> 5.1646125 | Q71: =IF(J71=0,0,K71/J71*10) -> 0 | R71: =IF(J71=0,0,M71/J71*10) -> 0 | S71: =IF(J71=0,0,N71/J71*10) -> 0 | T71: =IF(J71=0,0,O71/J71*10) -> 0 | U71: =IF(J71=0,0,L71/J71*10) -> 0 | V71: =IF(J71=0,0,P71/J71*10) -> 0
C72: NLC TPS I EXP) | J72: 2.647353 | K72: 0.3017434 | L72: 0.6530756 | P72: =SUM(K72:O72) -> 0.954819 | Q72: =IF(J72=0,0,K72/J72*10) -> 1.1397928 | R72: =IF(J72=0,0,M72/J72*10) -> 0 | S72: =IF(J72=0,0,N72/J72*10) -> 0 | T72: =IF(J72=0,0,O72/J72*10) -> 0 | U72: =IF(J72=0,0,L72/J72*10) -> 2.4669003 | V72: =IF(J72=0,0,P72/J72*10) -> 3.6066932
C73: NLC Deferred tax liability | J73: 0 | K73: 0.0408204 | L73: 0 | P73: =SUM(K73:O73) -> 0.0408204 | Q73: =IF(J73=0,0,K73/J73*10) -> 0 | R73: =IF(J73=0,0,M73/J73*10) -> 0 | S73: =IF(J73=0,0,N73/J73*10) -> 0 | T73: =IF(J73=0,0,O73/J73*10) -> 0 | U73: =IF(J73=0,0,L73/J73*10) -> 0 | V73: =IF(J73=0,0,P73/J73*10) -> 0
C74: NLC Wage revision Stage 2 | J74: 0 | K74: 9.9005907 | L74: 0 | P74: =SUM(K74:O74) -> 9.9005907 | Q74: =IF(J74=0,0,K74/J74*10) -> 0 | R74: =IF(J74=0,0,M74/J74*10) -> 0 | S74: =IF(J74=0,0,N74/J74*10) -> 0 | T74: =IF(J74=0,0,O74/J74*10) -> 0 | U74: =IF(J74=0,0,L74/J74*10) -> 0 | V74: =IF(J74=0,0,P74/J74*10) -> 0
C75: NLC TPS II EXP | I75: 179.82506 | J75: 1.008138 | K75: 0.2202718 | L75: 0.264424 | P75: =SUM(K75:O75) -> 0.4846958 | Q75: =IF(J75=0,0,K75/J75*10) -> 2.184937 | R75: =IF(J75=0,0,M75/J75*10) -> 0 | S75: =IF(J75=0,0,N75/J75*10) -> 0 | T75: =IF(J75=0,0,O75/J75*10) -> 0 | U75: =IF(J75=0,0,L75/J75*10) -> 2.6228949 | V75: =IF(J75=0,0,P75/J75*10) -> 4.8078319
C76: Total NLC | I76: =SUM(I69:I75) -> 292.46563 | J76: =SUM(J69:J75) -> 246.64424 | K76: =SUM(K69:K75) -> 43.977994 | L76: =SUM(L69:L75) -> 67.38159 | M76: =SUM(M69:M75) -> 0 | N76: =SUM(N69:N75) -> 0 | O76: =SUM(O69:O75) -> 0 | P76: =SUM(P69:P75) -> 111.35958 | Q76: =IF(J76=0,0,K76/J76*10) -> 1.7830537 | R76: =IF(J76=0,0,M76/J76*10) -> 0 | S76: =IF(J76=0,0,N76/J76*10) -> 0 | T76: =IF(J76=0,0,O76/J76*10) -> 0 | U76: =IF(J76=0,0,L76/J76*10) -> 2.7319344 | V76: =IF(J76=0,0,P76/J76*10) -> 4.5149881
A77: 22000 | P77: =SUM(K77:O77) -> 0 | Q77: =IF(J77=0,0,K77/J77*10) -> 0 | R77: =IF(J77=0,0,M77/J77*10) -> 0 | S77: =IF(J77=0,0,N77/J77*10) -> 0 | T77: =IF(J77=0,0,O77/J77*10) -> 0 | U77: =IF(J77=0,0,L77/J77*10) -> 0 | V77: =IF(J77=0,0,P77/J77*10) -> 0
A78: 23000 | C78: NPC | P78: =SUM(K78:O78) -> 0 | Q78: =IF(J78=0,0,K78/J78*10) -> 0 | R78: =IF(J78=0,0,M78/J78*10) -> 0 | S78: =IF(J78=0,0,N78/J78*10) -> 0 | T78: =IF(J78=0,0,O78/J78*10) -> 0 | U78: =IF(J78=0,0,L78/J78*10) -> 0 | V78: =IF(J78=0,0,P78/J78*10) -> 0
C79: NPC-MAPS | I79: 11.648728 | J79: 21.492802 | K79: 0 | L79: 5.6457284 | P79: =SUM(K79:O79) -> 5.6457284 | Q79: =IF(J79=0,0,K79/J79*10) -> 0 | R79: =IF(J79=0,0,M79/J79*10) -> 0 | S79: =IF(J79=0,0,N79/J79*10) -> 0 | T79: =IF(J79=0,0,O79/J79*10) -> 0 | U79: =IF(J79=0,0,L79/J79*10) -> 2.6267996 | V79: =IF(J79=0,0,P79/J79*10) -> 2.6267996
C80: NPC-Kaiga unit I&ii & iii | I80: 319.36803 | J80: 318.27908 | K80: 0 | L80: 112.51449 | P80: =SUM(K80:O80) -> 112.51449 | Q80: =IF(J80=0,0,K80/J80*10) -> 0 | R80: =IF(J80=0,0,M80/J80*10) -> 0 | S80: =IF(J80=0,0,N80/J80*10) -> 0 | T80: =IF(J80=0,0,O80/J80*10) -> 0 | U80: =IF(J80=0,0,L80/J80*10) -> 3.5350891 | V80: =IF(J80=0,0,P80/J80*10) -> 3.5350891
C81: NPC-Kaiga unit IV | J81: 0 | P81: =SUM(K81:O81) -> 0 | Q81: =IF(J81=0,0,K81/J81*10) -> 0 | R81: =IF(J81=0,0,M81/J81*10) -> 0 | S81: =IF(J81=0,0,N81/J81*10) -> 0 | T81: =IF(J81=0,0,O81/J81*10) -> 0 | U81: =IF(J81=0,0,L81/J81*10) -> 0 | V81: =IF(J81=0,0,P81/J81*10) -> 0
C82: NPCIL(Kudamkulam) | I82: 0 | J82: 2.3060225 | K82: 0 | L82: 1.0132386 | P82: =SUM(K82:O82) -> 1.0132386 | Q82: =IF(J82=0,0,K82/J82*10) -> 0 | R82: =IF(J82=0,0,M82/J82*10) -> 0 | S82: =IF(J82=0,0,N82/J82*10) -> 0 | T82: =IF(J82=0,0,O82/J82*10) -> 0 | U82: =IF(J82=0,0,L82/J82*10) -> 4.3938801 | V82: =IF(J82=0,0,P82/J82*10) -> 4.3938801
C83: Total NPC | I83: =SUM(I79:I82) -> 331.01675 | J83: =SUM(J79:J82) -> 342.0779 | K83: =SUM(K79:K82) -> 0 | L83: =SUM(L79:L82) -> 119.17346 | M83: =SUM(M79:M82) -> 0 | N83: =SUM(N79:N82) -> 0 | O83: =SUM(O79:O82) -> 0 | P83: =SUM(P79:P82) -> 119.17346 | Q83: =IF(J83=0,0,K83/J83*10) -> 0 | R83: =IF(J83=0,0,M83/J83*10) -> 0 | S83: =IF(J83=0,0,N83/J83*10) -> 0 | T83: =IF(J83=0,0,O83/J83*10) -> 0 | U83: =IF(J83=0,0,L83/J83*10) -> 3.4838104 | V83: =IF(J83=0,0,P83/J83*10) -> 3.4838104
P84: =SUM(K84:O84) -> 0 | Q84: =IF(J84=0,0,K84/J84*10) -> 0 | R84: =IF(J84=0,0,M84/J84*10) -> 0 | S84: =IF(J84=0,0,N84/J84*10) -> 0 | T84: =IF(J84=0,0,O84/J84*10) -> 0 | U84: =IF(J84=0,0,L84/J84*10) -> 0 | V84: =IF(J84=0,0,P84/J84*10) -> 0
C85: NTPC - Simhadri | P85: =SUM(K85:O85) -> 0 | Q85: =IF(J85=0,0,K85/J85*10) -> 0 | R85: =IF(J85=0,0,M85/J85*10) -> 0 | S85: =IF(J85=0,0,N85/J85*10) -> 0 | T85: =IF(J85=0,0,O85/J85*10) -> 0 | U85: =IF(J85=0,0,L85/J85*10) -> 0 | V85: =IF(J85=0,0,P85/J85*10) -> 0
C86: NTPC Simhadri Stage I | I86: 1240.4119 | J86: 1169.9721 | K86: 200.30222 | L86: 525.24179 | P86: =SUM(K86:O86) -> 725.54401 | Q86: =IF(J86=0,0,K86/J86*10) -> 1.7120256 | R86: =IF(J86=0,0,M86/J86*10) -> 0 | S86: =IF(J86=0,0,N86/J86*10) -> 0 | T86: =IF(J86=0,0,O86/J86*10) -> 0 | U86: =IF(J86=0,0,L86/J86*10) -> 4.4893532 | V86: =IF(J86=0,0,P86/J86*10) -> 6.2013788
C87: NTPC Simhadri Stage II | J87: 492.60601 | K87: 112.44261 | L87: 214.89743 | P87: =SUM(K87:O87) -> 327.34004 | Q87: =IF(J87=0,0,K87/J87*10) -> 2.2826073 | R87: =IF(J87=0,0,M87/J87*10) -> 0 | S87: =IF(J87=0,0,N87/J87*10) -> 0 | T87: =IF(J87=0,0,O87/J87*10) -> 0 | U87: =IF(J87=0,0,L87/J87*10) -> 4.3624606 | V87: =IF(J87=0,0,P87/J87*10) -> 6.6450679
A88: 31001 | C88: NTPC (SR) Simhadri Stage 1 ( 2019-20) | I88: 543.02111 | J88: 0 | K88: 22.46427 | L88: 0 | P88: =SUM(K88:O88) -> 22.46427 | Q88: =IF(J88=0,0,K88/J88*10) -> 0 | R88: =IF(J88=0,0,M88/J88*10) -> 0 | S88: =IF(J88=0,0,N88/J88*10) -> 0 | T88: =IF(J88=0,0,O88/J88*10) -> 0 | U88: =IF(J88=0,0,L88/J88*10) -> 0 | V88: =IF(J88=0,0,P88/J88*10) -> 0
A89: 31002 | C89: Total NTPC- Simhadri | I89: =SUM(I86:I88) -> 1783.433 | J89: =SUM(J86:J88) -> 1662.5781 | K89: =SUM(K86:K88) -> 335.2091 | L89: =SUM(L86:L88) -> 740.13922 | M89: =SUM(M86:M88) -> 0 | N89: =SUM(N86:N88) -> 0 | O89: =SUM(O86:O88) -> 0 | P89: =SUM(P86:P88) -> 1075.3483 | Q89: =IF(J89=0,0,K89/J89*10) -> 2.0162006 | R89: =IF(J89=0,0,M89/J89*10) -> 0 | S89: =IF(J89=0,0,N89/J89*10) -> 0 | T89: =IF(J89=0,0,O89/J89*10) -> 0 | U89: =IF(J89=0,0,L89/J89*10) -> 4.4517561 | V89: =IF(J89=0,0,P89/J89*10) -> 6.4679568
A90: 31003 | P90: =SUM(K90:O90) -> 0 | Q90: =IF(J90=0,0,K90/J90*10) -> 0 | R90: =IF(J90=0,0,M90/J90*10) -> 0 | S90: =IF(J90=0,0,N90/J90*10) -> 0 | T90: =IF(J90=0,0,O90/J90*10) -> 0 | U90: =IF(J90=0,0,L90/J90*10) -> 0 | V90: =IF(J90=0,0,P90/J90*10) -> 0
A91: 31004 | C91: CGS - New | P91: =SUM(K91:O91) -> 0 | Q91: =IF(J91=0,0,K91/J91*10) -> 0 | R91: =IF(J91=0,0,M91/J91*10) -> 0 | S91: =IF(J91=0,0,N91/J91*10) -> 0 | T91: =IF(J91=0,0,O91/J91*10) -> 0 | U91: =IF(J91=0,0,L91/J91*10) -> 0 | V91: =IF(J91=0,0,P91/J91*10) -> 0
A92: 31005 | C92: Vallur Thermal Power Plant | I92: 241.03323 | J92: 200.76337 | K92: 41.669118 | L92: 69.806353 | P92: =SUM(K92:O92) -> 111.47547 | Q92: =IF(J92=0,0,K92/J92*10) -> 2.0755339 | R92: =IF(J92=0,0,M92/J92*10) -> 0 | S92: =IF(J92=0,0,N92/J92*10) -> 0 | T92: =IF(J92=0,0,O92/J92*10) -> 0 | U92: =IF(J92=0,0,L92/J92*10) -> 3.4770463 | V92: =IF(J92=0,0,P92/J92*10) -> 5.5525803
A93: 31100 | C93: NTECL 19-20 | I93: 599.49533 | J93: 0 | K93: 0.9192051 | L93: 0 | P93: =SUM(K93:O93) -> 0.9192051 | Q93: =IF(J93=0,0,K93/J93*10) -> 0 | R93: =IF(J93=0,0,M93/J93*10) -> 0 | S93: =IF(J93=0,0,N93/J93*10) -> 0 | T93: =IF(J93=0,0,O93/J93*10) -> 0 | U93: =IF(J93=0,0,L93/J93*10) -> 0 | V93: =IF(J93=0,0,P93/J93*10) -> 0
C94: Kudigi | I94: 245.24562 | J94: 444.59892 | K94: 100.56512 | L94: 253.61411 | P94: =SUM(K94:O94) -> 354.17923 | Q94: =IF(J94=0,0,K94/J94*10) -> 2.2619291 | R94: =IF(J94=0,0,M94/J94*10) -> 0 | S94: =IF(J94=0,0,N94/J94*10) -> 0 | T94: =IF(J94=0,0,O94/J94*10) -> 0 | U94: =IF(J94=0,0,L94/J94*10) -> 5.7043348 | V94: =IF(J94=0,0,P94/J94*10) -> 7.9662639
A95: 31200 | C95: NLC Tamilnadu Power Ltd Stage.1 | I95: 108.50788 | J95: 254.7308 | K95: 47.182971 | L95: 105.87596 | P95: =SUM(K95:O95) -> 153.05893 | Q95: =IF(J95=0,0,K95/J95*10) -> 1.852268 | R95: =IF(J95=0,0,M95/J95*10) -> 0 | S95: =IF(J95=0,0,N95/J95*10) -> 0 | T95: =IF(J95=0,0,O95/J95*10) -> 0 | U95: =IF(J95=0,0,L95/J95*10) -> 4.1563862 | V95: =IF(J95=0,0,P95/J95*10) -> 6.0086542
C96: NTPL Surcharge | I96: 68.19001 | J96: 0 | K96: 5.060977 | L96: 0 | P96: =SUM(K96:O96) -> 5.060977 | Q96: =IF(J96=0,0,K96/J96*10) -> 0 | R96: =IF(J96=0,0,M96/J96*10) -> 0 | S96: =IF(J96=0,0,N96/J96*10) -> 0 | T96: =IF(J96=0,0,O96/J96*10) -> 0 | U96: =IF(J96=0,0,L96/J96*10) -> 0 | V96: =IF(J96=0,0,P96/J96*10) -> 0
C97: NLC NNTPS | I97: 0 | J97: 130.67269 | K97: 24.03865 | L97: 28.782468 | P97: =SUM(K97:O97) -> 52.821118 | Q97: =IF(J97=0,0,K97/J97*10) -> 1.8396078 | R97: =IF(J97=0,0,M97/J97*10) -> 0 | S97: =IF(J97=0,0,N97/J97*10) -> 0 | T97: =IF(J97=0,0,O97/J97*10) -> 0 | U97: =IF(J97=0,0,L97/J97*10) -> 2.2026384 | V97: =IF(J97=0,0,P97/J97*10) -> 4.0422462
A98: 32001 | C98: JNNSM Ph-1 Thermal | J98: 81.821313 | K98: 13.674002 | L98: 34.952741 | P98: =SUM(K98:O98) -> 48.626743 | Q98: =IF(J98=0,0,K98/J98*10) -> 1.6712029 | R98: =IF(J98=0,0,M98/J98*10) -> 0 | S98: =IF(J98=0,0,N98/J98*10) -> 0 | T98: =IF(J98=0,0,O98/J98*10) -> 0 | U98: =IF(J98=0,0,L98/J98*10) -> 4.2718382 | V98: =IF(J98=0,0,P98/J98*10) -> 5.9430412
C99: NTPC NSM Phase-II, Bundled Power (COAL) | J99: 0 | K99: 0.2005922 | L99: 0 | P99: =SUM(K99:O99) -> 0.2005922 | Q99: =IF(J99=0,0,K99/J99*10) -> 0 | R99: =IF(J99=0,0,M99/J99*10) -> 0 | S99: =IF(J99=0,0,N99/J99*10) -> 0 | T99: =IF(J99=0,0,O99/J99*10) -> 0 | U99: =IF(J99=0,0,L99/J99*10) -> 0 | V99: =IF(J99=0,0,P99/J99*10) -> 0
C100: NTPC NVVNL Bundled Power (Only COAL) | J100: 0 | K100: 0.1206425 | L100: 0 | P100: =SUM(K100:O100) -> 0.1206425 | Q100: =IF(J100=0,0,K100/J100*10) -> 0 | R100: =IF(J100=0,0,M100/J100*10) -> 0 | S100: =IF(J100=0,0,N100/J100*10) -> 0 | T100: =IF(J100=0,0,O100/J100*10) -> 0 | U100: =IF(J100=0,0,L100/J100*10) -> 0 | V100: =IF(J100=0,0,P100/J100*10) -> 0
C101: POSOCO-Deviation Charges (CGS UI charges) | I101: 0 | J101: 14.47477 | K101: 0 | L101: 74.304082 | P101: =SUM(K101:O101) -> 74.304082 | Q101: =IF(J101=0,0,K101/J101*10) -> 0 | R101: =IF(J101=0,0,M101/J101*10) -> 0 | S101: =IF(J101=0,0,N101/J101*10) -> 0 | T101: =IF(J101=0,0,O101/J101*10) -> 0 | U101: =IF(J101=0,0,L101/J101*10) -> 51.333514 | V101: =IF(J101=0,0,P101/J101*10) -> 51.333514
C102: TOTAL CGS | I102: =I66+I76+I83+I89+SUM(I92:I101) -> 5108.9948 | J102: =J66+J76+J83+J89+SUM(J92:J101) -> 4746.2576 | K102: =K66+K76+K83+K89+SUM(K92:K101) -> 752.5378 | L102: =L66+L76+L83+L89+SUM(L92:L101) -> 1944.0735 | M102: =M66+M76+M83+M89+SUM(M92:M101) -> 0 | N102: =N66+N76+N83+N89+SUM(N92:N101) -> 0 | O102: =O66+O76+O83+O89+SUM(O92:O101) -> 0 | P102: =P66+P76+P83+P89+SUM(P92:P101) -> 2696.6113 | Q102: =IF(J102=0,0,K102/J102*10) -> 1.5855393 | R102: =IF(J102=0,0,M102/J102*10) -> 0 | S102: =IF(J102=0,0,N102/J102*10) -> 0 | T102: =IF(J102=0,0,O102/J102*10) -> 0 | U102: =IF(J102=0,0,L102/J102*10) -> 4.0960134 | V102: =IF(J102=0,0,P102/J102*10) -> 5.6815527
P103: =SUM(K103:O103) -> 0 | Q103: =IF(J103=0,0,K103/J103*10) -> 0 | R103: =IF(J103=0,0,M103/J103*10) -> 0 | S103: =IF(J103=0,0,N103/J103*10) -> 0 | T103: =IF(J103=0,0,O103/J103*10) -> 0 | U103: =IF(J103=0,0,L103/J103*10) -> 0 | V103: =IF(J103=0,0,P103/J103*10) -> 0
...

Sheet 1.4a|PP Cost- NonReg
A1: Index sheet
C3: Form 1.4a | D3: Power Purchase and Procurement Cost (For Non-regulated Business#)
C5: # Refer to Notes for the definition
C6: FY 2023-24
C7: Generating Station | D7: D Link | E7: Plant Type Must Run = 1 Others = 2 | F7: Plant Capacity | G7: DISCOM's share | H7: DISCOM's share | I7: Availability and Dispatch (MU) | K7: Cost (Rs. Crs.) | Q7: Unit Cost (Rs. / kWh) | W7: Remarks
F8: (MW) | G8: (%) | H8: (MW) | I8: Net Availability | J8: Dispatch | K8: Fixed | L8: Variable | M8: Incentive | N8: Income Tax | O8: Others | P8: Total | Q8: Fixed | R8: Incentives | S8: Income Tax | T8: Others | U8: Variable | V8: Total
C10: Apgenco-Thermal
C11: Dr. NTTPS | P11: =SUM(K11:O11) -> 0 | Q11: =IF(J11=0,0,K11/J11*10) -> 0 | R11: =IF(J11=0,0,M11/J11*10) -> 0 | S11: =IF(J11=0,0,N11/J11*10) -> 0 | T11: =IF(J11=0,0,O11/J11*10) -> 0 | U11: =IF(J11=0,0,L11/J11*10) -> 0 | V11: =IF(J11=0,0,P11/J11*10) -> 0
C12: Dr. NTTPS-IV | P12: =SUM(K12:O12) -> 0 | Q12: =IF(J12=0,0,K12/J12*10) -> 0 | R12: =IF(J12=0,0,M12/J12*10) -> 0 | S12: =IF(J12=0,0,N12/J12*10) -> 0 | T12: =IF(J12=0,0,O12/J12*10) -> 0 | U12: =IF(J12=0,0,L12/J12*10) -> 0 | V12: =IF(J12=0,0,P12/J12*10) -> 0
C13: RTPP Stage-I | P13: =SUM(K13:O13) -> 0 | Q13: =IF(J13=0,0,K13/J13*10) -> 0 | R13: =IF(J13=0,0,M13/J13*10) -> 0 | S13: =IF(J13=0,0,N13/J13*10) -> 0 | T13: =IF(J13=0,0,O13/J13*10) -> 0 | U13: =IF(J13=0,0,L13/J13*10) -> 0 | V13: =IF(J13=0,0,P13/J13*10) -> 0
C14: RTPP Stage-II | P14: =SUM(K14:O14) -> 0 | Q14: =IF(J14=0,0,K14/J14*10) -> 0 | R14: =IF(J14=0,0,M14/J14*10) -> 0 | S14: =IF(J14=0,0,N14/J14*10) -> 0 | T14: =IF(J14=0,0,O14/J14*10) -> 0 | U14: =IF(J14=0,0,L14/J14*10) -> 0 | V14: =IF(J14=0,0,P14/J14*10) -> 0
C15: RTPP Stage-III | P15: =SUM(K15:O15) -> 0 | Q15: =IF(J15=0,0,K15/J15*10) -> 0 | R15: =IF(J15=0,0,M15/J15*10) -> 0 | S15: =IF(J15=0,0,N15/J15*10) -> 0 | T15: =IF(J15=0,0,O15/J15*10) -> 0 | U15: =IF(J15=0,0,L15/J15*10) -> 0 | V15: =IF(J15=0,0,P15/J15*10) -> 0
C16: RTPP Stage-IV | P16: =SUM(K16:O16) -> 0 | Q16: =IF(J16=0,0,K16/J16*10) -> 0 | R16: =IF(J16=0,0,M16/J16*10) -> 0 | S16: =IF(J16=0,0,N16/J16*10) -> 0 | T16: =IF(J16=0,0,O16/J16*10) -> 0 | U16: =IF(J16=0,0,L16/J16*10) -> 0 | V16: =IF(J16=0,0,P16/J16*10) -> 0
C17: Genco-Thermal Total | P17: =SUM(K17:O17) -> 0 | Q17: =IF(J17=0,0,K17/J17*10) -> 0 | R17: =IF(J17=0,0,M17/J17*10) -> 0 | S17: =IF(J17=0,0,N17/J17*10) -> 0 | T17: =IF(J17=0,0,O17/J17*10) -> 0 | U17: =IF(J17=0,0,L17/J17*10) -> 0 | V17: =IF(J17=0,0,P17/J17*10) -> 0
C18: Srisailam RCPH | P18: =SUM(K18:O18) -> 0 | Q18: =IF(J18=0,0,K18/J18*10) -> 0 | R18: =IF(J18=0,0,M18/J18*10) -> 0 | S18: =IF(J18=0,0,N18/J18*10) -> 0 | T18: =IF(J18=0,0,O18/J18*10) -> 0 | U18: =IF(J18=0,0,L18/J18*10) -> 0 | V18: =IF(J18=0,0,P18/J18*10) -> 0
C19: NSRCPH | P19: =SUM(K19:O19) -> 0 | Q19: =IF(J19=0,0,K19/J19*10) -> 0 | R19: =IF(J19=0,0,M19/J19*10) -> 0 | S19: =IF(J19=0,0,N19/J19*10) -> 0 | T19: =IF(J19=0,0,O19/J19*10) -> 0 | U19: =IF(J19=0,0,L19/J19*10) -> 0 | V19: =IF(J19=0,0,P19/J19*10) -> 0
C20: NSTPDC PH | P20: =SUM(K20:O20) -> 0 | Q20: =IF(J20=0,0,K20/J20*10) -> 0 | R20: =IF(J20=0,0,M20/J20*10) -> 0 | S20: =IF(J20=0,0,N20/J20*10) -> 0 | T20: =IF(J20=0,0,O20/J20*10) -> 0 | U20: =IF(J20=0,0,L20/J20*10) -> 0 | V20: =IF(J20=0,0,P20/J20*10) -> 0
C21: Upper Sileru | P21: =SUM(K21:O21) -> 0 | Q21: =IF(J21=0,0,K21/J21*10) -> 0 | R21: =IF(J21=0,0,M21/J21*10) -> 0 | S21: =IF(J21=0,0,N21/J21*10) -> 0 | T21: =IF(J21=0,0,O21/J21*10) -> 0 | U21: =IF(J21=0,0,L21/J21*10) -> 0 | V21: =IF(J21=0,0,P21/J21*10) -> 0
C22: Lower Sileru | P22: =SUM(K22:O22) -> 0 | Q22: =IF(J22=0,0,K22/J22*10) -> 0 | R22: =IF(J22=0,0,M22/J22*10) -> 0 | S22: =IF(J22=0,0,N22/J22*10) -> 0 | T22: =IF(J22=0,0,O22/J22*10) -> 0 | U22: =IF(J22=0,0,L22/J22*10) -> 0 | V22: =IF(J22=0,0,P22/J22*10) -> 0
... C33: Godavari Gas Power Plant | P33: =SUM(K33:O33) -> 0 | Q33: =IF(J33=0,0,K33/J33*10) -> 0 | R33: =IF(J33=0,0,M33/J33*10) -> 0 | S33: =IF(J33=0,0,N33/J33*10) -> 0 | T33: =IF(J33=0,0,O33/J33*10) -> 0 | U33: =IF(J33=0,0,L33/J33*10) -> 0 | V33: =IF(J33=0,0,P33/J33*10) -> 0
C34: Joint Sector-TOTAL | F34: =SUM(F13:F33) -> 0 | H34: =SUM(H13:H33) -> 0 | J34: =SUM(J13:J33) -> 0 | K34: =SUM(K13:K33) -> 0 | L34: =SUM(L13:L33) -> 0 | M34: =SUM(M13:M33) -> 0 | N34: =SUM(N13:N33) -> 0 | O34: =SUM(O13:O33) -> 0 | P34: =SUM(K34:O34) -> 0 | Q34: =IF(J34=0,0,K34/J34*10) -> 0 | R34: =IF(J34=0,0,M34/J34*10) -> 0 | S34: =IF(J34=0,0,N34/J34*10) -> 0 | T34: =IF(J34=0,0,O34/J34*10) -> 0 | U34: =IF(J34=0,0,L34/J34*10) -> 0 | V34: =IF(J34=0,0,P34/J34*10) -> 0
C35: NTPC(SR) Ramagundam I & II | P35: =SUM(K35:O35) -> 0 | Q35: =IF(J35=0,0,K35/J35*10) -> 0 | R35: =IF(J35=0,0,M35/J35*10) -> 0 | S35: =IF(J35=0,0,N35/J35*10) -> 0 | T35: =IF(J35=0,0,O35/J35*10) -> 0 | U35: =IF(J35=0,0,L35/J35*10) -> 0 | V35: =IF(J35=0,0,P35/J35*10) -> 0
C36: NTPC(SR) Simhadri Stage-I | P36: =SUM(K36:O36) -> 0 | Q36: =IF(J36=0,0,K36/J36*10) -> 0 | R36: =IF(J36=0,0,M36/J36*10) -> 0 | S36: =IF(J36=0,0,N36/J36*10) -> 0 | T36: =IF(J36=0,0,O36/J36*10) -> 0 | U36: =IF(J36=0,0,L36/J36*10) -> 0 | V36: =IF(J36=0,0,P36/J36*10) -> 0
C37: NTPC(SR) Simhadri Stage-II | P37: =SUM(K37:O37) -> 0 | Q37: =IF(J37=0,0,K37/J37*10) -> 0 | R37: =IF(J37=0,0,M37/J37*10) -> 0 | S37: =IF(J37=0,0,N37/J37*10) -> 0 | T37: =IF(J37=0,0,O37/J37*10) -> 0 | U37: =IF(J37=0,0,L37/J37*10) -> 0 | V37: =IF(J37=0,0,P37/J37*10) -> 0
C38: NTPC(SR) Talcher Stage-II | P38: =SUM(K38:O38) -> 0 | Q38: =IF(J38=0,0,K38/J38*10) -> 0 | R38: =IF(J38=0,0,M38/J38*10) -> 0 | S38: =IF(J38=0,0,N38/J38*10) -> 0 | T38: =IF(J38=0,0,O38/J38*10) -> 0 | U38: =IF(J38=0,0,L38/J38*10) -> 0 | V38: =IF(J38=0,0,P38/J38*10) -> 0
C39: NTPC(SR) Ramagundam III | P39: =SUM(K39:O39) -> 0 | Q39: =IF(J39=0,0,K39/J39*10) -> 0 | R39: =IF(J39=0,0,M39/J39*10) -> 0 | S39: =IF(J39=0,0,N39/J39*10) -> 0 | T39: =IF(J39=0,0,O39/J39*10) -> 0 | U39: =IF(J39=0,0,L39/J39*10) -> 0 | V39: =IF(J39=0,0,P39/J39*10) -> 0
C40: NTPC Kudgi Stage-I | P40: =SUM(K40:O40) -> 0 | Q40: =IF(J40=0,0,K40/J40*10) -> 0 | R40: =IF(J40=0,0,M40/J40*10) -> 0 | S40: =IF(J40=0,0,N40/J40*10) -> 0 | T40: =IF(J40=0,0,O40/J40*10) -> 0 | U40: =IF(J40=0,0,L40/J40*10) -> 0 | V40: =IF(J40=0,0,P40/J40*10) -> 0
C41: NTECL Valluru | P41: =SUM(K41:O41) -> 0 | Q41: =IF(J41=0,0,K41/J41*10) -> 0 | R41: =IF(J41=0,0,M41/J41*10) -> 0 | S41: =IF(J41=0,0,N41/J41*10) -> 0 | T41: =IF(J41=0,0,O41/J41*10) -> 0 | U41: =IF(J41=0,0,L41/J41*10) -> 0 | V41: =IF(J41=0,0,P41/J41*10) -> 0
C42: NLC Stage-I | P42: =SUM(K42:O42) -> 0 | Q42: =IF(J42=0,0,K42/J42*10) -> 0 | R42: =IF(J42=0,0,M42/J42*10) -> 0 | S42: =IF(J42=0,0,N42/J42*10) -> 0 | T42: =IF(J42=0,0,O42/J42*10) -> 0 | U42: =IF(J42=0,0,L42/J42*10) -> 0 | V42: =IF(J42=0,0,P42/J42*10) -> 0
C43: NLC Stage-II | P43: =SUM(K43:O43) -> 0 | Q43: =IF(J43=0,0,K43/J43*10) -> 0 | R43: =IF(J43=0,0,M43/J43*10) -> 0 | S43: =IF(J43=0,0,N43/J43*10) -> 0 | T43: =IF(J43=0,0,O43/J43*10) -> 0 | U43: =IF(J43=0,0,L43/J43*10) -> 0 | V43: =IF(J43=0,0,P43/J43*10) -> 0
C44: NPC(MAPS) | P44: =SUM(K44:O44) -> 0 | Q44: =IF(J44=0,0,K44/J44*10) -> 0 | R44: =IF(J44=0,0,M44/J44*10) -> 0 | S44: =IF(J44=0,0,N44/J44*10) -> 0 | T44: =IF(J44=0,0,O44/J44*10) -> 0 | U44: =IF(J44=0,0,L44/J44*10) -> 0 | V44: =IF(J44=0,0,P44/J44*10) -> 0
C45: NPC(KAIGA unit I,II,III,IV) | P45: =SUM(K45:O45) -> 0 | Q45: =IF(J45=0,0,K45/J45*10) -> 0 | R45: =IF(J45=0,0,M45/J45*10) -> 0 | S45: =IF(J45=0,0,N45/J45*10) -> 0 | T45: =IF(J45=0,0,O45/J45*10) -> 0 | U45: =IF(J45=0,0,L45/J45*10) -> 0 | V45: =IF(J45=0,0,P45/J45*10) -> 0
C46: NTPL(NLC TamilNadu) | P46: =SUM(K46:O46) -> 0 | Q46: =IF(J46=0,0,K46/J46*10) -> 0 | R46: =IF(J46=0,0,M46/J46*10) -> 0 | S46: =IF(J46=0,0,N46/J46*10) -> 0 | T46: =IF(J46=0,0,O46/J46*10) -> 0 | U46: =IF(J46=0,0,L46/J46*10) -> 0 | V46: =IF(J46=0,0,P46/J46*10) -> 0
... C52: Thermal Powertech Corporation | P52: =SUM(K52:O52) -> 0 | Q52: =IF(J52=0,0,K52/J52*10) -> 0 | R52: =IF(J52=0,0,M52/J52*10) -> 0 | S52: =IF(J52=0,0,N52/J52*10) -> 0 | T52: =IF(J52=0,0,O52/J52*10) -> 0 | U52: =IF(J52=0,0,L52/J52*10) -> 0 | V52: =IF(J52=0,0,P52/J52*10) -> 0
C53: Hinduja National Powercorp | Q53: =IF(J53=0,0,K53/J53*10) -> 0 | R53: =IF(J53=0,0,M53/J53*10) -> 0 | S53: =IF(J53=0,0,N53/J53*10) -> 0 | T53: =IF(J53=0,0,O53/J53*10) -> 0 | U53: =IF(J53=0,0,L53/J53*10) -> 0 | V53: =IF(J53=0,0,P53/J53*10) -> 0
C54: IPP TOTAL | P54: =SUM(K54:O54) -> 0 | Q54: =IF(J54=0,0,K54/J54*10) -> 0 | R54: =IF(J54=0,0,M54/J54*10) -> 0 | S54: =IF(J54=0,0,N54/J54*10) -> 0 | T54: =IF(J54=0,0,O54/J54*10) -> 0 | U54: =IF(J54=0,0,L54/J54*10) -> 0 | V54: =IF(J54=0,0,P54/J54*10) -> 0
C55: NCE- Others | P55: =SUM(K55:O55) -> 0 | Q55: =IF(J55=0,0,K55/J55*10) -> 0 | R55: =IF(J55=0,0,M55/J55*10) -> 0 | S55: =IF(J55=0,0,N55/J55*10) -> 0 | T55: =IF(J55=0,0,O55/J55*10) -> 0 | U55: =IF(J55=0,0,L55/J55*10) -> 0 | V55: =IF(J55=0,0,P55/J55*10) -> 0
C56: NCE Wind | P56: =SUM(K56:O56) -> 0 | Q56: =IF(J56=0,0,K56/J56*10) -> 0 | R56: =IF(J56=0,0,M56/J56*10) -> 0 | S56: =IF(J56=0,0,N56/J56*10) -> 0 | T56: =IF(J56=0,0,O56/J56*10) -> 0 | U56: =IF(J56=0,0,L56/J56*10) -> 0 | V56: =IF(J56=0,0,P56/J56*10) -> 0
C57: NCE Solar | P57: =SUM(K57:O57) -> 0 | Q57: =IF(J57=0,0,K57/J57*10) -> 0 | R57: =IF(J57=0,0,M57/J57*10) -> 0 | S57: =IF(J57=0,0,N57/J57*10) -> 0 | T57: =IF(J57=0,0,O57/J57*10) -> 0 | U57: =IF(J57=0,0,L57/J57*10) -> 0 | V57: =IF(J57=0,0,P57/J57*10) -> 0
C58: JNNSM Ph-1 Solar | Q58: =IF(J58=0,0,K58/J58*10) -> 0 | R58: =IF(J58=0,0,M58/J58*10) -> 0 | S58: =IF(J58=0,0,N58/J58*10) -> 0 | T58: =IF(J58=0,0,O58/J58*10) -> 0 | U58: =IF(J58=0,0,L58/J58*10) -> 0 | V58: =IF(J58=0,0,P58/J58*10) -> 0
C59: JNNSM Ph-2 Solar | P59: =SUM(K59:O59) -> 0 | Q59: =IF(J59=0,0,K59/J59*10) -> 0 | R59: =IF(J59=0,0,M59/J59*10) -> 0 | S59: =IF(J59=0,0,N59/J59*10) -> 0 | T59: =IF(J59=0,0,O59/J59*10) -> 0 | U59: =IF(J59=0,0,L59/J59*10) -> 0 | V59: =IF(J59=0,0,P59/J59*10) -> 0
C60: NCE TOTAL | P60: =SUM(K60:O60) -> 0 | Q60: =IF(J60=0,0,K60/J60*10) -> 0 | R60: =IF(J60=0,0,M60/J60*10) -> 0 | S60: =IF(J60=0,0,N60/J60*10) -> 0 | T60: =IF(J60=0,0,O60/J60*10) -> 0 | U60: =IF(J60=0,0,L60/J60*10) -> 0 | V60: =IF(J60=0,0,P60/J60*10) -> 0
C61: INTERSTATE TRADERS (SHORTTERM) | P61: =SUM(K61:O61) -> 0 | Q61: =IF(J61=0,0,K61/J61*10) -> 0 | R61: =IF(J61=0,0,M61/J61*10) -> 0 | S61: =IF(J61=0,0,N61/J61*10) -> 0 | T61: =IF(J61=0,0,O61/J61*10) -> 0 | U61: =IF(J61=0,0,L61/J61*10) -> 0 | V61: =IF(J61=0,0,P61/J61*10) -> 0
C62: Spectrum Power | F62: =SUM(F35:F61) -> 0 | H62: =SUM(H35:H61) -> 0 | J62: =SUM(J35:J61) -> 0 | K62: =SUM(K35:K61) -> 0 | L62: =SUM(L35:L61) -> 0 | M62: =SUM(M35:M61) -> 0 | N62: =SUM(N35:N61) -> 0 | O62: =SUM(O35:O61) -> 0 | P62: =SUM(K62:O62) -> 0 | Q62: =IF(J62=0,0,K62/J62*10) -> 0 | R62: =IF(J62=0,0,M62/J62*10) -> 0 | S62: =IF(J62=0,0,N62/J62*10) -> 0 | T62: =IF(J62=0,0,O62/J62*10) -> 0 | U62: =IF(J62=0,0,L62/J62*10) -> 0 | V62: =IF(J62=0,0,P62/J62*10) -> 0
C63: LANCO Kondapalli | F63: =SUM(F62,F34) -> 0 | H63: =SUM(H62,H34) -> 0 | J63: =SUM(J62,J34) -> 0 | K63: =SUM(K62,K34) -> 0 | L63: =SUM(L62,L34) -> 0 | M63: =SUM(M62,M34) -> 0 | N63: =SUM(N62,N34) -> 0 | O63: =SUM(O62,O34) -> 0 | P63: =SUM(K63:O63) -> 0 | Q63: =IF(J63=0,0,K63/J63*10) -> 0 | R63: =IF(J63=0,0,M63/J63*10) -> 0 | S63: =IF(J63=0,0,N63/J63*10) -> 0 | T63: =IF(J63=0,0,O63/J63*10) -> 0 | U63: =IF(J63=0,0,L63/J63*10) -> 0 | V63: =IF(J63=0,0,P63/J63*10) -> 0
C64: SHORTTERM TOTAL | P64: =SUM(K64:O64) -> 0 | Q64: =IF(J64=0,0,K64/J64*10) -> 0 | R64: =IF(J64=0,0,M64/J64*10) -> 0 | S64: =IF(J64=0,0,N64/J64*10) -> 0 | T64: =IF(J64=0,0,O64/J64*10) -> 0 | U64: =IF(J64=0,0,L64/J64*10) -> 0 | V64: =IF(J64=0,0,P64/J64*10) -> 0
C65: TOTAL | P65: =SUM(K65:O65) -> 0 | Q65: =IF(J65=0,0,K65/J65*10) -> 0 | R65: =IF(J65=0,0,M65/J65*10) -> 0 | S65: =IF(J65=0,0,N65/J65*10) -> 0 | T65: =IF(J65=0,0,O65/J65*10) -> 0 | U65: =IF(J65=0,0,L65/J65*10) -> 0 | V65: =IF(J65=0,0,P65/J65*10) -> 0
C66: D<>D Transaction | Q66: =IF(J66=0,0,K66/J66*10) -> 0 | R66: =IF(J66=0,0,M66/J66*10) -> 0 | S66: =IF(J66=0,0,N66/J66*10) -> 0 | T66: =IF(J66=0,0,O66/J66*10) -> 0 | U66: =IF(J66=0,0,L66/J66*10) -> 0 | V66: =IF(J66=0,0,P66/J66*10) -> 0
C67: Grand Total | Q67: =IF(J67=0,0,K67/J67*10) -> 0 | R67: =IF(J67=0,0,M67/J67*10) -> 0 | S67: =IF(J67=0,0,N67/J67*10) -> 0 | T67: =IF(J67=0,0,O67/J67*10) -> 0 | U67: =IF(J67=0,0,L67/J67*10) -> 0 | V67: =IF(J67=0,0,P67/J67*10) -> 0
C68: Note: Hydro cost break up details need to be provided based on appropriate methodology. In case it is not possible to segregate the cost station wise, provide the total details in the empty rows in the APGenco Hydro stations section saying ALL APGenco Hydro (Combined)
C70: FY 2024-25
C71: Generating Station | D71: D Link | E71: Plant Type Must Run = 1 Others = 2 | F71: Plant Capacity | G71: DISCOM's share | H71: DISCOM's share | I71: Availability and Dispatch (MU) | K71: Cost (Rs. Crs.) | Q71: Unit Cost (Rs. / kWh) | W71: Remarks
F72: (MW) | G72: (%) | H72: (MW) | I72: Net Availability | J72: Dispatch | K72: Fixed | L72: Variable | M72: Incentive | N72: Income Tax | O72: Others | P72: Total | Q72: Fixed | R72: Incentives | S72: Income Tax | T72: Others | U72: Variable | V72: Total
C73: Apgenco-Thermal
C74: Dr. NTTPS | P74: =SUM(K74:O74) -> 0 | Q74: =IF(J74=0,0,K74/J74*10) -> 0 | R74: =IF(J74=0,0,M74/J74*10) -> 0 | S74: =IF(J74=0,0,N74/J74*10) -> 0 | T74: =IF(J74=0,0,O74/J74*10) -> 0 | U74: =IF(J74=0,0,L74/J74*10) -> 0 | V74: =IF(J74=0,0,P74/J74*10) -> 0
C75: Dr. NTTPS-IV | P75: =SUM(K75:O75) -> 0 | Q75: =IF(J75=0,0,K75/J75*10) -> 0 | R75: =IF(J75=0,0,M75/J75*10) -> 0 | S75: =IF(J75=0,0,N75/J75*10) -> 0 | T75: =IF(J75=0,0,O75/J75*10) -> 0 | U75: =IF(J75=0,0,L75/J75*10) -> 0 | V75: =IF(J75=0,0,P75/J75*10) -> 0
C76: RTPP Stage-I | P76: =SUM(K76:O76) -> 0 | Q76: =IF(J76=0,0,K76/J76*10) -> 0 | R76: =IF(J76=0,0,M76/J76*10) -> 0 | S76: =IF(J76=0,0,N76/J76*10) -> 0 | T76: =IF(J76=0,0,O76/J76*10) -> 0 | U76: =IF(J76=0,0,L76/J76*10) -> 0 | V76: =IF(J76=0,0,P76/J76*10) -> 0
C77: RTPP Stage-II | P77: =SUM(K77:O77) -> 0 | Q77: =IF(J77=0,0,K77/J77*10) -> 0 | R77: =IF(J77=0,0,M77/J77*10) -> 0 | S77: =IF(J77=0,0,N77/J77*10) -> 0 | T77: =IF(J77=0,0,O77/J77*10) -> 0 | U77: =IF(J77=0,0,L77/J77*10) -> 0 | V77: =IF(J77=0,0,P77/J77*10) -> 0
C78: RTPP Stage-III | P78: =SUM(K78:O78) -> 0 | Q78: =IF(J78=0,0,K78/J78*10) -> 0 | R78: =IF(J78=0,0,M78/J78*10) -> 0 | S78: =IF(J78=0,0,N78/J78*10) -> 0 | T78: =IF(J78=0,0,O78/J78*10) -> 0 | U78: =IF(J78=0,0,L78/J78*10) -> 0 | V78: =IF(J78=0,0,P78/J78*10) -> 0
C79: RTPP Stage-IV | P79: =SUM(K79:O79) -> 0 | Q79: =IF(J79=0,0,K79/J79*10) -> 0 | R79: =IF(J79=0,0,M79/J79*10) -> 0 | S79: =IF(J79=0,0,N79/J79*10) -> 0 | T79: =IF(J79=0,0,O79/J79*10) -> 0 | U79: =IF(J79=0,0,L79/J79*10) -> 0 | V79: =IF(J79=0,0,P79/J79*10) -> 0
C80: Genco-Thermal Total | P80: =SUM(K80:O80) -> 0 | Q80: =IF(J80=0,0,K80/J80*10) -> 0 | R80: =IF(J80=0,0,M80/J80*10) -> 0 | S80: =IF(J80=0,0,N80/J80*10) -> 0 | T80: =IF(J80=0,0,O80/J80*10) -> 0 | U80: =IF(J80=0,0,L80/J80*10) -> 0 | V80: =IF(J80=0,0,P80/J80*10) -> 0
C81: Srisailam RCPH | P81: =SUM(K81:O81) -> 0 | Q81: =IF(J81=0,0,K81/J81*10) -> 0 | R81: =IF(J81=0,0,M81/J81*10) -> 0 | S81: =IF(J81=0,0,N81/J81*10) -> 0 | T81: =IF(J81=0,0,O81/J81*10) -> 0 | U81: =IF(J81=0,0,L81/J81*10) -> 0 | V81: =IF(J81=0,0,P81/J81*10) -> 0
C82: NSRCPH | P82: =SUM(K82:O82) -> 0 | Q82: =IF(J82=0,0,K82/J82*10) -> 0 | R82: =IF(J82=0,0,M82/J82*10) -> 0 | S82: =IF(J82=0,0,N82/J82*10) -> 0 | T82: =IF(J82=0,0,O82/J82*10) -> 0 | U82: =IF(J82=0,0,L82/J82*10) -> 0 | V82: =IF(J82=0,0,P82/J82*10) -> 0
C83: NSTPDC PH | P83: =SUM(K83:O83) -> 0 | Q83: =IF(J83=0,0,K83/J83*10) -> 0 | R83: =IF(J83=0,0,M83/J83*10) -> 0 | S83: =IF(J83=0,0,N83/J83*10) -> 0 | T83: =IF(J83=0,0,O83/J83*10) -> 0 | U83: =IF(J83=0,0,L83/J83*10) -> 0 | V83: =IF(J83=0,0,P83/J83*10) -> 0
C84: Upper Sileru | P84: =SUM(K84:O84) -> 0 | Q84: =IF(J84=0,0,K84/J84*10) -> 0 | R84: =IF(J84=0,0,M84/J84*10) -> 0 | S84: =IF(J84=0,0,N84/J84*10) -> 0 | T84: =IF(J84=0,0,O84/J84*10) -> 0 | U84: =IF(J84=0,0,L84/J84*10) -> 0 | V84: =IF(J84=0,0,P84/J84*10) -> 0
C85: Lower Sileru | P85: =SUM(K85:O85) -> 0 | Q85: =IF(J85=0,0,K85/J85*10) -> 0 | R85: =IF(J85=0,0,M85/J85*10) -> 0 | S85: =IF(J85=0,0,N85/J85*10) -> 0 | T85: =IF(J85=0,0,O85/J85*10) -> 0 | U85: =IF(J85=0,0,L85/J85*10) -> 0 | V85: =IF(J85=0,0,P85/J85*10) -> 0
... C96: Godavari Gas Power Plant | P96: =SUM(K96:O96) -> 0 | Q96: =IF(J96=0,0,K96/J96*10) -> 0 | R96: =IF(J96=0,0,M96/J96*10) -> 0 | S96: =IF(J96=0,0,N96/J96*10) -> 0 | T96: =IF(J96=0,0,O96/J96*10) -> 0 | U96: =IF(J96=0,0,L96/J96*10) -> 0 | V96: =IF(J96=0,0,P96/J96*10) -> 0
C97: Joint Sector-TOTAL | F97: =SUM(F76:F96) -> 0 | H97: =SUM(H76:H96) -> 0 | J97: =SUM(J76:J96) -> 0 | K97: =SUM(K76:K96) -> 0 | L97: =SUM(L76:L96) -> 0 | M97: =SUM(M76:M96) -> 0 | N97: =SUM(N76:N96) -> 0 | O97: =SUM(O76:O96) -> 0 | P97: =SUM(K97:O97) -> 0 | Q97: =IF(J97=0,0,K97/J97*10) -> 0 | R97: =IF(J97=0,0,M97/J97*10) -> 0 | S97: =IF(J97=0,0,N97/J97*10) -> 0 | T97: =IF(J97=0,0,O97/J97*10) -> 0 | U97: =IF(J97=0,0,L97/J97*10) -> 0 | V97: =IF(J97=0,0,P97/J97*10) -> 0
C98: NTPC(SR) Ramagundam I & II | P98: =SUM(K98:O98) -> 0 | Q98: =IF(J98=0,0,K98/J98*10) -> 0 | R98: =IF(J98=0,0,M98/J98*10) -> 0 | S98: =IF(J98=0,0,N98/J98*10) -> 0 | T98: =IF(J98=0,0,O98/J98*10) -> 0 | U98: =IF(J98=0,0,L98/J98*10) -> 0 | V98: =IF(J98=0,0,P98/J98*10) -> 0
C99: NTPC(SR) Simhadri Stage-I | P99: =SUM(K99:O99) -> 0 | Q99: =IF(J99=0,0,K99/J99*10) -> 0 | R99: =IF(J99=0,0,M99/J99*10) -> 0 | S99: =IF(J99=0,0,N99/J99*10) -> 0 | T99: =IF(J99=0,0,O99/J99*10) -> 0 | U99: =IF(J99=0,0,L99/J99*10) -> 0 | V99: =IF(J99=0,0,P99/J99*10) -> 0
C100: NTPC(SR) Simhadri Stage-II | P100: =SUM(K100:O100) -> 0 | Q100: =IF(J100=0,0,K100/J100*10) -> 0 | R100: =IF(J100=0,0,M100/J100*10) -> 0 | S100: =IF(J100=0,0,N100/J100*10) -> 0 | T100: =IF(J100=0,0,O100/J100*10) -> 0 | U100: =IF(J100=0,0,L100/J100*10) -> 0 | V100: =IF(J100=0,0,P100/J100*10) -> 0
C101: NTPC(SR) Talcher Stage-II | P101: =SUM(K101:O101) -> 0 | Q101: =IF(J101=0,0,K101/J101*10) -> 0 | R101: =IF(J101=0,0,M101/J101*10) -> 0 | S101: =IF(J101=0,0,N101/J101*10) -> 0 | T101: =IF(J101=0,0,O101/J101*10) -> 0 | U101: =IF(J101=0,0,L101/J101*10) -> 0 | V101: =IF(J101=0,0,P101/J101*10) -> 0
C102: NTPC(SR) Ramagundam III | P102: =SUM(K102:O102) -> 0 | Q102: =IF(J102=0,0,K102/J102*10) -> 0 | R102: =IF(J102=0,0,M102/J102*10) -> 0 | S102: =IF(J102=0,0,N102/J102*10) -> 0 | T102: =IF(J102=0,0,O102/J102*10) -> 0 | U102: =IF(J102=0,0,L102/J102*10) -> 0 | V102: =IF(J102=0,0,P102/J102*10) -> 0
C103: NTPC Kudgi Stage-I | P103: =SUM(K103:O103) -> 0 | Q103: =IF(J103=0,0,K103/J103*10) -> 0 | R103: =IF(J103=0,0,M103/J103*10) -> 0 | S103: =IF(J103=0,0,N103/J103*10) -> 0 | T103: =IF(J103=0,0,O103/J103*10) -> 0 | U103: =IF(J103=0,0,L103/J103*10) -> 0 | V103: =IF(J103=0,0,P103/J103*10) -> 0
C104: NTECL Valluru | P104: =SUM(K104:O104) -> 0 | Q104: =IF(J104=0,0,K104/J104*10) -> 0 | R104: =IF(J104=0,0,M104/J104*10) -> 0 | S104: =IF(J104=0,0,N104/J104*10) -> 0 | T104: =IF(J104=0,0,O104/J104*10) -> 0 | U104: =IF(J104=0,0,L104/J104*10) -> 0 | V104: =IF(J104=0,0,P104/J104*10) -> 0
C105: NLC Stage-I | P105: =SUM(K105:O105) -> 0 | Q105: =IF(J105=0,0,K105/J105*10) -> 0 | R105: =IF(J105=0,0,M105/J105*10) -> 0 | S105: =IF(J105=0,0,N105/J105*10) -> 0 | T105: =IF(J105=0,0,O105/J105*10) -> 0 | U105: =IF(J105=0,0,L105/J105*10) -> 0 | V105: =IF(J105=0,0,P105/J105*10) -> 0
C106: NLC Stage-II | P106: =SUM(K106:O106) -> 0 | Q106: =IF(J106=0,0,K106/J106*10) -> 0 | R106: =IF(J106=0,0,M106/J106*10) -> 0 | S106: =IF(J106=0,0,N106/J106*10) -> 0 | T106: =IF(J106=0,0,O106/J106*10) -> 0 | U106: =IF(J106=0,0,L106/J106*10) -> 0 | V106: =IF(J106=0,0,P106/J106*10) -> 0
C107: NPC(MAPS) | P107: =SUM(K107:O107) -> 0 | Q107: =IF(J107=0,0,K107/J107*10) -> 0 | R107: =IF(J107=0,0,M107/J107*10) -> 0 | S107: =IF(J107=0,0,N107/J107*10) -> 0 | T107: =IF(J107=0,0,O107/J107*10) -> 0 | U107: =IF(J107=0,0,L107/J107*10) -> 0 | V107: =IF(J107=0,0,P107/J107*10) -> 0
C108: NPC(KAIGA unit I,II,III,IV) | P108: =SUM(K108:O108) -> 0 | Q108: =IF(J108=0,0,K108/J108*10) -> 0 | R108: =IF(J108=0,0,M108/J108*10) -> 0 | S108: =IF(J108=0,0,N108/J108*10) -> 0 | T108: =IF(J108=0,0,O108/J108*10) -> 0 | U108: =IF(J108=0,0,L108/J108*10) -> 0 | V108: =IF(J108=0,0,P108/J108*10) -> 0
C109: NTPL(NLC TamilNadu) | P109: =SUM(K109:O109) -> 0 | Q109: =IF(J109=0,0,K109/J109*10) -> 0 | R109: =IF(J109=0,0,M109/J109*10) -> 0 | S109: =IF(J109=0,0,N109/J109*10) -> 0 | T109: =IF(J109=0,0,O109/J109*10) -> 0 | U109: =IF(J109=0,0,L109/J109*10) -> 0 | V109: =IF(J109=0,0,P109/J109*10) -> 0
... C115: Thermal Powertech Corporation | P115: =SUM(K115:O115) -> 0 | Q115: =IF(J115=0,0,K115/J115*10) -> 0 | R115: =IF(J115=0,0,M115/J115*10) -> 0 | S115: =IF(J115=0,0,N115/J115*10) -> 0 | T115: =IF(J115=0,0,O115/J115*10) -> 0 | U115: =IF(J115=0,0,L115/J115*10) -> 0 | V115: =IF(J115=0,0,P115/J115*10) -> 0
C116: Hinduja National Powercorp | Q116: =IF(J116=0,0,K116/J116*10) -> 0 | R116: =IF(J116=0,0,M116/J116*10) -> 0 | S116: =IF(J116=0,0,N116/J116*10) -> 0 | T116: =IF(J116=0,0,O116/J116*10) -> 0 | U116: =IF(J116=0,0,L116/J116*10) -> 0 | V116: =IF(J116=0,0,P116/J116*10) -> 0
C117: IPP TOTAL | P117: =SUM(K117:O117) -> 0 | Q117: =IF(J117=0,0,K117/J117*10) -> 0 | R117: =IF(J117=0,0,M117/J117*10) -> 0 | S117: =IF(J117=0,0,N117/J117*10) -> 0 | T117: =IF(J117=0,0,O117/J117*10) -> 0 | U117: =IF(J117=0,0,L117/J117*10) -> 0 | V117: =IF(J117=0,0,P117/J117*10) -> 0
C118: NCE- Others | P118: =SUM(K118:O118) -> 0 | Q118: =IF(J118=0,0,K118/J118*10) -> 0 | R118: =IF(J118=0,0,M118/J118*10) -> 0 | S118: =IF(J118=0,0,N118/J118*10) -> 0 | T118: =IF(J118=0,0,O118/J118*10) -> 0 | U118: =IF(J118=0,0,L118/J118*10) -> 0 | V118: =IF(J118=0,0,P118/J118*10) -> 0
C119: NCE Wind | P119: =SUM(K119:O119) -> 0 | Q119: =IF(J119=0,0,K119/J119*10) -> 0 | R119: =IF(J119=0,0,M119/J119*10) -> 0 | S119: =IF(J119=0,0,N119/J119*10) -> 0 | T119: =IF(J119=0,0,O119/J119*10) -> 0 | U119: =IF(J119=0,0,L119/J119*10) -> 0 | V119: =IF(J119=0,0,P119/J119*10) -> 0
C120: NCE Solar | P120: =SUM(K120:O120) -> 0 | Q120: =IF(J120=0,0,K120/J120*10) -> 0 | R120: =IF(J120=0,0,M120/J120*10) -> 0 | S120: =IF(J120=0,0,N120/J120*10) -> 0 | T120: =IF(J120=0,0,O120/J120*10) -> 0 | U120: =IF(J120=0,0,L120/J120*10) -> 0 | V120: =IF(J120=0,0,P120/J120*10) -> 0
C121: JNNSM Ph-1 Solar | Q121: =IF(J121=0,0,K121/J121*10) -> 0 | R121: =IF(J121=0,0,M121/J121*10) -> 0 | S121: =IF(J121=0,0,N121/J121*10) -> 0 | T121: =IF(J121=0,0,O121/J121*10) -> 0 | U121: =IF(J121=0,0,L121/J121*10) -> 0 | V121: =IF(J121=0,0,P121/J121*10) -> 0
C122: JNNSM Ph-2 Solar | P122: =SUM(K122:O122) -> 0 | Q122: =IF(J122=0,0,K122/J122*10) -> 0 | R122: =IF(J122=0,0,M122/J122*10) -> 0 | S122: =IF(J122=0,0,N122/J122*10) -> 0 | T122: =IF(J122=0,0,O122/J122*10) -> 0 | U122: =IF(J122=0,0,L122/J122*10) -> 0 | V122: =IF(J122=0,0,P122/J122*10) -> 0
C123: NCE TOTAL | P123: =SUM(K123:O123) -> 0 | Q123: =IF(J123=0,0,K123/J123*10) -> 0 | R123: =IF(J123=0,0,M123/J123*10) -> 0 | S123: =IF(J123=0,0,N123/J123*10) -> 0 | T123: =IF(J123=0,0,O123/J123*10) -> 0 | U123: =IF(J123=0,0,L123/J123*10) -> 0 | V123: =IF(J123=0,0,P123/J123*10) -> 0
C124: INTERSTATE TRADERS (SHORTTERM) | P124: =SUM(K124:O124) -> 0 | Q124: =IF(J124=0,0,K124/J124*10) -> 0 | R124: =IF(J124=0,0,M124/J124*10) -> 0 | S124: =IF(J124=0,0,N124/J124*10) -> 0 | T124: =IF(J124=0,0,O124/J124*10) -> 0 | U124: =IF(J124=0,0,L124/J124*10) -> 0 | V124: =IF(J124=0,0,P124/J124*10) -> 0
C125: Spectrum Power | F125: =SUM(F98:F124) -> 0 | H125: =SUM(H98:H124) -> 0 | J125: =SUM(J98:J124) -> 0 | K125: =SUM(K98:K124) -> 0 | L125: =SUM(L98:L124) -> 0 | M125: =SUM(M98:M124) -> 0 | N125: =SUM(N98:N124) -> 0 | O125: =SUM(O98:O124) -> 0 | P125: =SUM(K125:O125) -> 0 | Q125: =IF(J125=0,0,K125/J125*10) -> 0 | R125: =IF(J125=0,0,M125/J125*10) -> 0 | S125: =IF(J125=0,0,N125/J125*10) -> 0 | T125: =IF(J125=0,0,O125/J125*10) -> 0 | U125: =IF(J125=0,0,L125/J125*10) -> 0 | V125: =IF(J125=0,0,P125/J125*10) -> 0
C126: LANCO Kondapalli | F126: =SUM(F125,F97) -> 0 | H126: =SUM(H125,H97) -> 0 | J126: =SUM(J125,J97) -> 0 | K126: =SUM(K125,K97) -> 0 | L126: =SUM(L125,L97) -> 0 | M126: =SUM(M125,M97) -> 0 | N126: =SUM(N125,N97) -> 0 | O126: =SUM(O125,O97) -> 0 | P126: =SUM(K126:O126) -> 0 | Q126: =IF(J126=0,0,K126/J126*10) -> 0 | R126: =IF(J126=0,0,M126/J126*10) -> 0 | S126: =IF(J126=0,0,N126/J126*10) -> 0 | T126: =IF(J126=0,0,O126/J126*10) -> 0 | U126: =IF(J126=0,0,L126/J126*10) -> 0 | V126: =IF(J126=0,0,P126/J126*10) -> 0
C127: SHORTTERM TOTAL | P127: =SUM(K127:O127) -> 0 | Q127: =IF(J127=0,0,K127/J127*10) -> 0 | R127: =IF(J127=0,0,M127/J127*10) -> 0 | S127: =IF(J127=0,0,N127/J127*10) -> 0 | T127: =IF(J127=0,0,O127/J127*10) -> 0 | U127: =IF(J127=0,0,L127/J127*10) -> 0 | V127: =IF(J127=0,0,P127/J127*10) -> 0
C128: TOTAL | P128: =SUM(K128:O128) -> 0 | Q128: =IF(J128=0,0,K128/J128*10) -> 0 | R128: =IF(J128=0,0,M128/J128*10) -> 0 | S128: =IF(J128=0,0,N128/J128*10) -> 0 | T128: =IF(J128=0,0,O128/J128*10) -> 0 | U128: =IF(J128=0,0,L128/J128*10) -> 0 | V128: =IF(J128=0,0,P128/J128*10) -> 0
C129: D<>D Transaction | Q129: =IF(J129=0,0,K129/J129*10) -> 0 | R129: =IF(J129=0,0,M129/J129*10) -> 0 | S129: =IF(J129=0,0,N129/J129*10) -> 0 | T129: =IF(J129=0,0,O129/J129*10) -> 0 | U129: =IF(J129=0,0,L129/J129*10) -> 0 | V129: =IF(J129=0,0,P129/J129*10) -> 0
C130: Grand Total | Q130: =IF(J130=0,0,K130/J130*10) -> 0 | R130: =IF(J130=0,0,M130/J130*10) -> 0 | S130: =IF(J130=0,0,N130/J130*10) -> 0 | T130: =IF(J130=0,0,O130/J130*10) -> 0 | U130: =IF(J130=0,0,L130/J130*10) -> 0 | V130: =IF(J130=0,0,P130/J130*10) -> 0

Sheet 1.4(i)|NCE-B Year 
A1: Index sheet | AL1: 1
AL2: 2
B3: Form 1.4(i) | C3: NCE Generation
B4: Base Year | C4: FY 2023-24
B5: Plant wise NCE Generation and Cost Details for Base Year. The Total should be consistent with values provided in Form 1.4 under NCE.
B7: TYPE | C7: Name | D7: Location | E7: Plant Capacity | F7: DISCOM's share | G7: DISCOM's share | H7: Availability and Dispatch (MU) | J7: Cost (Rs. Crs.) | P7: Unit Cost (Rs. / kWh) | V7: Remarks
E8: (MW) | F8: (%) | G8: (MW) | H8: Net Availability | I8: Dispatch | J8: Fixed | K8: Variable | L8: Incentive | M8: Inc. Tax | N8: Others | O8: Total | P8: Fixed | Q8: Incentives | R8: Inc. Tax | S8: Others | T8: Variable | U8: Total
B9: Bio-Mass | O9: =SUM(J9:N9) -> 0 | P9: =IF(I9=0,0,J9/I9*10) -> 0 | Q9: =IF(I9=0,0,K9/I9*10) -> 0 | R9: =IF(I9=0,0,L9/I9*10) -> 0 | S9: =IF(I9=0,0,M9/I9*10) -> 0 | T9: =IF(I9=0,0,N9/I9*10) -> 0 | U9: =IF(I9=0,0,O9/I9*10) -> 0
O10: =SUM(J10:N10) -> 0 | P10: =IF(I10=0,0,J10/I10*10) -> 0 | Q10: =IF(I10=0,0,K10/I10*10) -> 0 | R10: =IF(I10=0,0,L10/I10*10) -> 0 | S10: =IF(I10=0,0,M10/I10*10) -> 0 | T10: =IF(I10=0,0,N10/I10*10) -> 0 | U10: =IF(I10=0,0,O10/I10*10) -> 0
O11: =SUM(J11:N11) -> 0 | P11: =IF(I11=0,0,J11/I11*10) -> 0 | Q11: =IF(I11=0,0,K11/I11*10) -> 0 | R11: =IF(I11=0,0,L11/I11*10) -> 0 | S11: =IF(I11=0,0,M11/I11*10) -> 0 | T11: =IF(I11=0,0,N11/I11*10) -> 0 | U11: =IF(I11=0,0,O11/I11*10) -> 0
O12: =SUM(J12:N12) -> 0 | P12: =IF(I12=0,0,J12/I12*10) -> 0 | Q12: =IF(I12=0,0,K12/I12*10) -> 0 | R12: =IF(I12=0,0,L12/I12*10) -> 0 | S12: =IF(I12=0,0,M12/I12*10) -> 0 | T12: =IF(I12=0,0,N12/I12*10) -> 0 | U12: =IF(I12=0,0,O12/I12*10) -> 0
O13: =SUM(J13:N13) -> 0 | P13: =IF(I13=0,0,J13/I13*10) -> 0 | Q13: =IF(I13=0,0,K13/I13*10) -> 0 | R13: =IF(I13=0,0,L13/I13*10) -> 0 | S13: =IF(I13=0,0,M13/I13*10) -> 0 | T13: =IF(I13=0,0,N13/I13*10) -> 0 | U13: =IF(I13=0,0,O13/I13*10) -> 0
O14: =SUM(J14:N14) -> 0 | P14: =IF(I14=0,0,J14/I14*10) -> 0 | Q14: =IF(I14=0,0,K14/I14*10) -> 0 | R14: =IF(I14=0,0,L14/I14*10) -> 0 | S14: =IF(I14=0,0,M14/I14*10) -> 0 | T14: =IF(I14=0,0,N14/I14*10) -> 0 | U14: =IF(I14=0,0,O14/I14*10) -> 0
O15: =SUM(J15:N15) -> 0 | P15: =IF(I15=0,0,J15/I15*10) -> 0 | Q15: =IF(I15=0,0,K15/I15*10) -> 0 | R15: =IF(I15=0,0,L15/I15*10) -> 0 | S15: =IF(I15=0,0,M15/I15*10) -> 0 | T15: =IF(I15=0,0,N15/I15*10) -> 0 | U15: =IF(I15=0,0,O15/I15*10) -> 0
O16: =SUM(J16:N16) -> 0 | P16: =IF(I16=0,0,J16/I16*10) -> 0 | Q16: =IF(I16=0,0,K16/I16*10) -> 0 | R16: =IF(I16=0,0,L16/I16*10) -> 0 | S16: =IF(I16=0,0,M16/I16*10) -> 0 | T16: =IF(I16=0,0,N16/I16*10) -> 0 | U16: =IF(I16=0,0,O16/I16*10) -> 0
B17: Total Bio-mass | G17: =SUM(G9:G16) -> 0 | H17: =SUM(H9:H16) -> 0 | I17: =SUM(I9:I16) -> 0 | J17: =SUM(J9:J16) -> 0 | K17: =SUM(K9:K16) -> 0 | L17: =SUM(L9:L16) -> 0 | M17: =SUM(M9:M16) -> 0 | N17: =SUM(N9:N16) -> 0 | O17: =SUM(J17:N17) -> 0 | P17: =IF(I17=0,0,J17/I17*10) -> 0 | Q17: =IF(I17=0,0,K17/I17*10) -> 0 | R17: =IF(I17=0,0,L17/I17*10) -> 0 | S17: =IF(I17=0,0,M17/I17*10) -> 0 | T17: =IF(I17=0,0,N17/I17*10) -> 0 | U17: =IF(I17=0,0,O17/I17*10) -> 0
B18: Bagasse | O18: =SUM(J18:N18) -> 0 | P18: =IF(I18=0,0,J18/I18*10) -> 0 | Q18: =IF(I18=0,0,K18/I18*10) -> 0 | R18: =IF(I18=0,0,L18/I18*10) -> 0 | S18: =IF(I18=0,0,M18/I18*10) -> 0 | T18: =IF(I18=0,0,N18/I18*10) -> 0 | U18: =IF(I18=0,0,O18/I18*10) -> 0
O19: =SUM(J19:N19) -> 0 | P19: =IF(I19=0,0,J19/I19*10) -> 0 | Q19: =IF(I19=0,0,K19/I19*10) -> 0 | R19: =IF(I19=0,0,L19/I19*10) -> 0 | S19: =IF(I19=0,0,M19/I19*10) -> 0 | T19: =IF(I19=0,0,N19/I19*10) -> 0 | U19: =IF(I19=0,0,O19/I19*10) -> 0
B20: Total Bagasse | G20: =SUM(G18:G19) -> 0 | H20: =SUM(H18:H19) -> 0 | I20: =SUM(I18:I19) -> 0 | J20: =SUM(J18:J19) -> 0 | K20: =SUM(K18:K19) -> 0 | L20: =SUM(L18:L19) -> 0 | M20: =SUM(M18:M19) -> 0 | N20: =SUM(N18:N19) -> 0 | O20: =SUM(J20:N20) -> 0 | P20: =IF(I20=0,0,J20/I20*10) -> 0 | Q20: =IF(I20=0,0,K20/I20*10) -> 0 | R20: =IF(I20=0,0,L20/I20*10) -> 0 | S20: =IF(I20=0,0,M20/I20*10) -> 0 | T20: =IF(I20=0,0,N20/I20*10) -> 0 | U20: =IF(I20=0,0,O20/I20*10) -> 0
B21: Municipal Waste to Energy | O21: =SUM(J21:N21) -> 0 | P21: =IF(I21=0,0,J21/I21*10) -> 0 | Q21: =IF(I21=0,0,K21/I21*10) -> 0 | R21: =IF(I21=0,0,L21/I21*10) -> 0 | S21: =IF(I21=0,0,M21/I21*10) -> 0 | T21: =IF(I21=0,0,N21/I21*10) -> 0 | U21: =IF(I21=0,0,O21/I21*10) -> 0
O22: =SUM(J22:N22) -> 0 | P22: =IF(I22=0,0,J22/I22*10) -> 0 | Q22: =IF(I22=0,0,K22/I22*10) -> 0 | R22: =IF(I22=0,0,L22/I22*10) -> 0 | S22: =IF(I22=0,0,M22/I22*10) -> 0 | T22: =IF(I22=0,0,N22/I22*10) -> 0 | U22: =IF(I22=0,0,O22/I22*10) -> 0
O23: =SUM(J23:N23) -> 0 | P23: =IF(I23=0,0,J23/I23*10) -> 0 | Q23: =IF(I23=0,0,K23/I23*10) -> 0 | R23: =IF(I23=0,0,L23/I23*10) -> 0 | S23: =IF(I23=0,0,M23/I23*10) -> 0 | T23: =IF(I23=0,0,N23/I23*10) -> 0 | U23: =IF(I23=0,0,O23/I23*10) -> 0
B24: Total Municipal Waste to Energy | G24: =SUM(G21:G23) -> 0 | H24: =SUM(H21:H23) -> 0 | I24: =SUM(I21:I23) -> 0 | J24: =SUM(J21:J23) -> 0 | K24: =SUM(K21:K23) -> 0 | L24: =SUM(L21:L23) -> 0 | M24: =SUM(M21:M23) -> 0 | N24: =SUM(N21:N23) -> 0 | O24: =SUM(J24:N24) -> 0 | P24: =IF(I24=0,0,J24/I24*10) -> 0 | Q24: =IF(I24=0,0,K24/I24*10) -> 0 | R24: =IF(I24=0,0,L24/I24*10) -> 0 | S24: =IF(I24=0,0,M24/I24*10) -> 0 | T24: =IF(I24=0,0,N24/I24*10) -> 0 | U24: =IF(I24=0,0,O24/I24*10) -> 0
B25: Industrial Waste based power project | O25: =SUM(J25:N25) -> 0 | P25: =IF(I25=0,0,J25/I25*10) -> 0 | Q25: =IF(I25=0,0,K25/I25*10) -> 0 | R25: =IF(I25=0,0,L25/I25*10) -> 0 | S25: =IF(I25=0,0,M25/I25*10) -> 0 | T25: =IF(I25=0,0,N25/I25*10) -> 0 | U25: =IF(I25=0,0,O25/I25*10) -> 0
B26: Total Industrial Waste | G26: =SUM(G25:G25) -> 0 | H26: =SUM(H25:H25) -> 0 | I26: =SUM(I25:I25) -> 0 | J26: =SUM(J25:J25) -> 0 | K26: =SUM(K25:K25) -> 0 | L26: =SUM(L25:L25) -> 0 | M26: =SUM(M25:M25) -> 0 | N26: =SUM(N25:N25) -> 0 | O26: =SUM(J26:N26) -> 0 | P26: =IF(I26=0,0,J26/I26*10) -> 0 | Q26: =IF(I26=0,0,K26/I26*10) -> 0 | R26: =IF(I26=0,0,L26/I26*10) -> 0 | S26: =IF(I26=0,0,M26/I26*10) -> 0 | T26: =IF(I26=0,0,N26/I26*10) -> 0 | U26: =IF(I26=0,0,O26/I26*10) -> 0
B27: Wind Power | O27: =SUM(J27:N27) -> 0 | P27: =IF(I27=0,0,J27/I27*10) -> 0 | Q27: =IF(I27=0,0,K27/I27*10) -> 0 | R27: =IF(I27=0,0,L27/I27*10) -> 0 | S27: =IF(I27=0,0,M27/I27*10) -> 0 | T27: =IF(I27=0,0,N27/I27*10) -> 0 | U27: =IF(I27=0,0,O27/I27*10) -> 0
B28: Total Wind Power | G28: =SUM(G27:G27) -> 0 | H28: =SUM(H27:H27) -> 0 | I28: =SUM(I27:I27) -> 0 | J28: =SUM(J27:J27) -> 0 | K28: =SUM(K27:K27) -> 0 | L28: =SUM(L27:L27) -> 0 | M28: =SUM(M27:M27) -> 0 | N28: =SUM(N27:N27) -> 0 | O28: =SUM(J28:N28) -> 0 | P28: =IF(I28=0,0,J28/I28*10) -> 0 | Q28: =IF(I28=0,0,K28/I28*10) -> 0 | R28: =IF(I28=0,0,L28/I28*10) -> 0 | S28: =IF(I28=0,0,M28/I28*10) -> 0 | T28: =IF(I28=0,0,N28/I28*10) -> 0 | U28: =IF(I28=0,0,O28/I28*10) -> 0
B29: Mini Hydel | O29: =SUM(J29:N29) -> 0 | P29: =IF(I29=0,0,J29/I29*10) -> 0 | Q29: =IF(I29=0,0,K29/I29*10) -> 0 | R29: =IF(I29=0,0,L29/I29*10) -> 0 | S29: =IF(I29=0,0,M29/I29*10) -> 0 | T29: =IF(I29=0,0,N29/I29*10) -> 0 | U29: =IF(I29=0,0,O29/I29*10) -> 0
B30: Total Mini Hydel | G30: =SUM(G29:G29) -> 0 | H30: =SUM(H29:H29) -> 0 | I30: =SUM(I29:I29) -> 0 | J30: =SUM(J29:J29) -> 0 | K30: =SUM(K29:K29) -> 0 | L30: =SUM(L29:L29) -> 0 | M30: =SUM(M29:M29) -> 0 | N30: =SUM(N29:N29) -> 0 | O30: =SUM(J30:N30) -> 0 | P30: =IF(I30=0,0,J30/I30*10) -> 0 | Q30: =IF(I30=0,0,K30/I30*10) -> 0 | R30: =IF(I30=0,0,L30/I30*10) -> 0 | S30: =IF(I30=0,0,M30/I30*10) -> 0 | T30: =IF(I30=0,0,N30/I30*10) -> 0 | U30: =IF(I30=0,0,O30/I30*10) -> 0
B31: Interstate Mini Hydel | O31: =SUM(J31:N31) -> 0 | P31: =IF(I31=0,0,J31/I31*10) -> 0 | Q31: =IF(I31=0,0,K31/I31*10) -> 0 | R31: =IF(I31=0,0,L31/I31*10) -> 0 | S31: =IF(I31=0,0,M31/I31*10) -> 0 | T31: =IF(I31=0,0,N31/I31*10) -> 0 | U31: =IF(I31=0,0,O31/I31*10) -> 0
B32: TOTAL- Interstate Mini Hydel | G32: =SUM(G31:G31) -> 0 | H32: =SUM(H31:H31) -> 0 | I32: =SUM(I31:I31) -> 0 | J32: =SUM(J31:J31) -> 0 | K32: =SUM(K31:K31) -> 0 | L32: =SUM(L31:L31) -> 0 | M32: =SUM(M31:M31) -> 0 | N32: =SUM(N31:N31) -> 0 | O32: =SUM(J32:N32) -> 0 | P32: =IF(I32=0,0,J32/I32*10) -> 0 | Q32: =IF(I32=0,0,K32/I32*10) -> 0 | R32: =IF(I32=0,0,L32/I32*10) -> 0 | S32: =IF(I32=0,0,M32/I32*10) -> 0 | T32: =IF(I32=0,0,N32/I32*10) -> 0 | U32: =IF(I32=0,0,O32/I32*10) -> 0
B33: NCE-Solar | O33: =SUM(J33:N33) -> 0 | P33: =IF(I33=0,0,J33/I33*10) -> 0 | Q33: =IF(I33=0,0,K33/I33*10) -> 0 | R33: =IF(I33=0,0,L33/I33*10) -> 0 | S33: =IF(I33=0,0,M33/I33*10) -> 0 | T33: =IF(I33=0,0,N33/I33*10) -> 0 | U33: =IF(I33=0,0,O33/I33*10) -> 0
O34: =SUM(J34:N34) -> 0 | P34: =IF(I34=0,0,J34/I34*10) -> 0 | Q34: =IF(I34=0,0,K34/I34*10) -> 0 | R34: =IF(I34=0,0,L34/I34*10) -> 0 | S34: =IF(I34=0,0,M34/I34*10) -> 0 | T34: =IF(I34=0,0,N34/I34*10) -> 0 | U34: =IF(I34=0,0,O34/I34*10) -> 0 | X34: 58.52
O35: =SUM(J35:N35) -> 0 | P35: =IF(I35=0,0,J35/I35*10) -> 0 | Q35: =IF(I35=0,0,K35/I35*10) -> 0 | R35: =IF(I35=0,0,L35/I35*10) -> 0 | S35: =IF(I35=0,0,M35/I35*10) -> 0 | T35: =IF(I35=0,0,N35/I35*10) -> 0 | U35: =IF(I35=0,0,O35/I35*10) -> 0 | X35: =K18+K22+K35 -> 0
O36: =SUM(J36:N36) -> 0 | P36: =IF(I36=0,0,J36/I36*10) -> 0 | Q36: =IF(I36=0,0,K36/I36*10) -> 0 | R36: =IF(I36=0,0,L36/I36*10) -> 0 | S36: =IF(I36=0,0,M36/I36*10) -> 0 | T36: =IF(I36=0,0,N36/I36*10) -> 0 | U36: =IF(I36=0,0,O36/I36*10) -> 0 | X36: =X34-X35 -> 58.52
B37: Total NCE - Solar | G37: =SUM(G33:G36) -> 0 | H37: =SUM(H33:H36) -> 0 | I37: =SUM(I33:I36) -> 0 | J37: =SUM(J33:J36) -> 0 | K37: =SUM(K33:K36) -> 0 | L37: =SUM(L33:L36) -> 0 | M37: =SUM(M33:M36) -> 0 | N37: =SUM(N33:N36) -> 0 | O37: =SUM(J37:N37) -> 0 | P37: =IF(I37=0,0,J37/I37*10) -> 0 | Q37: =IF(I37=0,0,K37/I37*10) -> 0 | R37: =IF(I37=0,0,L37/I37*10) -> 0 | S37: =IF(I37=0,0,M37/I37*10) -> 0 | T37: =IF(I37=0,0,N37/I37*10) -> 0 | U37: =IF(I37=0,0,O37/I37*10) -> 0
B38: NCE-Others | O38: =SUM(J38:N38) -> 0 | P38: =IF(I38=0,0,J38/I38*10) -> 0 | Q38: =IF(I38=0,0,K38/I38*10) -> 0 | R38: =IF(I38=0,0,L38/I38*10) -> 0 | S38: =IF(I38=0,0,M38/I38*10) -> 0 | T38: =IF(I38=0,0,N38/I38*10) -> 0 | U38: =IF(I38=0,0,O38/I38*10) -> 0
B39: Total NCE - Others | G39: =G38 -> 0 | H39: =H38 -> 0 | I39: =I38 -> 0 | J39: =J38 -> 0 | K39: =K38 -> 0 | L39: =L38 -> 0 | M39: =M38 -> 0 | N39: =N38 -> 0 | O39: =SUM(J39:N39) -> 0 | P39: =IF(I39=0,0,J39/I39*10) -> 0 | Q39: =IF(I39=0,0,K39/I39*10) -> 0 | R39: =IF(I39=0,0,L39/I39*10) -> 0 | S39: =IF(I39=0,0,M39/I39*10) -> 0 | T39: =IF(I39=0,0,N39/I39*10) -> 0 | U39: =IF(I39=0,0,O39/I39*10) -> 0
B41: Total NCE | G41: =G37+G39 -> 0 | H41: =H37+H39 -> 0 | I41: =I37+I39 -> 0 | J41: =J37+J39 -> 0 | K41: =K37+K39 -> 0 | L41: =L37+L39 -> 0 | M41: =M37+M39 -> 0 | N41: =N37+N39 -> 0 | O41: =SUM(J41:N41) -> 0 | P41: =IF(I41=0,0,J41/I41*10) -> 0 | Q41: =IF(I41=0,0,K41/I41*10) -> 0 | R41: =IF(I41=0,0,L41/I41*10) -> 0 | S41: =IF(I41=0,0,M41/I41*10) -> 0 | T41: =IF(I41=0,0,N41/I41*10) -> 0 | U41: =IF(I41=0,0,O41/I41*10) -> 0

Sheet 1.4(ii)|NCE- Year 1
A1: Index sheet | AL1: 1
AL2: 2
B3: Form 1.4(ii) | C3: NCE Generation
B4: Year 1 | C4: FY 2024-25
B5: Plant wise NCE Generation and Cost Details for Base Year. The Total should be consistent with values provided in Form 1.4 under NCE.
B7: TYPE | C7: Name | D7: Location | E7: Plant Capacity | F7: DISCOM's share | G7: DISCOM's share | H7: Availability and Dispatch (MU) | J7: Cost (Rs. Crs.) | P7: Unit Cost (Rs. / kWh) | V7: Remarks
E8: (MW) | F8: (%) | G8: (MW) | H8: Net Availability | I8: Dispatch | J8: Fixed | K8: Variable | L8: Incentive | M8: Inc. Tax | N8: Others | O8: Total | P8: Fixed | Q8: Incentives | R8: Inc. Tax | S8: Others | T8: Variable | U8: Total
B9: Bio-Mass | O9: =SUM(J9:N9) -> 0 | P9: =IF(I9=0,0,J9/I9*10) -> 0 | Q9: =IF(I9=0,0,K9/I9*10) -> 0 | R9: =IF(I9=0,0,L9/I9*10) -> 0 | S9: =IF(I9=0,0,M9/I9*10) -> 0 | T9: =IF(I9=0,0,N9/I9*10) -> 0 | U9: =IF(I9=0,0,O9/I9*10) -> 0
O10: =SUM(J10:N10) -> 0 | P10: =IF(I10=0,0,J10/I10*10) -> 0 | Q10: =IF(I10=0,0,K10/I10*10) -> 0 | R10: =IF(I10=0,0,L10/I10*10) -> 0 | S10: =IF(I10=0,0,M10/I10*10) -> 0 | T10: =IF(I10=0,0,N10/I10*10) -> 0 | U10: =IF(I10=0,0,O10/I10*10) -> 0
O11: =SUM(J11:N11) -> 0 | P11: =IF(I11=0,0,J11/I11*10) -> 0 | Q11: =IF(I11=0,0,K11/I11*10) -> 0 | R11: =IF(I11=0,0,L11/I11*10) -> 0 | S11: =IF(I11=0,0,M11/I11*10) -> 0 | T11: =IF(I11=0,0,N11/I11*10) -> 0 | U11: =IF(I11=0,0,O11/I11*10) -> 0
O12: =SUM(J12:N12) -> 0 | P12: =IF(I12=0,0,J12/I12*10) -> 0 | Q12: =IF(I12=0,0,K12/I12*10) -> 0 | R12: =IF(I12=0,0,L12/I12*10) -> 0 | S12: =IF(I12=0,0,M12/I12*10) -> 0 | T12: =IF(I12=0,0,N12/I12*10) -> 0 | U12: =IF(I12=0,0,O12/I12*10) -> 0
O13: =SUM(J13:N13) -> 0 | P13: =IF(I13=0,0,J13/I13*10) -> 0 | Q13: =IF(I13=0,0,K13/I13*10) -> 0 | R13: =IF(I13=0,0,L13/I13*10) -> 0 | S13: =IF(I13=0,0,M13/I13*10) -> 0 | T13: =IF(I13=0,0,N13/I13*10) -> 0 | U13: =IF(I13=0,0,O13/I13*10) -> 0
O14: =SUM(J14:N14) -> 0 | P14: =IF(I14=0,0,J14/I14*10) -> 0 | Q14: =IF(I14=0,0,K14/I14*10) -> 0 | R14: =IF(I14=0,0,L14/I14*10) -> 0 | S14: =IF(I14=0,0,M14/I14*10) -> 0 | T14: =IF(I14=0,0,N14/I14*10) -> 0 | U14: =IF(I14=0,0,O14/I14*10) -> 0
O15: =SUM(J15:N15) -> 0 | P15: =IF(I15=0,0,J15/I15*10) -> 0 | Q15: =IF(I15=0,0,K15/I15*10) -> 0 | R15: =IF(I15=0,0,L15/I15*10) -> 0 | S15: =IF(I15=0,0,M15/I15*10) -> 0 | T15: =IF(I15=0,0,N15/I15*10) -> 0 | U15: =IF(I15=0,0,O15/I15*10) -> 0
O16: =SUM(J16:N16) -> 0 | P16: =IF(I16=0,0,J16/I16*10) -> 0 | Q16: =IF(I16=0,0,K16/I16*10) -> 0 | R16: =IF(I16=0,0,L16/I16*10) -> 0 | S16: =IF(I16=0,0,M16/I16*10) -> 0 | T16: =IF(I16=0,0,N16/I16*10) -> 0 | U16: =IF(I16=0,0,O16/I16*10) -> 0
B17: Total Bio-mass | G17: =SUM(G9:G16) -> 0 | H17: =SUM(H9:H16) -> 0 | I17: =SUM(I9:I16) -> 0 | J17: =SUM(J9:J16) -> 0 | K17: =SUM(K9:K16) -> 0 | L17: =SUM(L9:L16) -> 0 | M17: =SUM(M9:M16) -> 0 | N17: =SUM(N9:N16) -> 0 | O17: =SUM(J17:N17) -> 0 | P17: =IF(I17=0,0,J17/I17*10) -> 0 | Q17: =IF(I17=0,0,K17/I17*10) -> 0 | R17: =IF(I17=0,0,L17/I17*10) -> 0 | S17: =IF(I17=0,0,M17/I17*10) -> 0 | T17: =IF(I17=0,0,N17/I17*10) -> 0 | U17: =IF(I17=0,0,O17/I17*10) -> 0
B18: Bagasse | O18: =SUM(J18:N18) -> 0 | P18: =IF(I18=0,0,J18/I18*10) -> 0 | Q18: =IF(I18=0,0,K18/I18*10) -> 0 | R18: =IF(I18=0,0,L18/I18*10) -> 0 | S18: =IF(I18=0,0,M18/I18*10) -> 0 | T18: =IF(I18=0,0,N18/I18*10) -> 0 | U18: =IF(I18=0,0,O18/I18*10) -> 0
O19: =SUM(J19:N19) -> 0 | P19: =IF(I19=0,0,J19/I19*10) -> 0 | Q19: =IF(I19=0,0,K19/I19*10) -> 0 | R19: =IF(I19=0,0,L19/I19*10) -> 0 | S19: =IF(I19=0,0,M19/I19*10) -> 0 | T19: =IF(I19=0,0,N19/I19*10) -> 0 | U19: =IF(I19=0,0,O19/I19*10) -> 0
B20: Total Bagasse | G20: =SUM(G18:G19) -> 0 | H20: =SUM(H18:H19) -> 0 | I20: =SUM(I18:I19) -> 0 | J20: =SUM(J18:J19) -> 0 | K20: =SUM(K18:K19) -> 0 | L20: =SUM(L18:L19) -> 0 | M20: =SUM(M18:M19) -> 0 | N20: =SUM(N18:N19) -> 0 | O20: =SUM(J20:N20) -> 0 | P20: =IF(I20=0,0,J20/I20*10) -> 0 | Q20: =IF(I20=0,0,K20/I20*10) -> 0 | R20: =IF(I20=0,0,L20/I20*10) -> 0 | S20: =IF(I20=0,0,M20/I20*10) -> 0 | T20: =IF(I20=0,0,N20/I20*10) -> 0 | U20: =IF(I20=0,0,O20/I20*10) -> 0
B21: Municipal Waste to Energy | O21: =SUM(J21:N21) -> 0 | P21: =IF(I21=0,0,J21/I21*10) -> 0 | Q21: =IF(I21=0,0,K21/I21*10) -> 0 | R21: =IF(I21=0,0,L21/I21*10) -> 0 | S21: =IF(I21=0,0,M21/I21*10) -> 0 | T21: =IF(I21=0,0,N21/I21*10) -> 0 | U21: =IF(I21=0,0,O21/I21*10) -> 0
O22: =SUM(J22:N22) -> 0 | P22: =IF(I22=0,0,J22/I22*10) -> 0 | Q22: =IF(I22=0,0,K22/I22*10) -> 0 | R22: =IF(I22=0,0,L22/I22*10) -> 0 | S22: =IF(I22=0,0,M22/I22*10) -> 0 | T22: =IF(I22=0,0,N22/I22*10) -> 0 | U22: =IF(I22=0,0,O22/I22*10) -> 0
O23: =SUM(J23:N23) -> 0 | P23: =IF(I23=0,0,J23/I23*10) -> 0 | Q23: =IF(I23=0,0,K23/I23*10) -> 0 | R23: =IF(I23=0,0,L23/I23*10) -> 0 | S23: =IF(I23=0,0,M23/I23*10) -> 0 | T23: =IF(I23=0,0,N23/I23*10) -> 0 | U23: =IF(I23=0,0,O23/I23*10) -> 0
B24: Total Municipal Waste to Energy | G24: =SUM(G21:G23) -> 0 | H24: =SUM(H21:H23) -> 0 | I24: =SUM(I21:I23) -> 0 | J24: =SUM(J21:J23) -> 0 | K24: =SUM(K21:K23) -> 0 | L24: =SUM(L21:L23) -> 0 | M24: =SUM(M21:M23) -> 0 | N24: =SUM(N21:N23) -> 0 | O24: =SUM(J24:N24) -> 0 | P24: =IF(I24=0,0,J24/I24*10) -> 0 | Q24: =IF(I24=0,0,K24/I24*10) -> 0 | R24: =IF(I24=0,0,L24/I24*10) -> 0 | S24: =IF(I24=0,0,M24/I24*10) -> 0 | T24: =IF(I24=0,0,N24/I24*10) -> 0 | U24: =IF(I24=0,0,O24/I24*10) -> 0
B25: Industrial Waste based power project | O25: =SUM(J25:N25) -> 0 | P25: =IF(I25=0,0,J25/I25*10) -> 0 | Q25: =IF(I25=0,0,K25/I25*10) -> 0 | R25: =IF(I25=0,0,L25/I25*10) -> 0 | S25: =IF(I25=0,0,M25/I25*10) -> 0 | T25: =IF(I25=0,0,N25/I25*10) -> 0 | U25: =IF(I25=0,0,O25/I25*10) -> 0
B26: Total Industrial Waste | G26: =SUM(G25:G25) -> 0 | H26: =SUM(H25:H25) -> 0 | I26: =SUM(I25:I25) -> 0 | J26: =SUM(J25:J25) -> 0 | K26: =SUM(K25:K25) -> 0 | L26: =SUM(L25:L25) -> 0 | M26: =SUM(M25:M25) -> 0 | N26: =SUM(N25:N25) -> 0 | O26: =SUM(J26:N26) -> 0 | P26: =IF(I26=0,0,J26/I26*10) -> 0 | Q26: =IF(I26=0,0,K26/I26*10) -> 0 | R26: =IF(I26=0,0,L26/I26*10) -> 0 | S26: =IF(I26=0,0,M26/I26*10) -> 0 | T26: =IF(I26=0,0,N26/I26*10) -> 0 | U26: =IF(I26=0,0,O26/I26*10) -> 0
B27: Wind Power | O27: =SUM(J27:N27) -> 0 | P27: =IF(I27=0,0,J27/I27*10) -> 0 | Q27: =IF(I27=0,0,K27/I27*10) -> 0 | R27: =IF(I27=0,0,L27/I27*10) -> 0 | S27: =IF(I27=0,0,M27/I27*10) -> 0 | T27: =IF(I27=0,0,N27/I27*10) -> 0 | U27: =IF(I27=0,0,O27/I27*10) -> 0
B28: Total Wind Power | G28: =SUM(G27:G27) -> 0 | H28: =SUM(H27:H27) -> 0 | I28: =SUM(I27:I27) -> 0 | J28: =SUM(J27:J27) -> 0 | K28: =SUM(K27:K27) -> 0 | L28: =SUM(L27:L27) -> 0 | M28: =SUM(M27:M27) -> 0 | N28: =SUM(N27:N27) -> 0 | O28: =SUM(J28:N28) -> 0 | P28: =IF(I28=0,0,J28/I28*10) -> 0 | Q28: =IF(I28=0,0,K28/I28*10) -> 0 | R28: =IF(I28=0,0,L28/I28*10) -> 0 | S28: =IF(I28=0,0,M28/I28*10) -> 0 | T28: =IF(I28=0,0,N28/I28*10) -> 0 | U28: =IF(I28=0,0,O28/I28*10) -> 0
B29: Mini Hydel | O29: =SUM(J29:N29) -> 0 | P29: =IF(I29=0,0,J29/I29*10) -> 0 | Q29: =IF(I29=0,0,K29/I29*10) -> 0 | R29: =IF(I29=0,0,L29/I29*10) -> 0 | S29: =IF(I29=0,0,M29/I29*10) -> 0 | T29: =IF(I29=0,0,N29/I29*10) -> 0 | U29: =IF(I29=0,0,O29/I29*10) -> 0
B30: Total Mini Hydel | G30: =SUM(G29:G29) -> 0 | H30: =SUM(H29:H29) -> 0 | I30: =SUM(I29:I29) -> 0 | J30: =SUM(J29:J29) -> 0 | K30: =SUM(K29:K29) -> 0 | L30: =SUM(L29:L29) -> 0 | M30: =SUM(M29:M29) -> 0 | N30: =SUM(N29:N29) -> 0 | O30: =SUM(J30:N30) -> 0 | P30: =IF(I30=0,0,J30/I30*10) -> 0 | Q30: =IF(I30=0,0,K30/I30*10) -> 0 | R30: =IF(I30=0,0,L30/I30*10) -> 0 | S30: =IF(I30=0,0,M30/I30*10) -> 0 | T30: =IF(I30=0,0,N30/I30*10) -> 0 | U30: =IF(I30=0,0,O30/I30*10) -> 0
B31: Interstate Mini Hydel | O31: =SUM(J31:N31) -> 0 | P31: =IF(I31=0,0,J31/I31*10) -> 0 | Q31: =IF(I31=0,0,K31/I31*10) -> 0 | R31: =IF(I31=0,0,L31/I31*10) -> 0 | S31: =IF(I31=0,0,M31/I31*10) -> 0 | T31: =IF(I31=0,0,N31/I31*10) -> 0 | U31: =IF(I31=0,0,O31/I31*10) -> 0
B32: TOTAL- Interstate Mini Hydel | G32: =SUM(G31:G31) -> 0 | H32: =SUM(H31:H31) -> 0 | I32: =SUM(I31:I31) -> 0 | J32: =SUM(J31:J31) -> 0 | K32: =SUM(K31:K31) -> 0 | L32: =SUM(L31:L31) -> 0 | M32: =SUM(M31:M31) -> 0 | N32: =SUM(N31:N31) -> 0 | O32: =SUM(J32:N32) -> 0 | P32: =IF(I32=0,0,J32/I32*10) -> 0 | Q32: =IF(I32=0,0,K32/I32*10) -> 0 | R32: =IF(I32=0,0,L32/I32*10) -> 0 | S32: =IF(I32=0,0,M32/I32*10) -> 0 | T32: =IF(I32=0,0,N32/I32*10) -> 0 | U32: =IF(I32=0,0,O32/I32*10) -> 0
B33: NCE-Solar | O33: =SUM(J33:N33) -> 0 | P33: =IF(I33=0,0,J33/I33*10) -> 0 | Q33: =IF(I33=0,0,K33/I33*10) -> 0 | R33: =IF(I33=0,0,L33/I33*10) -> 0 | S33: =IF(I33=0,0,M33/I33*10) -> 0 | T33: =IF(I33=0,0,N33/I33*10) -> 0 | U33: =IF(I33=0,0,O33/I33*10) -> 0
O34: =SUM(J34:N34) -> 0 | P34: =IF(I34=0,0,J34/I34*10) -> 0 | Q34: =IF(I34=0,0,K34/I34*10) -> 0 | R34: =IF(I34=0,0,L34/I34*10) -> 0 | S34: =IF(I34=0,0,M34/I34*10) -> 0 | T34: =IF(I34=0,0,N34/I34*10) -> 0 | U34: =IF(I34=0,0,O34/I34*10) -> 0 | X34: 58.52
O35: =SUM(J35:N35) -> 0 | P35: =IF(I35=0,0,J35/I35*10) -> 0 | Q35: =IF(I35=0,0,K35/I35*10) -> 0 | R35: =IF(I35=0,0,L35/I35*10) -> 0 | S35: =IF(I35=0,0,M35/I35*10) -> 0 | T35: =IF(I35=0,0,N35/I35*10) -> 0 | U35: =IF(I35=0,0,O35/I35*10) -> 0 | X35: =K18+K22+K35 -> 0
O36: =SUM(J36:N36) -> 0 | P36: =IF(I36=0,0,J36/I36*10) -> 0 | Q36: =IF(I36=0,0,K36/I36*10) -> 0 | R36: =IF(I36=0,0,L36/I36*10) -> 0 | S36: =IF(I36=0,0,M36/I36*10) -> 0 | T36: =IF(I36=0,0,N36/I36*10) -> 0 | U36: =IF(I36=0,0,O36/I36*10) -> 0 | X36: =X34-X35 -> 58.52
B37: Total NCE - Solar | G37: =SUM(G33:G36) -> 0 | H37: =SUM(H33:H36) -> 0 | I37: =SUM(I33:I36) -> 0 | J37: =SUM(J33:J36) -> 0 | K37: =SUM(K33:K36) -> 0 | L37: =SUM(L33:L36) -> 0 | M37: =SUM(M33:M36) -> 0 | N37: =SUM(N33:N36) -> 0 | O37: =SUM(J37:N37) -> 0 | P37: =IF(I37=0,0,J37/I37*10) -> 0 | Q37: =IF(I37=0,0,K37/I37*10) -> 0 | R37: =IF(I37=0,0,L37/I37*10) -> 0 | S37: =IF(I37=0,0,M37/I37*10) -> 0 | T37: =IF(I37=0,0,N37/I37*10) -> 0 | U37: =IF(I37=0,0,O37/I37*10) -> 0
B38: NCE-Others | O38: =SUM(J38:N38) -> 0 | P38: =IF(I38=0,0,J38/I38*10) -> 0 | Q38: =IF(I38=0,0,K38/I38*10) -> 0 | R38: =IF(I38=0,0,L38/I38*10) -> 0 | S38: =IF(I38=0,0,M38/I38*10) -> 0 | T38: =IF(I38=0,0,N38/I38*10) -> 0 | U38: =IF(I38=0,0,O38/I38*10) -> 0
B39: Total NCE - Others | G39: =G38 -> 0 | H39: =H38 -> 0 | I39: =I38 -> 0 | J39: =J38 -> 0 | K39: =K38 -> 0 | L39: =L38 -> 0 | M39: =M38 -> 0 | N39: =N38 -> 0 | O39: =SUM(J39:N39) -> 0 | P39: =IF(I39=0,0,J39/I39*10) -> 0 | Q39: =IF(I39=0,0,K39/I39*10) -> 0 | R39: =IF(I39=0,0,L39/I39*10) -> 0 | S39: =IF(I39=0,0,M39/I39*10) -> 0 | T39: =IF(I39=0,0,N39/I39*10) -> 0 | U39: =IF(I39=0,0,O39/I39*10) -> 0
B41: Total NCE | G41: =G37+G39 -> 0 | H41: =H37+H39 -> 0 | I41: =I37+I39 -> 0 | J41: =J37+J39 -> 0 | K41: =K37+K39 -> 0 | L41: =L37+L39 -> 0 | M41: =M37+M39 -> 0 | N41: =N37+N39 -> 0 | O41: =SUM(J41:N41) -> 0 | P41: =IF(I41=0,0,J41/I41*10) -> 0 | Q41: =IF(I41=0,0,K41/I41*10) -> 0 | R41: =IF(I41=0,0,L41/I41*10) -> 0 | S41: =IF(I41=0,0,M41/I41*10) -> 0 | T41: =IF(I41=0,0,N41/I41*10) -> 0 | U41: =IF(I41=0,0,O41/I41*10) -> 0

Sheet 1.4(iii)|NCE- Year 2
A1: Index sheet | AL1: 1
AL2: 2
B3: Form 1.4(iii) | C3: NCE Generation (Year 2)
B5: Plant wise NCE Generation and Cost Details for Base Year. The total should be consistent with values provided in Form 1.4 under NCE.
B8: TYPE | C8: Name | D8: Location | E8: Plant Capacity | F8: DISCOM's share | G8: DISCOM's share | H8: Availability and Dispatch (MU) | J8: Cost (Rs. Crs.) | P8: Unit Cost (Rs. / kWh) | V8: Remarks
E9: (MW) | F9: (%) | G9: (MW) | H9: Net Availability | I9: Dispatch | J9: Fixed | K9: Variable | L9: Incentive | M9: Inc. Tax | N9: Others | O9: Total | P9: Fixed | Q9: Incentives | R9: Inc. Tax | S9: Others | T9: Variable | U9: Total
B10: Bio-Mass | I10: =H10 -> 0 | O10: =SUM(J10:N10) -> 0 | P10: =IF(I10=0,0,J10/I10*10) -> 0 | Q10: =IF(I10=0,0,L10/I10*10) -> 0 | R10: =IF(I10=0,0,M10/I10*10) -> 0 | S10: =IF(I10=0,0,N10/I10*10) -> 0 | T10: =IF(I10=0,0,K10/I10*10) -> 0 | U10: =IF(I10=0,0,O10/I10*10) -> 0
B11: Bio-Mass | I11: =H11 -> 0 | O11: =SUM(J11:N11) -> 0 | P11: =IF(I11=0,0,J11/I11*10) -> 0 | Q11: =IF(I11=0,0,L11/I11*10) -> 0 | R11: =IF(I11=0,0,M11/I11*10) -> 0 | S11: =IF(I11=0,0,N11/I11*10) -> 0 | T11: =IF(I11=0,0,K11/I11*10) -> 0 | U11: =IF(I11=0,0,O11/I11*10) -> 0
B12: Bio-Mass | I12: =H12 -> 0 | O12: =SUM(J12:N12) -> 0 | P12: =IF(I12=0,0,J12/I12*10) -> 0 | Q12: =IF(I12=0,0,L12/I12*10) -> 0 | R12: =IF(I12=0,0,M12/I12*10) -> 0 | S12: =IF(I12=0,0,N12/I12*10) -> 0 | T12: =IF(I12=0,0,K12/I12*10) -> 0 | U12: =IF(I12=0,0,O12/I12*10) -> 0
B13: Bio-Mass | I13: =H13 -> 0 | O13: =SUM(J13:N13) -> 0 | P13: =IF(I13=0,0,J13/I13*10) -> 0 | Q13: =IF(I13=0,0,L13/I13*10) -> 0 | R13: =IF(I13=0,0,M13/I13*10) -> 0 | S13: =IF(I13=0,0,N13/I13*10) -> 0 | T13: =IF(I13=0,0,K13/I13*10) -> 0 | U13: =IF(I13=0,0,O13/I13*10) -> 0
B14: Bio-Mass | I14: =H14 -> 0 | O14: =SUM(J14:N14) -> 0 | P14: =IF(I14=0,0,J14/I14*10) -> 0 | Q14: =IF(I14=0,0,L14/I14*10) -> 0 | R14: =IF(I14=0,0,M14/I14*10) -> 0 | S14: =IF(I14=0,0,N14/I14*10) -> 0 | T14: =IF(I14=0,0,K14/I14*10) -> 0 | U14: =IF(I14=0,0,O14/I14*10) -> 0
B15: Bio-Mass | O15: =SUM(J15:N15) -> 0 | P15: =IF(I15=0,0,J15/I15*10) -> 0 | Q15: =IF(I15=0,0,L15/I15*10) -> 0 | R15: =IF(I15=0,0,M15/I15*10) -> 0 | S15: =IF(I15=0,0,N15/I15*10) -> 0 | T15: =IF(I15=0,0,K15/I15*10) -> 0 | U15: =IF(I15=0,0,O15/I15*10) -> 0
B16: Bio-Mass | O16: =SUM(J16:N16) -> 0 | P16: =IF(I16=0,0,J16/I16*10) -> 0 | Q16: =IF(I16=0,0,L16/I16*10) -> 0 | R16: =IF(I16=0,0,M16/I16*10) -> 0 | S16: =IF(I16=0,0,N16/I16*10) -> 0 | T16: =IF(I16=0,0,K16/I16*10) -> 0 | U16: =IF(I16=0,0,O16/I16*10) -> 0
B17: Bio-Mass | O17: =SUM(J17:N17) -> 0 | P17: =IF(I17=0,0,J17/I17*10) -> 0 | Q17: =IF(I17=0,0,L17/I17*10) -> 0 | R17: =IF(I17=0,0,M17/I17*10) -> 0 | S17: =IF(I17=0,0,N17/I17*10) -> 0 | T17: =IF(I17=0,0,K17/I17*10) -> 0 | U17: =IF(I17=0,0,O17/I17*10) -> 0
B18: Bio-Mass | O18: =SUM(J18:N18) -> 0 | P18: =IF(I18=0,0,J18/I18*10) -> 0 | Q18: =IF(I18=0,0,L18/I18*10) -> 0 | R18: =IF(I18=0,0,M18/I18*10) -> 0 | S18: =IF(I18=0,0,N18/I18*10) -> 0 | T18: =IF(I18=0,0,K18/I18*10) -> 0 | U18: =IF(I18=0,0,O18/I18*10) -> 0
B19: Bio-Mass | O19: =SUM(J19:N19) -> 0 | P19: =IF(I19=0,0,J19/I19*10) -> 0 | Q19: =IF(I19=0,0,L19/I19*10) -> 0 | R19: =IF(I19=0,0,M19/I19*10) -> 0 | S19: =IF(I19=0,0,N19/I19*10) -> 0 | T19: =IF(I19=0,0,K19/I19*10) -> 0 | U19: =IF(I19=0,0,O19/I19*10) -> 0
B20: Bio-Mass | O20: =SUM(J20:N20) -> 0 | P20: =IF(I20=0,0,J20/I20*10) -> 0 | Q20: =IF(I20=0,0,L20/I20*10) -> 0 | R20: =IF(I20=0,0,M20/I20*10) -> 0 | S20: =IF(I20=0,0,N20/I20*10) -> 0 | T20: =IF(I20=0,0,K20/I20*10) -> 0 | U20: =IF(I20=0,0,O20/I20*10) -> 0
B21: Bio-Mass | O21: =SUM(J21:N21) -> 0 | P21: =IF(I21=0,0,J21/I21*10) -> 0 | Q21: =IF(I21=0,0,L21/I21*10) -> 0 | R21: =IF(I21=0,0,M21/I21*10) -> 0 | S21: =IF(I21=0,0,N21/I21*10) -> 0 | T21: =IF(I21=0,0,K21/I21*10) -> 0 | U21: =IF(I21=0,0,O21/I21*10) -> 0
B22: Bio-Mass | O22: =SUM(J22:N22) -> 0 | P22: =IF(I22=0,0,J22/I22*10) -> 0 | Q22: =IF(I22=0,0,L22/I22*10) -> 0 | R22: =IF(I22=0,0,M22/I22*10) -> 0 | S22: =IF(I22=0,0,N22/I22*10) -> 0 | T22: =IF(I22=0,0,K22/I22*10) -> 0 | U22: =IF(I22=0,0,O22/I22*10) -> 0
B23: Bio-Mass | O23: =SUM(J23:N23) -> 0 | P23: =IF(I23=0,0,J23/I23*10) -> 0 | Q23: =IF(I23=0,0,L23/I23*10) -> 0 | R23: =IF(I23=0,0,M23/I23*10) -> 0 | S23: =IF(I23=0,0,N23/I23*10) -> 0 | T23: =IF(I23=0,0,K23/I23*10) -> 0 | U23: =IF(I23=0,0,O23/I23*10) -> 0
B24: Bio-Mass | O24: =SUM(J24:N24) -> 0 | P24: =IF(I24=0,0,J24/I24*10) -> 0 | Q24: =IF(I24=0,0,L24/I24*10) -> 0 | R24: =IF(I24=0,0,M24/I24*10) -> 0 | S24: =IF(I24=0,0,N24/I24*10) -> 0 | T24: =IF(I24=0,0,K24/I24*10) -> 0 | U24: =IF(I24=0,0,O24/I24*10) -> 0
B25: Bio-Mass | O25: =SUM(J25:N25) -> 0 | P25: =IF(I25=0,0,J25/I25*10) -> 0 | Q25: =IF(I25=0,0,L25/I25*10) -> 0 | R25: =IF(I25=0,0,M25/I25*10) -> 0 | S25: =IF(I25=0,0,N25/I25*10) -> 0 | T25: =IF(I25=0,0,K25/I25*10) -> 0 | U25: =IF(I25=0,0,O25/I25*10) -> 0
B26: Bio-Mass | O26: =SUM(J26:N26) -> 0 | P26: =IF(I26=0,0,J26/I26*10) -> 0 | Q26: =IF(I26=0,0,L26/I26*10) -> 0 | R26: =IF(I26=0,0,M26/I26*10) -> 0 | S26: =IF(I26=0,0,N26/I26*10) -> 0 | T26: =IF(I26=0,0,K26/I26*10) -> 0 | U26: =IF(I26=0,0,O26/I26*10) -> 0
... B159: Bio-Mass | O159: =SUM(J159:N159) -> 0 | P159: =IF(I159=0,0,J159/I159*10) -> 0 | Q159: =IF(I159=0,0,L159/I159*10) -> 0 | R159: =IF(I159=0,0,M159/I159*10) -> 0 | S159: =IF(I159=0,0,N159/I159*10) -> 0 | T159: =IF(I159=0,0,K159/I159*10) -> 0 | U159: =IF(I159=0,0,O159/I159*10) -> 0
B160: TOTAL Bio-mass | E160: =SUM(E10:E159) -> 0 | G160: =SUM(G10:G159) -> 0 | H160: =SUM(H10:H159) -> 0 | I160: =SUM(I10:I159) -> 0 | J160: =SUM(J10:J159) -> 0 | K160: =SUM(K10:K159) -> 0 | L160: =SUM(L10:L159) -> 0 | M160: =SUM(M10:M159) -> 0 | N160: =SUM(N10:N159) -> 0 | O160: =SUM(J160:N160) -> 0 | P160: =IF(I160=0,0,J160/I160*10) -> 0 | Q160: =IF(I160=0,0,L160/I160*10) -> 0 | R160: =IF(I160=0,0,M160/I160*10) -> 0 | S160: =IF(I160=0,0,N160/I160*10) -> 0 | T160: =IF(I160=0,0,K160/I160*10) -> 0 | U160: =IF(I160=0,0,O160/I160*10) -> 0
B161: Bagasse | I161: =H161 -> 0 | O161: =SUM(J161:N161) -> 0 | P161: =IF(I161=0,0,J161/I161*10) -> 0 | Q161: =IF(I161=0,0,L161/I161*10) -> 0 | R161: =IF(I161=0,0,M161/I161*10) -> 0 | S161: =IF(I161=0,0,N161/I161*10) -> 0 | T161: =IF(I161=0,0,K161/I161*10) -> 0 | U161: =IF(I161=0,0,O161/I161*10) -> 0
B162: Bagasse | I162: =H162 -> 0 | O162: =SUM(J162:N162) -> 0 | P162: =IF(I162=0,0,J162/I162*10) -> 0 | Q162: =IF(I162=0,0,L162/I162*10) -> 0 | R162: =IF(I162=0,0,M162/I162*10) -> 0 | S162: =IF(I162=0,0,N162/I162*10) -> 0 | T162: =IF(I162=0,0,K162/I162*10) -> 0 | U162: =IF(I162=0,0,O162/I162*10) -> 0
B163: Bagasse | I163: =H163 -> 0 | O163: =SUM(J163:N163) -> 0 | P163: =IF(I163=0,0,J163/I163*10) -> 0 | Q163: =IF(I163=0,0,L163/I163*10) -> 0 | R163: =IF(I163=0,0,M163/I163*10) -> 0 | S163: =IF(I163=0,0,N163/I163*10) -> 0 | T163: =IF(I163=0,0,K163/I163*10) -> 0 | U163: =IF(I163=0,0,O163/I163*10) -> 0
B164: Bagasse | I164: =H164 -> 0 | O164: =SUM(J164:N164) -> 0 | P164: =IF(I164=0,0,J164/I164*10) -> 0 | Q164: =IF(I164=0,0,L164/I164*10) -> 0 | R164: =IF(I164=0,0,M164/I164*10) -> 0 | S164: =IF(I164=0,0,N164/I164*10) -> 0 | T164: =IF(I164=0,0,K164/I164*10) -> 0 | U164: =IF(I164=0,0,O164/I164*10) -> 0
B165: Bagasse | I165: =H165 -> 0 | O165: =SUM(J165:N165) -> 0 | P165: =IF(I165=0,0,J165/I165*10) -> 0 | Q165: =IF(I165=0,0,L165/I165*10) -> 0 | R165: =IF(I165=0,0,M165/I165*10) -> 0 | S165: =IF(I165=0,0,N165/I165*10) -> 0 | T165: =IF(I165=0,0,K165/I165*10) -> 0 | U165: =IF(I165=0,0,O165/I165*10) -> 0
B166: Bagasse | O166: =SUM(J166:N166) -> 0 | P166: =IF(I166=0,0,J166/I166*10) -> 0 | Q166: =IF(I166=0,0,L166/I166*10) -> 0 | R166: =IF(I166=0,0,M166/I166*10) -> 0 | S166: =IF(I166=0,0,N166/I166*10) -> 0 | T166: =IF(I166=0,0,K166/I166*10) -> 0 | U166: =IF(I166=0,0,O166/I166*10) -> 0
B167: Bagasse | O167: =SUM(J167:N167) -> 0 | P167: =IF(I167=0,0,J167/I167*10) -> 0 | Q167: =IF(I167=0,0,L167/I167*10) -> 0 | R167: =IF(I167=0,0,M167/I167*10) -> 0 | S167: =IF(I167=0,0,N167/I167*10) -> 0 | T167: =IF(I167=0,0,K167/I167*10) -> 0 | U167: =IF(I167=0,0,O167/I167*10) -> 0
B168: Bagasse | O168: =SUM(J168:N168) -> 0 | P168: =IF(I168=0,0,J168/I168*10) -> 0 | Q168: =IF(I168=0,0,L168/I168*10) -> 0 | R168: =IF(I168=0,0,M168/I168*10) -> 0 | S168: =IF(I168=0,0,N168/I168*10) -> 0 | T168: =IF(I168=0,0,K168/I168*10) -> 0 | U168: =IF(I168=0,0,O168/I168*10) -> 0
B169: Bagasse | O169: =SUM(J169:N169) -> 0 | P169: =IF(I169=0,0,J169/I169*10) -> 0 | Q169: =IF(I169=0,0,L169/I169*10) -> 0 | R169: =IF(I169=0,0,M169/I169*10) -> 0 | S169: =IF(I169=0,0,N169/I169*10) -> 0 | T169: =IF(I169=0,0,K169/I169*10) -> 0 | U169: =IF(I169=0,0,O169/I169*10) -> 0
B170: Bagasse | O170: =SUM(J170:N170) -> 0 | P170: =IF(I170=0,0,J170/I170*10) -> 0 | Q170: =IF(I170=0,0,L170/I170*10) -> 0 | R170: =IF(I170=0,0,M170/I170*10) -> 0 | S170: =IF(I170=0,0,N170/I170*10) -> 0 | T170: =IF(I170=0,0,K170/I170*10) -> 0 | U170: =IF(I170=0,0,O170/I170*10) -> 0
B171: Bagasse | O171: =SUM(J171:N171) -> 0 | P171: =IF(I171=0,0,J171/I171*10) -> 0 | Q171: =IF(I171=0,0,L171/I171*10) -> 0 | R171: =IF(I171=0,0,M171/I171*10) -> 0 | S171: =IF(I171=0,0,N171/I171*10) -> 0 | T171: =IF(I171=0,0,K171/I171*10) -> 0 | U171: =IF(I171=0,0,O171/I171*10) -> 0
B172: Bagasse | O172: =SUM(J172:N172) -> 0 | P172: =IF(I172=0,0,J172/I172*10) -> 0 | Q172: =IF(I172=0,0,L172/I172*10) -> 0 | R172: =IF(I172=0,0,M172/I172*10) -> 0 | S172: =IF(I172=0,0,N172/I172*10) -> 0 | T172: =IF(I172=0,0,K172/I172*10) -> 0 | U172: =IF(I172=0,0,O172/I172*10) -> 0
B173: Bagasse | O173: =SUM(J173:N173) -> 0 | P173: =IF(I173=0,0,J173/I173*10) -> 0 | Q173: =IF(I173=0,0,L173/I173*10) -> 0 | R173: =IF(I173=0,0,M173/I173*10) -> 0 | S173: =IF(I173=0,0,N173/I173*10) -> 0 | T173: =IF(I173=0,0,K173/I173*10) -> 0 | U173: =IF(I173=0,0,O173/I173*10) -> 0
B174: Bagasse | O174: =SUM(J174:N174) -> 0 | P174: =IF(I174=0,0,J174/I174*10) -> 0 | Q174: =IF(I174=0,0,L174/I174*10) -> 0 | R174: =IF(I174=0,0,M174/I174*10) -> 0 | S174: =IF(I174=0,0,N174/I174*10) -> 0 | T174: =IF(I174=0,0,K174/I174*10) -> 0 | U174: =IF(I174=0,0,O174/I174*10) -> 0
B175: Bagasse | O175: =SUM(J175:N175) -> 0 | P175: =IF(I175=0,0,J175/I175*10) -> 0 | Q175: =IF(I175=0,0,L175/I175*10) -> 0 | R175: =IF(I175=0,0,M175/I175*10) -> 0 | S175: =IF(I175=0,0,N175/I175*10) -> 0 | T175: =IF(I175=0,0,K175/I175*10) -> 0 | U175: =IF(I175=0,0,O175/I175*10) -> 0
B176: Bagasse | O176: =SUM(J176:N176) -> 0 | P176: =IF(I176=0,0,J176/I176*10) -> 0 | Q176: =IF(I176=0,0,L176/I176*10) -> 0 | R176: =IF(I176=0,0,M176/I176*10) -> 0 | S176: =IF(I176=0,0,N176/I176*10) -> 0 | T176: =IF(I176=0,0,K176/I176*10) -> 0 | U176: =IF(I176=0,0,O176/I176*10) -> 0
B177: Bagasse | O177: =SUM(J177:N177) -> 0 | P177: =IF(I177=0,0,J177/I177*10) -> 0 | Q177: =IF(I177=0,0,L177/I177*10) -> 0 | R177: =IF(I177=0,0,M177/I177*10) -> 0 | S177: =IF(I177=0,0,N177/I177*10) -> 0 | T177: =IF(I177=0,0,K177/I177*10) -> 0 | U177: =IF(I177=0,0,O177/I177*10) -> 0
... B310: Bagasse | O310: =SUM(J310:N310) -> 0 | P310: =IF(I310=0,0,J310/I310*10) -> 0 | Q310: =IF(I310=0,0,L310/I310*10) -> 0 | R310: =IF(I310=0,0,M310/I310*10) -> 0 | S310: =IF(I310=0,0,N310/I310*10) -> 0 | T310: =IF(I310=0,0,K310/I310*10) -> 0 | U310: =IF(I310=0,0,O310/I310*10) -> 0
B311: TOTAL Bagasse | E311: =SUM(E161:E310) -> 0 | G311: =SUM(G161:G310) -> 0 | H311: =SUM(H161:H310) -> 0 | I311: =SUM(I161:I310) -> 0 | J311: =SUM(J161:J310) -> 0 | K311: =SUM(K161:K310) -> 0 | L311: =SUM(L161:L310) -> 0 | M311: =SUM(M161:M310) -> 0 | N311: =SUM(N161:N310) -> 0 | O311: =SUM(J311:N311) -> 0 | P311: =IF(I311=0,0,J311/I311*10) -> 0 | Q311: =IF(I311=0,0,L311/I311*10) -> 0 | R311: =IF(I311=0,0,M311/I311*10) -> 0 | S311: =IF(I311=0,0,N311/I311*10) -> 0 | T311: =IF(I311=0,0,K311/I311*10) -> 0 | U311: =IF(I311=0,0,O311/I311*10) -> 0
B312: Municipal Waste to Energy | O312: =SUM(J312:N312) -> 0 | P312: =IF(I312=0,0,J312/I312*10) -> 0 | Q312: =IF(I312=0,0,L312/I312*10) -> 0 | R312: =IF(I312=0,0,M312/I312*10) -> 0 | S312: =IF(I312=0,0,N312/I312*10) -> 0 | T312: =IF(I312=0,0,K312/I312*10) -> 0 | U312: =IF(I312=0,0,O312/I312*10) -> 0
B313: Municipal Waste to Energy | O313: =SUM(J313:N313) -> 0 | P313: =IF(I313=0,0,J313/I313*10) -> 0 | Q313: =IF(I313=0,0,L313/I313*10) -> 0 | R313: =IF(I313=0,0,M313/I313*10) -> 0 | S313: =IF(I313=0,0,N313/I313*10) -> 0 | T313: =IF(I313=0,0,K313/I313*10) -> 0 | U313: =IF(I313=0,0,O313/I313*10) -> 0
B314: Municipal Waste to Energy | O314: =SUM(J314:N314) -> 0 | P314: =IF(I314=0,0,J314/I314*10) -> 0 | Q314: =IF(I314=0,0,L314/I314*10) -> 0 | R314: =IF(I314=0,0,M314/I314*10) -> 0 | S314: =IF(I314=0,0,N314/I314*10) -> 0 | T314: =IF(I314=0,0,K314/I314*10) -> 0 | U314: =IF(I314=0,0,O314/I314*10) -> 0
B315: Municipal Waste to Energy | O315: =SUM(J315:N315) -> 0 | P315: =IF(I315=0,0,J315/I315*10) -> 0 | Q315: =IF(I315=0,0,L315/I315*10) -> 0 | R315: =IF(I315=0,0,M315/I315*10) -> 0 | S315: =IF(I315=0,0,N315/I315*10) -> 0 | T315: =IF(I315=0,0,K315/I315*10) -> 0 | U315: =IF(I315=0,0,O315/I315*10) -> 0
B316: Municipal Waste to Energy | O316: =SUM(J316:N316) -> 0 | P316: =IF(I316=0,0,J316/I316*10) -> 0 | Q316: =IF(I316=0,0,L316/I316*10) -> 0 | R316: =IF(I316=0,0,M316/I316*10) -> 0 | S316: =IF(I316=0,0,N316/I316*10) -> 0 | T316: =IF(I316=0,0,K316/I316*10) -> 0 | U316: =IF(I316=0,0,O316/I316*10) -> 0
B317: Municipal Waste to Energy | O317: =SUM(J317:N317) -> 0 | P317: =IF(I317=0,0,J317/I317*10) -> 0 | Q317: =IF(I317=0,0,L317/I317*10) -> 0 | R317: =IF(I317=0,0,M317/I317*10) -> 0 | S317: =IF(I317=0,0,N317/I317*10) -> 0 | T317: =IF(I317=0,0,K317/I317*10) -> 0 | U317: =IF(I317=0,0,O317/I317*10) -> 0
B318: Municipal Waste to Energy | O318: =SUM(J318:N318) -> 0 | P318: =IF(I318=0,0,J318/I318*10) -> 0 | Q318: =IF(I318=0,0,L318/I318*10) -> 0 | R318: =IF(I318=0,0,M318/I318*10) -> 0 | S318: =IF(I318=0,0,N318/I318*10) -> 0 | T318: =IF(I318=0,0,K318/I318*10) -> 0 | U318: =IF(I318=0,0,O318/I318*10) -> 0
B319: Municipal Waste to Energy | O319: =SUM(J319:N319) -> 0 | P319: =IF(I319=0,0,J319/I319*10) -> 0 | Q319: =IF(I319=0,0,L319/I319*10) -> 0 | R319: =IF(I319=0,0,M319/I319*10) -> 0 | S319: =IF(I319=0,0,N319/I319*10) -> 0 | T319: =IF(I319=0,0,K319/I319*10) -> 0 | U319: =IF(I319=0,0,O319/I319*10) -> 0
B320: Municipal Waste to Energy | O320: =SUM(J320:N320) -> 0 | P320: =IF(I320=0,0,J320/I320*10) -> 0 | Q320: =IF(I320=0,0,L320/I320*10) -> 0 | R320: =IF(I320=0,0,M320/I320*10) -> 0 | S320: =IF(I320=0,0,N320/I320*10) -> 0 | T320: =IF(I320=0,0,K320/I320*10) -> 0 | U320: =IF(I320=0,0,O320/I320*10) -> 0
B321: Municipal Waste to Energy | O321: =SUM(J321:N321) -> 0 | P321: =IF(I321=0,0,J321/I321*10) -> 0 | Q321: =IF(I321=0,0,L321/I321*10) -> 0 | R321: =IF(I321=0,0,M321/I321*10) -> 0 | S321: =IF(I321=0,0,N321/I321*10) -> 0 | T321: =IF(I321=0,0,K321/I321*10) -> 0 | U321: =IF(I321=0,0,O321/I321*10) -> 0
B322: Municipal Waste to Energy | O322: =SUM(J322:N322) -> 0 | P322: =IF(I322=0,0,J322/I322*10) -> 0 | Q322: =IF(I322=0,0,L322/I322*10) -> 0 | R322: =IF(I322=0,0,M322/I322*10) -> 0 | S322: =IF(I322=0,0,N322/I322*10) -> 0 | T322: =IF(I322=0,0,K322/I322*10) -> 0 | U322: =IF(I322=0,0,O322/I322*10) -> 0
B323: Municipal Waste to Energy | O323: =SUM(J323:N323) -> 0 | P323: =IF(I323=0,0,J323/I323*10) -> 0 | Q323: =IF(I323=0,0,L323/I323*10) -> 0 | R323: =IF(I323=0,0,M323/I323*10) -> 0 | S323: =IF(I323=0,0,N323/I323*10) -> 0 | T323: =IF(I323=0,0,K323/I323*10) -> 0 | U323: =IF(I323=0,0,O323/I323*10) -> 0
... B461: Municipal Waste to Energy | O461: =SUM(J461:N461) -> 0 | P461: =IF(I461=0,0,J461/I461*10) -> 0 | Q461: =IF(I461=0,0,L461/I461*10) -> 0 | R461: =IF(I461=0,0,M461/I461*10) -> 0 | S461: =IF(I461=0,0,N461/I461*10) -> 0 | T461: =IF(I461=0,0,K461/I461*10) -> 0 | U461: =IF(I461=0,0,O461/I461*10) -> 0
B462: TOTAL Municipal Waste to Energy | E462: =SUM(E312:E461) -> 0 | G462: =SUM(G312:G461) -> 0 | H462: =SUM(H312:H461) -> 0 | I462: =SUM(I312:I461) -> 0 | J462: =SUM(J312:J461) -> 0 | K462: =SUM(K312:K461) -> 0 | L462: =SUM(L312:L461) -> 0 | M462: =SUM(M312:M461) -> 0 | N462: =SUM(N312:N461) -> 0 | O462: =SUM(J462:N462) -> 0 | P462: =IF(I462=0,0,J462/I462*10) -> 0 | Q462: =IF(I462=0,0,L462/I462*10) -> 0 | R462: =IF(I462=0,0,M462/I462*10) -> 0 | S462: =IF(I462=0,0,N462/I462*10) -> 0 | T462: =IF(I462=0,0,K462/I462*10) -> 0 | U462: =IF(I462=0,0,O462/I462*10) -> 0
B463: Industrial Waste based power project | I463: =H463 -> 0 | O463: =SUM(J463:N463) -> 0 | P463: =IF(I463=0,0,J463/I463*10) -> 0 | Q463: =IF(I463=0,0,L463/I463*10) -> 0 | R463: =IF(I463=0,0,M463/I463*10) -> 0 | S463: =IF(I463=0,0,N463/I463*10) -> 0 | T463: =IF(I463=0,0,K463/I463*10) -> 0 | U463: =IF(I463=0,0,O463/I463*10) -> 0
B464: Industrial Waste based power project | O464: =SUM(J464:N464) -> 0 | P464: =IF(I464=0,0,J464/I464*10) -> 0 | Q464: =IF(I464=0,0,L464/I464*10) -> 0 | R464: =IF(I464=0,0,M464/I464*10) -> 0 | S464: =IF(I464=0,0,N464/I464*10) -> 0 | T464: =IF(I464=0,0,K464/I464*10) -> 0 | U464: =IF(I464=0,0,O464/I464*10) -> 0
B465: Industrial Waste based power project | O465: =SUM(J465:N465) -> 0 | P465: =IF(I465=0,0,J465/I465*10) -> 0 | Q465: =IF(I465=0,0,L465/I465*10) -> 0 | R465: =IF(I465=0,0,M465/I465*10) -> 0 | S465: =IF(I465=0,0,N465/I465*10) -> 0 | T465: =IF(I465=0,0,K465/I465*10) -> 0 | U465: =IF(I465=0,0,O465/I465*10) -> 0
B466: Industrial Waste based power project | O466: =SUM(J466:N466) -> 0 | P466: =IF(I466=0,0,J466/I466*10) -> 0 | Q466: =IF(I466=0,0,L466/I466*10) -> 0 | R466: =IF(I466=0,0,M466/I466*10) -> 0 | S466: =IF(I466=0,0,N466/I466*10) -> 0 | T466: =IF(I466=0,0,K466/I466*10) -> 0 | U466: =IF(I466=0,0,O466/I466*10) -> 0
B467: Industrial Waste based power project | O467: =SUM(J467:N467) -> 0 | P467: =IF(I467=0,0,J467/I467*10) -> 0 | Q467: =IF(I467=0,0,L467/I467*10) -> 0 | R467: =IF(I467=0,0,M467/I467*10) -> 0 | S467: =IF(I467=0,0,N467/I467*10) -> 0 | T467: =IF(I467=0,0,K467/I467*10) -> 0 | U467: =IF(I467=0,0,O467/I467*10) -> 0
B468: Industrial Waste based power project | O468: =SUM(J468:N468) -> 0 | P468: =IF(I468=0,0,J468/I468*10) -> 0 | Q468: =IF(I468=0,0,L468/I468*10) -> 0 | R468: =IF(I468=0,0,M468/I468*10) -> 0 | S468: =IF(I468=0,0,N468/I468*10) -> 0 | T468: =IF(I468=0,0,K468/I468*10) -> 0 | U468: =IF(I468=0,0,O468/I468*10) -> 0
B469: Industrial Waste based power project | O469: =SUM(J469:N469) -> 0 | P469: =IF(I469=0,0,J469/I469*10) -> 0 | Q469: =IF(I469=0,0,L469/I469*10) -> 0 | R469: =IF(I469=0,0,M469/I469*10) -> 0 | S469: =IF(I469=0,0,N469/I469*10) -> 0 | T469: =IF(I469=0,0,K469/I469*10) -> 0 | U469: =IF(I469=0,0,O469/I469*10) -> 0
B470: Industrial Waste based power project | O470: =SUM(J470:N470) -> 0 | P470: =IF(I470=0,0,J470/I470*10) -> 0 | Q470: =IF(I470=0,0,L470/I470*10) -> 0 | R470: =IF(I470=0,0,M470/I470*10) -> 0 | S470: =IF(I470=0,0,N470/I470*10) -> 0 | T470: =IF(I470=0,0,K470/I470*10) -> 0 | U470: =IF(I470=0,0,O470/I470*10) -> 0
B471: Industrial Waste based power project | O471: =SUM(J471:N471) -> 0 | P471: =IF(I471=0,0,J471/I471*10) -> 0 | Q471: =IF(I471=0,0,L471/I471*10) -> 0 | R471: =IF(I471=0,0,M471/I471*10) -> 0 | S471: =IF(I471=0,0,N471/I471*10) -> 0 | T471: =IF(I471=0,0,K471/I471*10) -> 0 | U471: =IF(I471=0,0,O471/I471*10) -> 0
B472: Industrial Waste based power project | O472: =SUM(J472:N472) -> 0 | P472: =IF(I472=0,0,J472/I472*10) -> 0 | Q472: =IF(I472=0,0,L472/I472*10) -> 0 | R472: =IF(I472=0,0,M472/I472*10) -> 0 | S472: =IF(I472=0,0,N472/I472*10) -> 0 | T472: =IF(I472=0,0,K472/I472*10) -> 0 | U472: =IF(I472=0,0,O472/I472*10) -> 0
B473: Industrial Waste based power project | O473: =SUM(J473:N473) -> 0 | P473: =IF(I473=0,0,J473/I473*10) -> 0 | Q473: =IF(I473=0,0,L473/I473*10) -> 0 | R473: =IF(I473=0,0,M473/I473*10) -> 0 | S473: =IF(I473=0,0,N473/I473*10) -> 0 | T473: =IF(I473=0,0,K473/I473*10) -> 0 | U473: =IF(I473=0,0,O473/I473*10) -> 0
B474: Industrial Waste based power project | O474: =SUM(J474:N474) -> 0 | P474: =IF(I474=0,0,J474/I474*10) -> 0 | Q474: =IF(I474=0,0,L474/I474*10) -> 0 | R474: =IF(I474=0,0,M474/I474*10) -> 0 | S474: =IF(I474=0,0,N474/I474*10) -> 0 | T474: =IF(I474=0,0,K474/I474*10) -> 0 | U474: =IF(I474=0,0,O474/I474*10) -> 0
B475: Industrial Waste based power project | O475: =SUM(J475:N475) -> 0 | P475: =IF(I475=0,0,J475/I475*10) -> 0 | Q475: =IF(I475=0,0,L475/I475*10) -> 0 | R475: =IF(I475=0,0,M475/I475*10) -> 0 | S475: =IF(I475=0,0,N475/I475*10) -> 0 | T475: =IF(I475=0,0,K475/I475*10) -> 0 | U475: =IF(I475=0,0,O475/I475*10) -> 0
... B612: Industrial Waste based power project | O612: =SUM(J612:N612) -> 0 | P612: =IF(I612=0,0,J612/I612*10) -> 0 | Q612: =IF(I612=0,0,L612/I612*10) -> 0 | R612: =IF(I612=0,0,M612/I612*10) -> 0 | S612: =IF(I612=0,0,N612/I612*10) -> 0 | T612: =IF(I612=0,0,K612/I612*10) -> 0 | U612: =IF(I612=0,0,O612/I612*10) -> 0
B613: TOTAL Industrial Waste | E613: =SUM(E463:E612) -> 0 | G613: =SUM(G463:G612) -> 0 | H613: =SUM(H463:H612) -> 0 | I613: =SUM(I463:I612) -> 0 | J613: =SUM(J463:J612) -> 0 | K613: =SUM(K463:K612) -> 0 | L613: =SUM(L463:L612) -> 0 | M613: =SUM(M463:M612) -> 0 | N613: =SUM(N463:N612) -> 0 | O613: =SUM(J613:N613) -> 0 | P613: =IF(I613=0,0,J613/I613*10) -> 0 | Q613: =IF(I613=0,0,L613/I613*10) -> 0 | R613: =IF(I613=0,0,M613/I613*10) -> 0 | S613: =IF(I613=0,0,N613/I613*10) -> 0 | T613: =IF(I613=0,0,K613/I613*10) -> 0 | U613: =IF(I613=0,0,O613/I613*10) -> 0
B614: Wind Power | O614: =SUM(J614:N614) -> 0 | P614: =IF(I614=0,0,J614/I614*10) -> 0 | Q614: =IF(I614=0,0,L614/I614*10) -> 0 | R614: =IF(I614=0,0,M614/I614*10) -> 0 | S614: =IF(I614=0,0,N614/I614*10) -> 0 | T614: =IF(I614=0,0,K614/I614*10) -> 0 | U614: =IF(I614=0,0,O614/I614*10) -> 0
B615: Wind Power | O615: =SUM(J615:N615) -> 0 | P615: =IF(I615=0,0,J615/I615*10) -> 0 | Q615: =IF(I615=0,0,L615/I615*10) -> 0 | R615: =IF(I615=0,0,M615/I615*10) -> 0 | S615: =IF(I615=0,0,N615/I615*10) -> 0 | T615: =IF(I615=0,0,K615/I615*10) -> 0 | U615: =IF(I615=0,0,O615/I615*10) -> 0
B616: Wind Power | O616: =SUM(J616:N616) -> 0 | P616: =IF(I616=0,0,J616/I616*10) -> 0 | Q616: =IF(I616=0,0,L616/I616*10) -> 0 | R616: =IF(I616=0,0,M616/I616*10) -> 0 | S616: =IF(I616=0,0,N616/I616*10) -> 0 | T616: =IF(I616=0,0,K616/I616*10) -> 0 | U616: =IF(I616=0,0,O616/I616*10) -> 0
B617: Wind Power | O617: =SUM(J617:N617) -> 0 | P617: =IF(I617=0,0,J617/I617*10) -> 0 | Q617: =IF(I617=0,0,L617/I617*10) -> 0 | R617: =IF(I617=0,0,M617/I617*10) -> 0 | S617: =IF(I617=0,0,N617/I617*10) -> 0 | T617: =IF(I617=0,0,K617/I617*10) -> 0 | U617: =IF(I617=0,0,O617/I617*10) -> 0
B618: Wind Power | O618: =SUM(J618:N618) -> 0 | P618: =IF(I618=0,0,J618/I618*10) -> 0 | Q618: =IF(I618=0,0,L618/I618*10) -> 0 | R618: =IF(I618=0,0,M618/I618*10) -> 0 | S618: =IF(I618=0,0,N618/I618*10) -> 0 | T618: =IF(I618=0,0,K618/I618*10) -> 0 | U618: =IF(I618=0,0,O618/I618*10) -> 0
B619: Wind Power | O619: =SUM(J619:N619) -> 0 | P619: =IF(I619=0,0,J619/I619*10) -> 0 | Q619: =IF(I619=0,0,L619/I619*10) -> 0 | R619: =IF(I619=0,0,M619/I619*10) -> 0 | S619: =IF(I619=0,0,N619/I619*10) -> 0 | T619: =IF(I619=0,0,K619/I619*10) -> 0 | U619: =IF(I619=0,0,O619/I619*10) -> 0
B620: Wind Power | O620: =SUM(J620:N620) -> 0 | P620: =IF(I620=0,0,J620/I620*10) -> 0 | Q620: =IF(I620=0,0,L620/I620*10) -> 0 | R620: =IF(I620=0,0,M620/I620*10) -> 0 | S620: =IF(I620=0,0,N620/I620*10) -> 0 | T620: =IF(I620=0,0,K620/I620*10) -> 0 | U620: =IF(I620=0,0,O620/I620*10) -> 0
B621: Wind Power | O621: =SUM(J621:N621) -> 0 | P621: =IF(I621=0,0,J621/I621*10) -> 0 | Q621: =IF(I621=0,0,L621/I621*10) -> 0 | R621: =IF(I621=0,0,M621/I621*10) -> 0 | S621: =IF(I621=0,0,N621/I621*10) -> 0 | T621: =IF(I621=0,0,K621/I621*10) -> 0 | U621: =IF(I621=0,0,O621/I621*10) -> 0
B622: Wind Power | O622: =SUM(J622:N622) -> 0 | P622: =IF(I622=0,0,J622/I622*10) -> 0 | Q622: =IF(I622=0,0,L622/I622*10) -> 0 | R622: =IF(I622=0,0,M622/I622*10) -> 0 | S622: =IF(I622=0,0,N622/I622*10) -> 0 | T622: =IF(I622=0,0,K622/I622*10) -> 0 | U622: =IF(I622=0,0,O622/I622*10) -> 0
B623: Wind Power | O623: =SUM(J623:N623) -> 0 | P623: =IF(I623=0,0,J623/I623*10) -> 0 | Q623: =IF(I623=0,0,L623/I623*10) -> 0 | R623: =IF(I623=0,0,M623/I623*10) -> 0 | S623: =IF(I623=0,0,N623/I623*10) -> 0 | T623: =IF(I623=0,0,K623/I623*10) -> 0 | U623: =IF(I623=0,0,O623/I623*10) -> 0
B624: Wind Power | O624: =SUM(J624:N624) -> 0 | P624: =IF(I624=0,0,J624/I624*10) -> 0 | Q624: =IF(I624=0,0,L624/I624*10) -> 0 | R624: =IF(I624=0,0,M624/I624*10) -> 0 | S624: =IF(I624=0,0,N624/I624*10) -> 0 | T624: =IF(I624=0,0,K624/I624*10) -> 0 | U624: =IF(I624=0,0,O624/I624*10) -> 0
B625: Wind Power | O625: =SUM(J625:N625) -> 0 | P625: =IF(I625=0,0,J625/I625*10) -> 0 | Q625: =IF(I625=0,0,L625/I625*10) -> 0 | R625: =IF(I625=0,0,M625/I625*10) -> 0 | S625: =IF(I625=0,0,N625/I625*10) -> 0 | T625: =IF(I625=0,0,K625/I625*10) -> 0 | U625: =IF(I625=0,0,O625/I625*10) -> 0
... B763: Wind Power | O763: =SUM(J763:N763) -> 0 | P763: =IF(I763=0,0,J763/I763*10) -> 0 | Q763: =IF(I763=0,0,L763/I763*10) -> 0 | R763: =IF(I763=0,0,M763/I763*10) -> 0 | S763: =IF(I763=0,0,N763/I763*10) -> 0 | T763: =IF(I763=0,0,K763/I763*10) -> 0 | U763: =IF(I763=0,0,O763/I763*10) -> 0
B764: TOTAL Wind Power | E764: =SUM(E614:E763) -> 0 | G764: =SUM(G614:G763) -> 0 | H764: =SUM(H614:H763) -> 0 | I764: =SUM(I614:I763) -> 0 | J764: =SUM(J614:J763) -> 0 | K764: =SUM(K614:K763) -> 0 | L764: =SUM(L614:L763) -> 0 | M764: =SUM(M614:M763) -> 0 | N764: =SUM(N614:N763) -> 0 | O764: =SUM(J764:N764) -> 0 | P764: =IF(I764=0,0,J764/I764*10) -> 0 | Q764: =IF(I764=0,0,L764/I764*10) -> 0 | R764: =IF(I764=0,0,M764/I764*10) -> 0 | S764: =IF(I764=0,0,N764/I764*10) -> 0 | T764: =IF(I764=0,0,K764/I764*10) -> 0 | U764: =IF(I764=0,0,O764/I764*10) -> 0
B765: Mini Hydel | I765: =H765 -> 0 | O765: =SUM(J765:N765) -> 0 | P765: =IF(I765=0,0,J766/I765*10) -> 0 | Q765: =IF(I765=0,0,L765/I765*10) -> 0 | R765: =IF(I765=0,0,M765/I765*10) -> 0 | S765: =IF(I765=0,0,N765/I765*10) -> 0 | T765: =IF(I765=0,0,K765/I765*10) -> 0 | U765: =IF(I765=0,0,O765/I765*10) -> 0
B766: Mini Hydel | I766: =H766 -> 0 | O766: =SUM(J766:N766) -> 0 | P766: =IF(I766=0,0,J767/I766*10) -> 0 | Q766: =IF(I766=0,0,L766/I766*10) -> 0 | R766: =IF(I766=0,0,M766/I766*10) -> 0 | S766: =IF(I766=0,0,N766/I766*10) -> 0 | T766: =IF(I766=0,0,K766/I766*10) -> 0 | U766: =IF(I766=0,0,O766/I766*10) -> 0
B767: Mini Hydel | O767: =SUM(J767:N767) -> 0 | P767: =IF(I767=0,0,J767/I767*10) -> 0 | Q767: =IF(I767=0,0,L767/I767*10) -> 0 | R767: =IF(I767=0,0,M767/I767*10) -> 0 | S767: =IF(I767=0,0,N767/I767*10) -> 0 | T767: =IF(I767=0,0,K767/I767*10) -> 0 | U767: =IF(I767=0,0,O767/I767*10) -> 0
B768: Mini Hydel | O768: =SUM(J768:N768) -> 0 | P768: =IF(I768=0,0,J768/I768*10) -> 0 | Q768: =IF(I768=0,0,L768/I768*10) -> 0 | R768: =IF(I768=0,0,M768/I768*10) -> 0 | S768: =IF(I768=0,0,N768/I768*10) -> 0 | T768: =IF(I768=0,0,K768/I768*10) -> 0 | U768: =IF(I768=0,0,O768/I768*10) -> 0
B769: Mini Hydel | O769: =SUM(J769:N769) -> 0 | P769: =IF(I769=0,0,J769/I769*10) -> 0 | Q769: =IF(I769=0,0,L769/I769*10) -> 0 | R769: =IF(I769=0,0,M769/I769*10) -> 0 | S769: =IF(I769=0,0,N769/I769*10) -> 0 | T769: =IF(I769=0,0,K769/I769*10) -> 0 | U769: =IF(I769=0,0,O769/I769*10) -> 0
B770: Mini Hydel | O770: =SUM(J770:N770) -> 0 | P770: =IF(I770=0,0,J770/I770*10) -> 0 | Q770: =IF(I770=0,0,L770/I770*10) -> 0 | R770: =IF(I770=0,0,M770/I770*10) -> 0 | S770: =IF(I770=0,0,N770/I770*10) -> 0 | T770: =IF(I770=0,0,K770/I770*10) -> 0 | U770: =IF(I770=0,0,O770/I770*10) -> 0
B771: Mini Hydel | O771: =SUM(J771:N771) -> 0 | P771: =IF(I771=0,0,J771/I771*10) -> 0 | Q771: =IF(I771=0,0,L771/I771*10) -> 0 | R771: =IF(I771=0,0,M771/I771*10) -> 0 | S771: =IF(I771=0,0,N771/I771*10) -> 0 | T771: =IF(I771=0,0,K771/I771*10) -> 0 | U771: =IF(I771=0,0,O771/I771*10) -> 0
B772: Mini Hydel | O772: =SUM(J772:N772) -> 0 | P772: =IF(I772=0,0,J772/I772*10) -> 0 | Q772: =IF(I772=0,0,L772/I772*10) -> 0 | R772: =IF(I772=0,0,M772/I772*10) -> 0 | S772: =IF(I772=0,0,N772/I772*10) -> 0 | T772: =IF(I772=0,0,K772/I772*10) -> 0 | U772: =IF(I772=0,0,O772/I772*10) -> 0
B773: Mini Hydel | O773: =SUM(J773:N773) -> 0 | P773: =IF(I773=0,0,J773/I773*10) -> 0 | Q773: =IF(I773=0,0,L773/I773*10) -> 0 | R773: =IF(I773=0,0,M773/I773*10) -> 0 | S773: =IF(I773=0,0,N773/I773*10) -> 0 | T773: =IF(I773=0,0,K773/I773*10) -> 0 | U773: =IF(I773=0,0,O773/I773*10) -> 0
B774: Mini Hydel | O774: =SUM(J774:N774) -> 0 | P774: =IF(I774=0,0,J774/I774*10) -> 0 | Q774: =IF(I774=0,0,L774/I774*10) -> 0 | R774: =IF(I774=0,0,M774/I774*10) -> 0 | S774: =IF(I774=0,0,N774/I774*10) -> 0 | T774: =IF(I774=0,0,K774/I774*10) -> 0 | U774: =IF(I774=0,0,O774/I774*10) -> 0
B775: Mini Hydel | O775: =SUM(J775:N775) -> 0 | P775: =IF(I775=0,0,J775/I775*10) -> 0 | Q775: =IF(I775=0,0,L775/I775*10) -> 0 | R775: =IF(I775=0,0,M775/I775*10) -> 0 | S775: =IF(I775=0,0,N775/I775*10) -> 0 | T775: =IF(I775=0,0,K775/I775*10) -> 0 | U775: =IF(I775=0,0,O775/I775*10) -> 0
B776: Mini Hydel | O776: =SUM(J776:N776) -> 0 | P776: =IF(I776=0,0,J776/I776*10) -> 0 | Q776: =IF(I776=0,0,L776/I776*10) -> 0 | R776: =IF(I776=0,0,M776/I776*10) -> 0 | S776: =IF(I776=0,0,N776/I776*10) -> 0 | T776: =IF(I776=0,0,K776/I776*10) -> 0 | U776: =IF(I776=0,0,O776/I776*10) -> 0
B777: Mini Hydel | O777: =SUM(J777:N777) -> 0 | P777: =IF(I777=0,0,J777/I777*10) -> 0 | Q777: =IF(I777=0,0,L777/I777*10) -> 0 | R777: =IF(I777=0,0,M777/I777*10) -> 0 | S777: =IF(I777=0,0,N777/I777*10) -> 0 | T777: =IF(I777=0,0,K777/I777*10) -> 0 | U777: =IF(I777=0,0,O777/I777*10) -> 0
...

Sheet 1.4(iii)|NCE- Year 2 
A1: Index sheet | AL1: 1
AL2: 2
B3: Form 1.4(ii) | C3: NCE Generation (Year 2)
B5: Plant wise NCE Generation and Cost Details for Year1. The total should be consistent with values provided in Form 1.4 under NCE. | H5: =Notes!C7 -> FY 2025-26
B8: TYPE | C8: Name | D8: Location | E8: Plant Capacity | F8: DISCOM's share | G8: DISCOM's share | H8: Availability and Dispatch (MU) | J8: Cost (Rs. Crs.) | P8: Unit Cost (Rs. / kWh) | V8: Remarks
E9: (MW) | F9: (%) | G9: (MW) | H9: Net Availability | I9: Dispatch | J9: Fixed | K9: Variable | L9: Incentive | M9: Income Tax | N9: Others | O9: Total | P9: Fixed | Q9: Incentives | R9: Income Tax | S9: Others | T9: Variable | U9: Total
B10: Bio-Mass | C10: SHRI PAPERS LTD | I10: =H10 -> 0 | O10: =SUM(J10:N10) -> 0 | P10: =IF(I10=0,0,J10/I10*10) -> 0 | Q10: =IF(I10=0,0,L10/I10*10) -> 0 | R10: =IF(I10=0,0,M10/I10*10) -> 0 | S10: =IF(I10=0,0,N10/I10*10) -> 0 | T10: =IF(I10=0,0,K10/I10*10) -> 0 | U10: =IF(I10=0,0,O10/I10*10) -> 0
B11: Bio-Mass | C11: VARAM POWER | I11: =H11 -> 0 | O11: =SUM(J11:N11) -> 0 | P11: =IF(I11=0,0,J11/I11*10) -> 0 | Q11: =IF(I11=0,0,L11/I11*10) -> 0 | R11: =IF(I11=0,0,M11/I11*10) -> 0 | S11: =IF(I11=0,0,N11/I11*10) -> 0 | T11: =IF(I11=0,0,K11/I11*10) -> 0 | U11: =IF(I11=0,0,O11/I11*10) -> 0
B12: Bio-Mass | C12: Vishnu Vidyut India Ltd | I12: =H12 -> 0 | O12: =SUM(J12:N12) -> 0 | P12: =IF(I12=0,0,J12/I12*10) -> 0 | Q12: =IF(I12=0,0,L12/I12*10) -> 0 | R12: =IF(I12=0,0,M12/I12*10) -> 0 | S12: =IF(I12=0,0,N12/I12*10) -> 0 | T12: =IF(I12=0,0,K12/I12*10) -> 0 | U12: =IF(I12=0,0,O12/I12*10) -> 0
B13: TOTAL Bio-mass | E13: =SUM(E10:E12) -> 0 | G13: =SUM(G10:G12) -> 0 | H13: =SUM(H10:H12) -> 0 | I13: =SUM(I10:I12) -> 0 | J13: =SUM(J10:J12) -> 0 | K13: =SUM(K10:K12) -> 0 | L13: =SUM(L10:L12) -> 0 | M13: =SUM(M10:M12) -> 0 | N13: =SUM(N10:N12) -> 0 | O13: =SUM(J13:N13) -> 0 | P13: =IF(I13=0,0,J13/I13*10) -> 0 | Q13: =IF(I13=0,0,L13/I13*10) -> 0 | R13: =IF(I13=0,0,M13/I13*10) -> 0 | S13: =IF(I13=0,0,N13/I13*10) -> 0 | T13: =IF(I13=0,0,K13/I13*10) -> 0 | U13: =IF(I13=0,0,O13/I13*10) -> 0
B14: Bagasse | C14: CHODAVARAM Sugars CO-OP | I14: =H14 -> 0 | O14: =SUM(J14:N14) -> 0 | P14: =IF(I14=0,0,J14/I14*10) -> 0 | Q14: =IF(I14=0,0,L14/I14*10) -> 0 | R14: =IF(I14=0,0,M14/I14*10) -> 0 | S14: =IF(I14=0,0,N14/I14*10) -> 0 | T14: =IF(I14=0,0,K14/I14*10) -> 0 | U14: =IF(I14=0,0,O14/I14*10) -> 0
B15: Bagasse | C15: DECCAN SUGARS LTD/Navabharat | I15: 0 | O15: =SUM(J15:N15) -> 0 | P15: =IF(I15=0,0,J15/I15*10) -> 0 | Q15: =IF(I15=0,0,L15/I15*10) -> 0 | R15: =IF(I15=0,0,M15/I15*10) -> 0 | S15: =IF(I15=0,0,N15/I15*10) -> 0 | T15: =IF(I15=0,0,K15/I15*10) -> 0 | U15: =IF(I15=0,0,O15/I15*10) -> 0
B16: Bagasse | C16: EID Parry India Ltd (GMR Tech) | I16: =H16 -> 0 | O16: =SUM(J16:N16) -> 0 | P16: =IF(I16=0,0,J16/I16*10) -> 0 | Q16: =IF(I16=0,0,L16/I16*10) -> 0 | R16: =IF(I16=0,0,M16/I16*10) -> 0 | S16: =IF(I16=0,0,N16/I16*10) -> 0 | T16: =IF(I16=0,0,K16/I16*10) -> 0 | U16: =IF(I16=0,0,O16/I16*10) -> 0
B17: TOTAL Bagasse | E17: =SUM(E14:E16) -> 0 | G17: =SUM(G14:G16) -> 0 | H17: =SUM(H14:H16) -> 0 | I17: =SUM(I14:I16) -> 0 | J17: =SUM(J14:J16) -> 0 | K17: =SUM(K14:K16) -> 0 | L17: =SUM(L14:L16) -> 0 | M17: =SUM(M14:M16) -> 0 | N17: =SUM(N14:N16) -> 0 | O17: =SUM(J17:N17) -> 0 | P17: =IF(I17=0,0,J17/I17*10) -> 0 | Q17: =IF(I17=0,0,L17/I17*10) -> 0 | R17: =IF(I17=0,0,M17/I17*10) -> 0 | S17: =IF(I17=0,0,N17/I17*10) -> 0 | T17: =IF(I17=0,0,K17/I17*10) -> 0 | U17: =IF(I17=0,0,O17/I17*10) -> 0
B18: Municipal Waste to Energy | O18: =SUM(J18:N18) -> 0 | P18: =IF(I18=0,0,J18/I18*10) -> 0 | Q18: =IF(I18=0,0,L18/I18*10) -> 0 | R18: =IF(I18=0,0,M18/I18*10) -> 0 | S18: =IF(I18=0,0,N18/I18*10) -> 0 | T18: =IF(I18=0,0,K18/I18*10) -> 0 | U18: =IF(I18=0,0,O18/I18*10) -> 0
B19: TOTAL Municipal Waste to Energy | E19: =SUM(E18:E18) -> 0 | G19: =SUM(G18:G18) -> 0 | H19: =SUM(H18:H18) -> 0 | I19: =SUM(I18:I18) -> 0 | J19: =SUM(J18:J18) -> 0 | K19: =SUM(K18:K18) -> 0 | L19: =SUM(L18:L18) -> 0 | M19: =SUM(M18:M18) -> 0 | N19: =SUM(N18:N18) -> 0 | O19: =SUM(J19:N19) -> 0 | P19: =IF(I19=0,0,J19/I19*10) -> 0 | Q19: =IF(I19=0,0,L19/I19*10) -> 0 | R19: =IF(I19=0,0,M19/I19*10) -> 0 | S19: =IF(I19=0,0,N19/I19*10) -> 0 | T19: =IF(I19=0,0,K19/I19*10) -> 0 | U19: =IF(I19=0,0,O19/I19*10) -> 0
B20: Industrial Waste based power project | C20: 3F Industries Ltd (Foods & Fats) | I20: =H20 -> 0 | O20: =SUM(J20:N20) -> 0 | P20: =IF(I20=0,0,J20/I20*10) -> 0 | Q20: =IF(I20=0,0,L20/I20*10) -> 0 | R20: =IF(I20=0,0,M20/I20*10) -> 0 | S20: =IF(I20=0,0,N20/I20*10) -> 0 | T20: =IF(I20=0,0,K20/I20*10) -> 0 | U20: =IF(I20=0,0,O20/I20*10) -> 0
B22: TOTAL Industrial Waste | E22: =SUM(E20:E21) -> 0 | G22: =SUM(G20:G21) -> 0 | H22: =SUM(H20:H21) -> 0 | I22: =SUM(I20:I21) -> 0 | J22: =SUM(J20:J21) -> 0 | K22: =SUM(K20:K21) -> 0 | L22: =SUM(L20:L21) -> 0 | M22: =SUM(M20:M21) -> 0 | N22: =SUM(N20:N21) -> 0 | O22: =SUM(J22:N22) -> 0 | P22: =IF(I22=0,0,J22/I22*10) -> 0 | Q22: =IF(I22=0,0,L22/I22*10) -> 0 | R22: =IF(I22=0,0,M22/I22*10) -> 0 | S22: =IF(I22=0,0,N22/I22*10) -> 0 | T22: =IF(I22=0,0,K22/I22*10) -> 0 | U22: =IF(I22=0,0,O22/I22*10) -> 0
B24: TOTAL Wind Power | H24: =SUM(H23:H23) -> 0 | I24: =SUM(I23:I23) -> 0 | J24: =SUM(J23:J23) -> 0 | K24: =SUM(K23:K23) -> 0 | O24: =SUM(J24:N24) -> 0 | P24: =IF(I24=0,0,J24/I24*10) -> 0 | Q24: =IF(I24=0,0,L24/I24*10) -> 0 | R24: =IF(I24=0,0,M24/I24*10) -> 0 | S24: =IF(I24=0,0,N24/I24*10) -> 0 | T24: =IF(I24=0,0,K24/I24*10) -> 0 | U24: =IF(I24=0,0,O24/I24*10) -> 0
B25: Mini Hydel | C25: SARDAR POWER(HYDEL) | I25: =H25 -> 0 | O25: =SUM(J25:N25) -> 0 | P25: =IF(I25=0,0,J26/I25*10) -> 0 | Q25: =IF(I25=0,0,L25/I25*10) -> 0 | R25: =IF(I25=0,0,M25/I25*10) -> 0 | S25: =IF(I25=0,0,N25/I25*10) -> 0 | T25: =IF(I25=0,0,K25/I25*10) -> 0 | U25: =IF(I25=0,0,O25/I25*10) -> 0
B26: Mini Hydel | C26: MANI HAMSA | I26: =H26 -> 0 | O26: =SUM(J26:N26) -> 0 | P26: =IF(I26=0,0,J26/I26*10) -> 0 | Q26: =IF(I26=0,0,L26/I26*10) -> 0 | R26: =IF(I26=0,0,M26/I26*10) -> 0 | S26: =IF(I26=0,0,N26/I26*10) -> 0 | T26: =IF(I26=0,0,K26/I26*10) -> 0 | U26: =IF(I26=0,0,O26/I26*10) -> 0
B27: Mini Hydel | C27: Vetamamidi MHPP Project | I27: =H27 -> 0 | O27: =SUM(J27:N27) -> 0 | P27: =IF(I27=0,0,J27/I27*10) -> 0 | Q27: =IF(I27=0,0,L27/I27*10) -> 0 | R27: =IF(I27=0,0,M27/I27*10) -> 0 | S27: =IF(I27=0,0,N27/I27*10) -> 0 | T27: =IF(I27=0,0,K27/I27*10) -> 0 | U27: =IF(I27=0,0,O27/I27*10) -> 0
B28: Mini Hydel | C28: NCL ENERGY TB DAM | I28: =H28 -> 0 | O28: =SUM(J28:N28) -> 0 | P28: =IF(I28=0,0,J28/I28*10) -> 0 | Q28: =IF(I28=0,0,L28/I28*10) -> 0 | R28: =IF(I28=0,0,M28/I28*10) -> 0 | S28: =IF(I28=0,0,N28/I28*10) -> 0 | T28: =IF(I28=0,0,K28/I28*10) -> 0 | U28: =IF(I28=0,0,O28/I28*10) -> 0
B29: TOTAL Mini Hydel | E29: =SUM(E25:E28) -> 0 | G29: =SUM(G25:G28) -> 0 | H29: =SUM(H25:H28) -> 0 | I29: =SUM(I25:I28) -> 0 | J29: =SUM(J26:J28) -> 0 | K29: =SUM(K25:K28) -> 0 | L29: =SUM(L25:L28) -> 0 | M29: =SUM(M25:M28) -> 0 | N29: =SUM(N25:N28) -> 0 | O29: =SUM(J29:N29) -> 0 | P29: =IF(I29=0,0,J29/I29*10) -> 0 | Q29: =IF(I29=0,0,L29/I29*10) -> 0 | R29: =IF(I29=0,0,M29/I29*10) -> 0 | S29: =IF(I29=0,0,N29/I29*10) -> 0 | T29: =IF(I29=0,0,K29/I29*10) -> 0 | U29: =IF(I29=0,0,O29/I29*10) -> 0
B30: NCL Energy Ltd | O30: =SUM(J30:N30) -> 0 | P30: =IF(I30=0,0,J30/I30*10) -> 0 | Q30: =IF(I30=0,0,L30/I30*10) -> 0 | R30: =IF(I30=0,0,M30/I30*10) -> 0 | S30: =IF(I30=0,0,N30/I30*10) -> 0 | T30: =IF(I30=0,0,K30/I30*10) -> 0 | U30: =IF(I30=0,0,O30/I30*10) -> 0
B31: TOTAL- NCL Energy Ltd | E31: =SUM(E30:E30) -> 0 | G31: =SUM(G30:G30) -> 0 | H31: =SUM(H30:H30) -> 0 | I31: =SUM(I30:I30) -> 0 | J31: =SUM(J30:J30) -> 0 | K31: =SUM(K30:K30) -> 0 | L31: =SUM(L30:L30) -> 0 | M31: =SUM(M30:M30) -> 0 | N31: =SUM(N30:N30) -> 0 | O31: =SUM(J31:N31) -> 0 | P31: =IF(I31=0,0,J31/I31*10) -> 0 | Q31: =IF(I31=0,0,L31/I31*10) -> 0 | R31: =IF(I31=0,0,M31/I31*10) -> 0 | S31: =IF(I31=0,0,N31/I31*10) -> 0 | T31: =IF(I31=0,0,K31/I31*10) -> 0 | U31: =IF(I31=0,0,O31/I31*10) -> 0
B32: NCE-SOLAR | C32: EAAMA Estate Pvt Ltd | I32: =H32 -> 0 | O32: =SUM(J32:N32) -> 0 | P32: =IF(I32=0,0,J32/I32*10) -> 0 | Q32: =IF(I32=0,0,L32/I32*10) -> 0 | R32: =IF(I32=0,0,M32/I32*10) -> 0 | S32: =IF(I32=0,0,N32/I32*10) -> 0 | T32: =IF(I32=0,0,K32/I32*10) -> 0 | U32: =IF(I32=0,0,O32/I32*10) -> 0
B33: NCE-SOLAR | C33: prgathi group | I33: =H33 -> 0
B34: NCE-SOLAR | C34: vijaya vishaka | I34: =H34 -> 0
B35: NCE-SOLAR | C35: VBC RENEWABLE ENERGY PVT LTD | I35: =H35 -> 0 | O35: =SUM(J35:N35) -> 0 | P35: =IF(I35=0,0,J35/I35*10) -> 0 | Q35: =IF(I35=0,0,L35/I35*10) -> 0 | R35: =IF(I35=0,0,M35/I35*10) -> 0 | S35: =IF(I35=0,0,N35/I35*10) -> 0 | T35: =IF(I35=0,0,K35/I35*10) -> 0 | U35: =IF(I35=0,0,O35/I35*10) -> 0
B36: NCE-SOLAR | C36: AP GENCO SOLAR 400MW | I36: =H36 -> 0
B37: NCE-SOLAR | C37: Aurobindo pharma | I37: =H37 -> 0
B38: NCE-SOLAR | C38: REPAL RENEWABLES PVT LTD.,(VIZIANAGARAM DIST) | I38: =H38 -> 0 | O38: =SUM(J38:N38) -> 0 | P38: =IF(I38=0,0,J38/I38*10) -> 0 | Q38: =IF(I38=0,0,L38/I38*10) -> 0 | R38: =IF(I38=0,0,M38/I38*10) -> 0 | S38: =IF(I38=0,0,N38/I38*10) -> 0 | T38: =IF(I38=0,0,K38/I38*10) -> 0 | U38: =IF(I38=0,0,O38/I38*10) -> 0
B39: NCE-SOLAR | C39: Visakhapatnam Port Trust | I39: =H39 -> 0 | O39: =SUM(J39:N39) -> 0 | P39: =IF(I39=0,0,J39/I39*10) -> 0 | Q39: =IF(I39=0,0,L39/I39*10) -> 0 | R39: =IF(I39=0,0,M39/I39*10) -> 0 | S39: =IF(I39=0,0,N39/I39*10) -> 0 | T39: =IF(I39=0,0,K39/I39*10) -> 0 | U39: =IF(I39=0,0,O39/I39*10) -> 0
B40: NCE-SOLAR | C40: New & Renewable Energy Development Corporation Of Andhra Pradesh Ltd (Solar Project) | I40: =H40 -> 0 | O40: =SUM(J40:N40) -> 0 | P40: =IF(I40=0,0,J40/I40*10) -> 0 | Q40: =IF(I40=0,0,L40/I40*10) -> 0 | R40: =IF(I40=0,0,M40/I40*10) -> 0 | S40: =IF(I40=0,0,N40/I40*10) -> 0 | T40: =IF(I40=0,0,K40/I40*10) -> 0 | U40: =IF(I40=0,0,O40/I40*10) -> 0
B41: NCE-SOLAR | C41: Apgenco (solar) Project | I41: =H41 -> 0 | O41: =SUM(J41:N41) -> 0 | P41: =IF(I41=0,0,J41/I41*10) -> 0 | Q41: =IF(I41=0,0,L41/I41*10) -> 0 | R41: =IF(I41=0,0,M41/I41*10) -> 0 | S41: =IF(I41=0,0,N41/I41*10) -> 0 | T41: =IF(I41=0,0,K41/I41*10) -> 0 | U41: =IF(I41=0,0,O41/I41*10) -> 0
B42: NCE-SOLAR | C42: M/s.Solar Energy Corporation of India Ltd (SECI-ACME) 150MW | I42: =H42 -> 0 | O42: =SUM(J42:N42) -> 0 | P42: =IF(I42=0,0,J42/I42*10) -> 0 | Q42: =IF(I42=0,0,L42/I42*10) -> 0 | R42: =IF(I42=0,0,M42/I42*10) -> 0 | S42: =IF(I42=0,0,N42/I42*10) -> 0 | T42: =IF(I42=0,0,K42/I42*10) -> 0 | U42: =IF(I42=0,0,O42/I42*10) -> 0
B43: NCE-SOLAR | C43: M/s.Solar Energy Corporation of India Ltd (SECI-FRV-1) 50MW | I43: =H43 -> 0 | O43: =SUM(J43:N43) -> 0 | P43: =IF(I43=0,0,J43/I43*10) -> 0 | Q43: =IF(I43=0,0,L43/I43*10) -> 0 | R43: =IF(I43=0,0,M43/I43*10) -> 0 | S43: =IF(I43=0,0,N43/I43*10) -> 0 | T43: =IF(I43=0,0,K43/I43*10) -> 0 | U43: =IF(I43=0,0,O43/I43*10) -> 0
B44: NCE-SOLAR | C44: M/s.Solar Energy Corporation of India Ltd (SECI-AZURE) 50MW | I44: =H44 -> 0 | O44: =SUM(J44:N44) -> 0 | P44: =IF(I44=0,0,J44/I44*10) -> 0 | Q44: =IF(I44=0,0,L44/I44*10) -> 0 | R44: =IF(I44=0,0,M44/I44*10) -> 0 | S44: =IF(I44=0,0,N44/I44*10) -> 0 | T44: =IF(I44=0,0,K44/I44*10) -> 0 | U44: =IF(I44=0,0,O44/I44*10) -> 0
B45: NCE-SOLAR | C45: M/s.Solar Energy Corporation of India Ltd (SECI-TATA) 50MW | I45: =H45 -> 0 | O45: =SUM(J45:N45) -> 0 | P45: =IF(I45=0,0,J45/I45*10) -> 0 | Q45: =IF(I45=0,0,L45/I45*10) -> 0 | R45: =IF(I45=0,0,M45/I45*10) -> 0 | S45: =IF(I45=0,0,N45/I45*10) -> 0 | T45: =IF(I45=0,0,K45/I45*10) -> 0 | U45: =IF(I45=0,0,O45/I45*10) -> 0
B46: NCE-SOLAR | C46: M/s.Solar Energy Corporation of India Ltd (SECI-FRV-2) 50MW | I46: =H46 -> 0 | O46: =SUM(J46:N46) -> 0 | P46: =IF(I46=0,0,J46/I46*10) -> 0 | Q46: =IF(I46=0,0,L46/I46*10) -> 0 | R46: =IF(I46=0,0,M46/I46*10) -> 0 | S46: =IF(I46=0,0,N46/I46*10) -> 0 | T46: =IF(I46=0,0,K46/I46*10) -> 0 | U46: =IF(I46=0,0,O46/I46*10) -> 0
B47: NCE-SOLAR | C47: DIFFERENCE BETWEEN SAP & MIS | I47: ='[2]APDISCOM NCEs 31.03.2019'!$CX$343 -> 0
B48: NCE Solar-Total | H48: =SUM(H32:H47) -> 0 | I48: =SUM(I32:I47) -> 0 | J48: =SUM(J32:J47) -> 0 | K48: =SUM(K32:K47) -> 0 | L48: =SUM(L32:L46) -> 0 | M48: =SUM(M32:M46) -> 0 | N48: =SUM(N32:N46) -> 0 | O48: =SUM(J48:N48) -> 0 | P48: =IF(I48=0,0,J48/I48*10) -> 0 | Q48: =IF(I48=0,0,L48/I48*10) -> 0 | R48: =IF(I48=0,0,M48/I48*10) -> 0 | S48: =IF(I48=0,0,N48/I48*10) -> 0 | T48: =IF(I48=0,0,K48/I48*10) -> 0 | U48: =IF(I48=0,0,O48/I48*10) -> 0
B49: NCE-Others | C49: NTPC NVVNL Bundled Power (Only SOLAR) | I49: =H49 -> 0 | O49: =SUM(J49:N49) -> 0 | P49: =IF(I49=0,0,J49/I49*10) -> 0 | Q49: =IF(I49=0,0,L49/I49*10) -> 0 | R49: =IF(I49=0,0,M49/I49*10) -> 0 | S49: =IF(I49=0,0,N49/I49*10) -> 0 | T49: =IF(I49=0,0,K49/I49*10) -> 0 | U49: =IF(I49=0,0,O49/I49*10) -> 0
B50: NCE-Others | C50: NTPC NVVNL Bundled Power (Only COAL) | I50: =H50 -> 0 | O50: =SUM(J50:N50) -> 0 | P50: =IF(I50=0,0,J50/I50*10) -> 0 | Q50: =IF(I50=0,0,L50/I50*10) -> 0 | R50: =IF(I50=0,0,M50/I50*10) -> 0 | S50: =IF(I50=0,0,N50/I50*10) -> 0 | T50: =IF(I50=0,0,K50/I50*10) -> 0 | U50: =IF(I50=0,0,O50/I50*10) -> 0
B51: NCE-Others | C51: NTPC NSM Phase-II, Bundled Power (COAL) | I51: =H51 -> 0 | O51: =SUM(J51:N51) -> 0 | P51: =IF(I51=0,0,J51/I51*10) -> 0 | Q51: =IF(I51=0,0,L51/I51*10) -> 0 | R51: =IF(I51=0,0,M51/I51*10) -> 0 | S51: =IF(I51=0,0,N51/I51*10) -> 0 | T51: =IF(I51=0,0,K51/I51*10) -> 0 | U51: =IF(I51=0,0,O51/I51*10) -> 0
B52: NCE-Others | C52: NTPC NPKunta Ultra Mega Solar Project 250MW | I52: =H52 -> 0 | O52: =SUM(J52:N52) -> 0 | P52: =IF(I52=0,0,J52/I52*10) -> 0 | Q52: =IF(I52=0,0,L52/I52*10) -> 0 | R52: =IF(I52=0,0,M52/I52*10) -> 0 | S52: =IF(I52=0,0,N52/I52*10) -> 0 | T52: =IF(I52=0,0,K52/I52*10) -> 0 | U52: =IF(I52=0,0,O52/I52*10) -> 0
B53: NCE-Others | C53: NTPC Ramagundam Solar Power | I53: =H53 -> 0 | O53: =SUM(J53:N53) -> 0 | P53: =IF(I53=0,0,J53/I53*10) -> 0 | Q53: =IF(I53=0,0,L53/I53*10) -> 0 | R53: =IF(I53=0,0,M53/I53*10) -> 0 | S53: =IF(I53=0,0,N53/I53*10) -> 0 | T53: =IF(I53=0,0,K53/I53*10) -> 0 | U53: =IF(I53=0,0,O53/I53*10) -> 0
B54: NCE-Others | C54: AP GENCO SOLAR 400MW 2019-20 COST | I54: =H54 -> 0 | O54: =SUM(J54:N54) -> 0 | P54: =IF(I54=0,0,J54/I54*10) -> 0 | Q54: =IF(I54=0,0,L54/I54*10) -> 0 | R54: =IF(I54=0,0,M54/I54*10) -> 0 | S54: =IF(I54=0,0,N54/I54*10) -> 0 | T54: =IF(I54=0,0,K54/I54*10) -> 0 | U54: =IF(I54=0,0,O54/I54*10) -> 0
B55: NCE-Others | C55: NVVNL BUNDLED COAL 2019-20 | I55: =H55 -> 0 | O55: =SUM(J55:N55) -> 0 | P55: =IF(I55=0,0,J55/I55*10) -> 0 | Q55: =IF(I55=0,0,L55/I55*10) -> 0 | R55: =IF(I55=0,0,M55/I55*10) -> 0 | S55: =IF(I55=0,0,N55/I55*10) -> 0 | T55: =IF(I55=0,0,K55/I55*10) -> 0 | U55: =IF(I55=0,0,O55/I55*10) -> 0
B56: NCE-Others | C56: NP KUNTA ULTRA AND SBG 2019-20 | I56: =H56 -> 0 | O56: =SUM(J56:N56) -> 0 | P56: =IF(I56=0,0,J56/I56*10) -> 0 | Q56: =IF(I56=0,0,L56/I56*10) -> 0 | R56: =IF(I56=0,0,M56/I56*10) -> 0 | S56: =IF(I56=0,0,N56/I56*10) -> 0 | T56: =IF(I56=0,0,K56/I56*10) -> 0 | U56: =IF(I56=0,0,O56/I56*10) -> 0
B57: TOTAL NCE - Others | E57: =SUM(E49:E53) -> 0 | G57: =SUM(G49:G53) -> 0 | H57: =SUM(H49:H56) -> 0 | I57: =SUM(I49:I56) -> 0 | J57: =SUM(J49:J53) -> 0 | K57: =SUM(K49:K56) -> 0 | L57: =SUM(L49:L53) -> 0 | M57: =SUM(M49:M53) -> 0 | N57: =SUM(N49:N53) -> 0 | O57: =SUM(J57:N57) -> 0 | P57: =IF(I57=0,0,J57/I57*10) -> 0 | Q57: =IF(I57=0,0,L57/I57*10) -> 0 | R57: =IF(I57=0,0,M57/I57*10) -> 0 | S57: =IF(I57=0,0,N57/I57*10) -> 0 | T57: =IF(I57=0,0,K57/I57*10) -> 0 | U57: =IF(I57=0,0,O57/I57*10) -> 0
B58: Total NCE | E58: =E13+E17+E19+E22+E24+E29+E31+E57 -> 0 | F58: =F13+F17+F19+F22+F24+F29+F31+F57 -> 0 | G58: =G13+G17+G19+G22+G24+G29+G31+G57 -> 0 | H58: =H13+H17+H19+H22+H24+H29+H31+H57+H48 -> 0 | I58: =I13+I17+I19+I22+I24+I29+I31+I57+I48 -> 0 | J58: =J13+J17+J19+J22+J24+J29+J31+J57+J48 -> 0 | K58: =K13+K17+K19+K22+K24+K29+K31+K57+K48 -> 0 | L58: =L13+L17+L19+L22+L24+L29+L31+L57 -> 0 | M58: =M13+M17+M19+M22+M24+M29+M31+M57 -> 0 | N58: =N13+N17+N19+N22+N24+N29+N31+N57 -> 0 | O58: =O13+O17+O19+O22+O24+O29+O31+O57+O48 -> 0 | P58: =P13+P17+P19+P22+P24+P29+P31+P57 -> 0 | Q58: =Q13+Q17+Q19+Q22+Q24+Q29+Q31+Q57 -> 0 | R58: =R13+R17+R19+R22+R24+R29+R31+R57 -> 0 | S58: =S13+S17+S19+S22+S24+S29+S31+S57 -> 0 | T58: =T13+T17+T19+T22+T24+T29+T31+T57 -> 0 | U58: =IF(I58=0,0,O58/I58*10) -> 0

Sheet 1.4(iv)|NCE- Year 3
A1: Index sheet | AL1: 1
AL2: 2
B3: Form 1.4(iv) | C3: NCE Generation (Year 3)
B5: Plant wise NCE Generation and Cost Details for Base Year. The total should be consistent with values provided in Form 1.4 under NCE. | H5: =Notes!C8 -> FY 2026-27
B8: TYPE | C8: Name | D8: Location | E8: Plant Capacity | F8: DISCOM's share | G8: DISCOM's share | H8: Availability and Dispatch (MU) | J8: Cost (Rs. Crs.) | P8: Unit Cost (Rs. / kWh) | V8: Remarks
E9: (MW) | F9: (%) | G9: (MW) | H9: Net Availability | I9: Dispatch | J9: Fixed | K9: Variable | L9: Incentive | M9: Inc. Tax | N9: Others | O9: Total | P9: Fixed | Q9: Incentives | R9: Inc. Tax | S9: Others | T9: Variable | U9: Total
B10: Bio-Mass | C10: SHRI PAPERS LTD | O10: =SUM(J10:N10) -> 0 | P10: =IF(I10=0,0,J10/I10*10) -> 0 | Q10: =IF(I10=0,0,L10/I10*10) -> 0 | R10: =IF(I10=0,0,M10/I10*10) -> 0 | S10: =IF(I10=0,0,N10/I10*10) -> 0 | T10: =IF(I10=0,0,K10/I10*10) -> 0 | U10: =IF(I10=0,0,O10/I10*10) -> 0
B11: Bio-Mass | C11: Vishnu Vidyut India Ltd | O11: =SUM(J11:N11) -> 0 | P11: =IF(I11=0,0,J11/I11*10) -> 0 | Q11: =IF(I11=0,0,L11/I11*10) -> 0 | R11: =IF(I11=0,0,M11/I11*10) -> 0 | S11: =IF(I11=0,0,N11/I11*10) -> 0 | T11: =IF(I11=0,0,K11/I11*10) -> 0 | U11: =IF(I11=0,0,O11/I11*10) -> 0
B12: Bio-Mass | C12: SRI KALYANI AGRO PROD. | O12: =SUM(J12:N12) -> 0 | P12: =IF(I12=0,0,J12/I12*10) -> 0 | Q12: =IF(I12=0,0,L12/I12*10) -> 0 | R12: =IF(I12=0,0,M12/I12*10) -> 0 | S12: =IF(I12=0,0,N12/I12*10) -> 0 | T12: =IF(I12=0,0,K12/I12*10) -> 0 | U12: =IF(I12=0,0,O12/I12*10) -> 0
B13: Bio-Mass | C13: M/s Perpetual energy Systems Ltd | O13: =SUM(J13:N13) -> 0 | P13: =IF(I13=0,0,J13/I13*10) -> 0 | Q13: =IF(I13=0,0,L13/I13*10) -> 0 | R13: =IF(I13=0,0,M13/I13*10) -> 0 | S13: =IF(I13=0,0,N13/I13*10) -> 0 | T13: =IF(I13=0,0,K13/I13*10) -> 0 | U13: =IF(I13=0,0,O13/I13*10) -> 0
B14: TOTAL Bio-mass | E14: =SUM(E10:E13) -> 0 | F14: 0 | G14: 0 | H14: =SUM(H10:H13) -> 0 | I14: =SUM(I10:I13) -> 0 | J14: =SUM(J10:J13) -> 0 | K14: =SUM(K10:K13) -> 0 | L14: =SUM(L10:L13) -> 0 | M14: =SUM(M10:M13) -> 0 | N14: =SUM(N10:N13) -> 0 | O14: =SUM(O10:O13) -> 0 | P14: =IF(I14=0,0,J14/I14*10) -> 0 | Q14: =IF(I14=0,0,L14/I14*10) -> 0 | R14: =IF(I14=0,0,M14/I14*10) -> 0 | S14: =IF(I14=0,0,N14/I14*10) -> 0 | T14: =IF(I14=0,0,K14/I14*10) -> 0 | U14: =IF(I14=0,0,O14/I14*10) -> 0
B15: Bagasse | C15: CHODAVARAM Sugars CO-OP | O15: =SUM(J15:N15) -> 0 | P15: =IF(I15=0,0,J15/I15*10) -> 0 | Q15: =IF(I15=0,0,L15/I15*10) -> 0 | R15: =IF(I15=0,0,M15/I15*10) -> 0 | S15: =IF(I15=0,0,N15/I15*10) -> 0 | T15: =IF(I15=0,0,K15/I15*10) -> 0 | U15: =IF(I15=0,0,O15/I15*10) -> 0
B16: Bagasse | C16: DECCAN SUGARS LTD/Navabharat | O16: =SUM(J16:N16) -> 0 | P16: =IF(I16=0,0,J16/I16*10) -> 0 | Q16: =IF(I16=0,0,L16/I16*10) -> 0 | R16: =IF(I16=0,0,M16/I16*10) -> 0 | S16: =IF(I16=0,0,N16/I16*10) -> 0 | T16: =IF(I16=0,0,K16/I16*10) -> 0 | U16: =IF(I16=0,0,O16/I16*10) -> 0
B17: Bagasse | C17: EID Parry India Ltd (GMR Tech) | O17: =SUM(J17:N17) -> 0 | P17: =IF(I17=0,0,J17/I17*10) -> 0 | Q17: =IF(I17=0,0,L17/I17*10) -> 0 | R17: =IF(I17=0,0,M17/I17*10) -> 0 | S17: =IF(I17=0,0,N17/I17*10) -> 0 | T17: =IF(I17=0,0,K17/I17*10) -> 0 | U17: =IF(I17=0,0,O17/I17*10) -> 0
B18: Bagasse | C18: M/s The Jeypore Sugar Company Ltd. | O18: =SUM(J18:N18) -> 0 | P18: =IF(I18=0,0,J18/I18*10) -> 0 | Q18: =IF(I18=0,0,L18/I18*10) -> 0 | R18: =IF(I18=0,0,M18/I18*10) -> 0 | S18: =IF(I18=0,0,N18/I18*10) -> 0 | T18: =IF(I18=0,0,K18/I18*10) -> 0 | U18: =IF(I18=0,0,O18/I18*10) -> 0
B19: Bagasse | C19: NSL Sugars (KUPPAM) | O19: =SUM(J19:N19) -> 0 | P19: =IF(I19=0,0,J19/I19*10) -> 0 | Q19: =IF(I19=0,0,L19/I19*10) -> 0 | R19: =IF(I19=0,0,M19/I19*10) -> 0 | S19: =IF(I19=0,0,N19/I19*10) -> 0 | T19: =IF(I19=0,0,K19/I19*10) -> 0 | U19: =IF(I19=0,0,O19/I19*10) -> 0
B20: Bagasse | C20: NSL Sugars (Tungabhadra) | O20: =SUM(J20:N20) -> 0 | P20: =IF(I20=0,0,J20/I20*10) -> 0 | Q20: =IF(I20=0,0,L20/I20*10) -> 0 | R20: =IF(I20=0,0,M20/I20*10) -> 0 | S20: =IF(I20=0,0,N20/I20*10) -> 0 | T20: =IF(I20=0,0,K20/I20*10) -> 0 | U20: =IF(I20=0,0,O20/I20*10) -> 0
B21: Bagasse | C21: SNJ SUGARS(surcharge share) | O21: =SUM(J21:N21) -> 0 | P21: =IF(I21=0,0,J21/I21*10) -> 0 | Q21: =IF(I21=0,0,L21/I21*10) -> 0 | R21: =IF(I21=0,0,M21/I21*10) -> 0 | S21: =IF(I21=0,0,N21/I21*10) -> 0 | T21: =IF(I21=0,0,K21/I21*10) -> 0 | U21: =IF(I21=0,0,O21/I21*10) -> 0
B22: TOTAL Bagasse | E22: =SUM(E15:E21) -> 0 | F22: =SUM(F15:F21) -> 0 | G22: =SUM(G15:G21) -> 0 | H22: =SUM(H15:H21) -> 0 | I22: =SUM(I15:I21) -> 0 | J22: =SUM(J15:J21) -> 0 | K22: =SUM(K15:K21) -> 0 | L22: =SUM(L15:L21) -> 0 | ... O22: =SUM(O15:O21) -> 0 | P22: =IF(I22=0,0,J22/I22*10) -> 0 | Q22: =IF(I22=0,0,L22/I22*10) -> 0 | R22: =IF(I22=0,0,M22/I22*10) -> 0 | S22: =IF(I22=0,0,N22/I22*10) -> 0 | T22: =IF(I22=0,0,K22/I22*10) -> 0 | U22: =IF(I22=0,0,O22/I22*10) -> 0
B23: Municipal Waste to Energy | C23: Jindal Urban Waste Management (Visakhapatnam) Ltd | O23: =SUM(J23:N23) -> 0 | P23: =IF(I23=0,0,J23/I23*10) -> 0 | Q23: =IF(I23=0,0,L23/I23*10) -> 0 | R23: =IF(I23=0,0,M23/I23*10) -> 0 | S23: =IF(I23=0,0,N23/I23*10) -> 0 | T23: =IF(I23=0,0,K23/I23*10) -> 0 | U23: =IF(I23=0,0,O23/I23*10) -> 0
B24: TOTAL Municipal Waste to Energy | E24: =E23 -> 0 | F24: 0 | G24: 0 | H24: =H23 -> 0 | I24: =I23 -> 0 | J24: =J23 -> 0 | K24: =K23 -> 0 | L24: =L23 -> 0 | M24: =M23 -> 0 | N24: =N23 -> 0 | O24: =O23 -> 0 | P24: =IF(I24=0,0,J24/I24*10) -> 0 | Q24: =IF(I24=0,0,L24/I24*10) -> 0 | R24: =IF(I24=0,0,M24/I24*10) -> 0 | S24: =IF(I24=0,0,N24/I24*10) -> 0 | T24: =IF(I24=0,0,K24/I24*10) -> 0 | U24: =IF(I24=0,0,O24/I24*10) -> 0
B25: Industrial Waste based power project | C25: 3F Industries Ltd (Foods & Fats) | O25: =SUM(J25:N25) -> 0 | P25: =IF(I25=0,0,J25/I25*10) -> 0 | Q25: =IF(I25=0,0,L25/I25*10) -> 0 | R25: =IF(I25=0,0,M25/I25*10) -> 0 | S25: =IF(I25=0,0,N25/I25*10) -> 0 | T25: =IF(I25=0,0,K25/I25*10) -> 0 | U25: =IF(I25=0,0,O25/I25*10) -> 0
B26: Industrial Waste based power project | C26: Sai Renewable Power (P) Limited | O26: =SUM(J26:N26) -> 0 | P26: =IF(I26=0,0,J26/I26*10) -> 0 | Q26: =IF(I26=0,0,L26/I26*10) -> 0 | R26: =IF(I26=0,0,M26/I26*10) -> 0 | S26: =IF(I26=0,0,N26/I26*10) -> 0 | T26: =IF(I26=0,0,K26/I26*10) -> 0 | U26: =IF(I26=0,0,O26/I26*10) -> 0
B27: Industrial Waste based power project | C27: Raus Power Limited | O27: =SUM(J27:N27) -> 0 | P27: =IF(I27=0,0,J27/I27*10) -> 0 | Q27: =IF(I27=0,0,L27/I27*10) -> 0 | R27: =IF(I27=0,0,M27/I27*10) -> 0 | S27: =IF(I27=0,0,N27/I27*10) -> 0 | T27: =IF(I27=0,0,K27/I27*10) -> 0 | U27: =IF(I27=0,0,O27/I27*10) -> 0
B28: TOTAL Industrial Waste | E28: =SUM(E25:E27) -> 0 | F28: =SUM(F25:F27) -> 0 | G28: =SUM(G25:G27) -> 0 | H28: =SUM(H25:H27) -> 0 | I28: =SUM(I25:I27) -> 0 | J28: =SUM(J25:J27) -> 0 | K28: =SUM(K25:K27) -> 0 | L28: =SUM(L25:L27) -> 0 | ... O28: =SUM(O25:O27) -> 0 | P28: =IF(I28=0,0,J28/I28*10) -> 0 | Q28: =IF(I28=0,0,L28/I28*10) -> 0 | R28: =IF(I28=0,0,M28/I28*10) -> 0 | S28: =IF(I28=0,0,N28/I28*10) -> 0 | T28: =IF(I28=0,0,K28/I28*10) -> 0 | U28: =IF(I28=0,0,O28/I28*10) -> 0
B29: NCE-Wind | C29: RCI POWER Limited(Differencial cost) | O29: =SUM(J29:N29) -> 0 | P29: =IF(I29=0,0,J29/I29*10) -> 0 | Q29: =IF(I29=0,0,L29/I29*10) -> 0 | R29: =IF(I29=0,0,M29/I29*10) -> 0 | S29: =IF(I29=0,0,N29/I29*10) -> 0 | T29: =IF(I29=0,0,K29/I29*10) -> 0 | U29: =IF(I29=0,0,O29/I29*10) -> 0
B30: NCE-Wind | C30: Bharat Wind Farms(Differencial cost) | O30: =SUM(J30:N30) -> 0 | P30: =IF(I30=0,0,J30/I30*10) -> 0 | Q30: =IF(I30=0,0,L30/I30*10) -> 0 | R30: =IF(I30=0,0,M30/I30*10) -> 0 | S30: =IF(I30=0,0,N30/I30*10) -> 0 | T30: =IF(I30=0,0,K30/I30*10) -> 0 | U30: =IF(I30=0,0,O30/I30*10) -> 0
B31: NCE-Wind | C31: Vayu Urja Bharat Pvt Ltd (GBI) | O31: =SUM(J31:N31) -> 0 | P31: =IF(I31=0,0,J31/I31*10) -> 0 | Q31: =IF(I31=0,0,L31/I31*10) -> 0 | R31: =IF(I31=0,0,M31/I31*10) -> 0 | S31: =IF(I31=0,0,N31/I31*10) -> 0 | T31: =IF(I31=0,0,K31/I31*10) -> 0 | U31: =IF(I31=0,0,O31/I31*10) -> 0
B32: NCE-Wind | C32: Vayu Urja Bharat Pvt Ltd (CUF) | O32: =SUM(J32:N32) -> 0 | P32: =IF(I32=0,0,J32/I32*10) -> 0 | Q32: =IF(I32=0,0,L32/I32*10) -> 0 | R32: =IF(I32=0,0,M32/I32*10) -> 0 | S32: =IF(I32=0,0,N32/I32*10) -> 0 | T32: =IF(I32=0,0,K32/I32*10) -> 0 | U32: =IF(I32=0,0,O32/I32*10) -> 0
B33: TOTAL Wind Power | E33: =SUM(E29:E32) -> 0 | F33: =SUM(F29:F32) -> 0 | G33: =SUM(G29:G32) -> 0 | H33: =SUM(H29:H32) -> 0 | I33: =SUM(I29:I32) -> 0 | J33: =SUM(J29:J32) -> 0 | K33: =SUM(K29:K32) -> 0 | L33: =SUM(L29:L32) -> 0 | ... O33: =SUM(O29:O32) -> 0 | P33: =IF(I33=0,0,J33/I33*10) -> 0 | Q33: =IF(I33=0,0,L33/I33*10) -> 0 | R33: =IF(I33=0,0,M33/I33*10) -> 0 | S33: =IF(I33=0,0,N33/I33*10) -> 0 | T33: =IF(I33=0,0,K33/I33*10) -> 0 | U33: =IF(I33=0,0,O33/I33*10) -> 0
B34: Mini Hydel | C34: SARDAR POWER(HYDEL) | O34: =SUM(J34:N34) -> 0 | P34: =IF(I34=0,0,J34/I34*10) -> 0 | Q34: =IF(I34=0,0,L34/I34*10) -> 0 | R34: =IF(I34=0,0,M34/I34*10) -> 0 | S34: =IF(I34=0,0,N34/I34*10) -> 0 | T34: =IF(I34=0,0,K34/I34*10) -> 0 | U34: =IF(I34=0,0,O34/I34*10) -> 0
B35: Mini Hydel | C35: Vetamamidi MHPP Project | O35: =SUM(J35:N35) -> 0 | P35: =IF(I35=0,0,J35/I35*10) -> 0 | Q35: =IF(I35=0,0,L35/I35*10) -> 0 | R35: =IF(I35=0,0,M35/I35*10) -> 0 | S35: =IF(I35=0,0,N35/I35*10) -> 0 | T35: =IF(I35=0,0,K35/I35*10) -> 0 | U35: =IF(I35=0,0,O35/I35*10) -> 0
B36: Mini Hydel | C36: NCL ENERGY TB DAM | O36: =SUM(J36:N36) -> 0 | P36: =IF(I36=0,0,J36/I36*10) -> 0 | Q36: =IF(I36=0,0,L36/I36*10) -> 0 | R36: =IF(I36=0,0,M36/I36*10) -> 0 | S36: =IF(I36=0,0,N36/I36*10) -> 0 | T36: =IF(I36=0,0,K36/I36*10) -> 0 | U36: =IF(I36=0,0,O36/I36*10) -> 0
B37: TOTAL Mini Hydel | E37: =SUM(E34:E36) -> 0 | F37: =SUM(F34:F36) -> 0 | G37: =SUM(G34:G36) -> 0 | H37: =SUM(H34:H36) -> 0 | I37: =SUM(I34:I36) -> 0 | J37: =SUM(J34:J36) -> 0 | K37: =SUM(K34:K36) -> 0 | L37: =SUM(L34:L36) -> 0 | ... O37: =SUM(O34:O36) -> 0 | P37: =IF(I37=0,0,J37/I37*10) -> 0 | Q37: =IF(I37=0,0,L37/I37*10) -> 0 | R37: =IF(I37=0,0,M37/I37*10) -> 0 | S37: =IF(I37=0,0,N37/I37*10) -> 0 | T37: =IF(I37=0,0,K37/I37*10) -> 0 | U37: =IF(I37=0,0,O37/I37*10) -> 0
B38: NCL Energy Ltd | O38: =SUM(J38:N38) -> 0 | P38: =IF(I38=0,0,J38/I38*10) -> 0 | Q38: =IF(I38=0,0,L38/I38*10) -> 0 | R38: =IF(I38=0,0,M38/I38*10) -> 0 | S38: =IF(I38=0,0,N38/I38*10) -> 0 | T38: =IF(I38=0,0,K38/I38*10) -> 0 | U38: =IF(I38=0,0,O38/I38*10) -> 0
B39: TOTAL- NCL Energy Ltd | E39: =E38 -> 0 | H39: =H38 -> 0 | I39: =I38 -> 0 | J39: =J38 -> 0 | K39: =K38 -> 0 | L39: =L38 -> 0 | M39: =M38 -> 0 | N39: =N38 -> 0 | O39: =O38 -> 0 | P39: =IF(I39=0,0,J39/I39*10) -> 0 | Q39: =IF(I39=0,0,L39/I39*10) -> 0 | R39: =IF(I39=0,0,M39/I39*10) -> 0 | S39: =IF(I39=0,0,N39/I39*10) -> 0 | T39: =IF(I39=0,0,K39/I39*10) -> 0 | U39: =IF(I39=0,0,O39/I39*10) -> 0
B40: NCE-SOLAR | C40: EAAMA Estate Pvt Ltd | O40: =SUM(J40:N40) -> 0 | P40: =IF(I40=0,0,J40/I40*10) -> 0 | Q40: =IF(I40=0,0,L40/I40*10) -> 0 | R40: =IF(I40=0,0,M40/I40*10) -> 0 | S40: =IF(I40=0,0,N40/I40*10) -> 0 | T40: =IF(I40=0,0,K40/I40*10) -> 0 | U40: =IF(I40=0,0,O40/I40*10) -> 0
B41: NCE-SOLAR | C41: VBC RENEWABLE ENERGY PVT LTD | O41: =SUM(J41:N41) -> 0 | P41: =IF(I41=0,0,J41/I41*10) -> 0 | Q41: =IF(I41=0,0,L41/I41*10) -> 0 | R41: =IF(I41=0,0,M41/I41*10) -> 0 | S41: =IF(I41=0,0,N41/I41*10) -> 0 | T41: =IF(I41=0,0,K41/I41*10) -> 0 | U41: =IF(I41=0,0,O41/I41*10) -> 0
B42: NCE-SOLAR | C42: New & Renewable Energy Development Corporation Of Andhra Pradesh Ltd (Solar Project) | O42: =SUM(J42:N42) -> 0 | P42: =IF(I42=0,0,J42/I42*10) -> 0 | Q42: =IF(I42=0,0,L42/I42*10) -> 0 | R42: =IF(I42=0,0,M42/I42*10) -> 0 | S42: =IF(I42=0,0,N42/I42*10) -> 0 | T42: =IF(I42=0,0,K42/I42*10) -> 0 | U42: =IF(I42=0,0,O42/I42*10) -> 0
B43: NCE-SOLAR | C43: Apgenco (solar) Project | O43: =SUM(J43:N43) -> 0 | P43: =IF(I43=0,0,J43/I43*10) -> 0 | Q43: =IF(I43=0,0,L43/I43*10) -> 0 | R43: =IF(I43=0,0,M43/I43*10) -> 0 | S43: =IF(I43=0,0,N43/I43*10) -> 0 | T43: =IF(I43=0,0,K43/I43*10) -> 0 | U43: =IF(I43=0,0,O43/I43*10) -> 0
B44: NCE-SOLAR | C44: REPAL RENEWABLES PVT LTD.,(VIZIANAGARAM DIST) | O44: =SUM(J44:N44) -> 0 | P44: =IF(I44=0,0,J44/I44*10) -> 0 | Q44: =IF(I44=0,0,L44/I44*10) -> 0 | R44: =IF(I44=0,0,M44/I44*10) -> 0 | S44: =IF(I44=0,0,N44/I44*10) -> 0 | T44: =IF(I44=0,0,K44/I44*10) -> 0 | U44: =IF(I44=0,0,O44/I44*10) -> 0
B45: NCE-SOLAR | C45: Visakhapatnam Port Trust | O45: =SUM(J45:N45) -> 0 | P45: =IF(I45=0,0,J45/I45*10) -> 0 | Q45: =IF(I45=0,0,L45/I45*10) -> 0 | R45: =IF(I45=0,0,M45/I45*10) -> 0 | S45: =IF(I45=0,0,N45/I45*10) -> 0 | T45: =IF(I45=0,0,K45/I45*10) -> 0 | U45: =IF(I45=0,0,O45/I45*10) -> 0
B46: NCE-SOLAR | C46: Cyber Village Solutions Pvt. Ltd., | O46: =SUM(J46:N46) -> 0 | P46: =IF(I46=0,0,J46/I46*10) -> 0 | Q46: =IF(I46=0,0,L46/I46*10) -> 0 | R46: =IF(I46=0,0,M46/I46*10) -> 0 | S46: =IF(I46=0,0,N46/I46*10) -> 0 | T46: =IF(I46=0,0,K46/I46*10) -> 0 | U46: =IF(I46=0,0,O46/I46*10) -> 0
B47: NCE Solar-Total | E47: =SUM(E40:E46) -> 0 | F47: =SUM(F40:F46) -> 0 | G47: =SUM(G40:G46) -> 0 | H47: =SUM(H40:H46) -> 0 | I47: =SUM(I40:I46) -> 0 | J47: =SUM(J40:J46) -> 0 | K47: =SUM(K40:K46) -> 0 | L47: =SUM(L40:L46) -> 0 | ... O47: =SUM(O40:O46) -> 0 | P47: =IF(I47=0,0,J47/I47*10) -> 0 | Q47: =IF(I47=0,0,L47/I47*10) -> 0 | R47: =IF(I47=0,0,M47/I47*10) -> 0 | S47: =IF(I47=0,0,N47/I47*10) -> 0 | T47: =IF(I47=0,0,K47/I47*10) -> 0 | U47: =IF(I47=0,0,O47/I47*10) -> 0
B48: NCE-Others | C48: NTPC NVVNL Bundled Power (Only SOLAR) | O48: =SUM(J48:N48) -> 0 | P48: =IF(I48=0,0,J48/I48*10) -> 0 | Q48: =IF(I48=0,0,L48/I48*10) -> 0 | R48: =IF(I48=0,0,M48/I48*10) -> 0 | S48: =IF(I48=0,0,N48/I48*10) -> 0 | T48: =IF(I48=0,0,K48/I48*10) -> 0 | U48: =IF(I48=0,0,O48/I48*10) -> 0
B49: NCE-Others | C49: NTPC NVVNL Bundled Power (Only COAL) | O49: =SUM(J49:N49) -> 0 | P49: =IF(I49=0,0,J49/I49*10) -> 0 | Q49: =IF(I49=0,0,L49/I49*10) -> 0 | R49: =IF(I49=0,0,M49/I49*10) -> 0 | S49: =IF(I49=0,0,N49/I49*10) -> 0 | T49: =IF(I49=0,0,K49/I49*10) -> 0 | U49: =IF(I49=0,0,O49/I49*10) -> 0
B50: NCE-Others | C50: NTPC NSM Phase-II, Bundled Power (COAL) | O50: =SUM(J50:N50) -> 0 | P50: =IF(I50=0,0,J50/I50*10) -> 0 | Q50: =IF(I50=0,0,L50/I50*10) -> 0 | R50: =IF(I50=0,0,M50/I50*10) -> 0 | S50: =IF(I50=0,0,N50/I50*10) -> 0 | T50: =IF(I50=0,0,K50/I50*10) -> 0 | U50: =IF(I50=0,0,O50/I50*10) -> 0
B51: NCE-Others | C51: NTPC NPKunta Ultra Mega Solar Project 250MW | O51: =SUM(J51:N51) -> 0 | P51: =IF(I51=0,0,J51/I51*10) -> 0 | Q51: =IF(I51=0,0,L51/I51*10) -> 0 | R51: =IF(I51=0,0,M51/I51*10) -> 0 | S51: =IF(I51=0,0,N51/I51*10) -> 0 | T51: =IF(I51=0,0,K51/I51*10) -> 0 | U51: =IF(I51=0,0,O51/I51*10) -> 0
B52: NCE-Others | C52: NTPC Ramagundam Solar Power | O52: =SUM(J52:N52) -> 0 | P52: =IF(I52=0,0,J52/I52*10) -> 0 | Q52: =IF(I52=0,0,L52/I52*10) -> 0 | R52: =IF(I52=0,0,M52/I52*10) -> 0 | S52: =IF(I52=0,0,N52/I52*10) -> 0 | T52: =IF(I52=0,0,K52/I52*10) -> 0 | U52: =IF(I52=0,0,O52/I52*10) -> 0
B53: NCE-Others | C53: AP GENCO SOLAR 400MW 2019-20 COST | O53: =SUM(J53:N53) -> 0 | P53: =IF(I53=0,0,J53/I53*10) -> 0 | Q53: =IF(I53=0,0,L53/I53*10) -> 0 | R53: =IF(I53=0,0,M53/I53*10) -> 0 | S53: =IF(I53=0,0,N53/I53*10) -> 0 | T53: =IF(I53=0,0,K53/I53*10) -> 0 | U53: =IF(I53=0,0,O53/I53*10) -> 0
B54: NCE-Others | C54: NVVNL BUNDLED COAL 2019-20 | O54: =SUM(J54:N54) -> 0 | P54: =IF(I54=0,0,J54/I54*10) -> 0 | Q54: =IF(I54=0,0,L54/I54*10) -> 0 | R54: =IF(I54=0,0,M54/I54*10) -> 0 | S54: =IF(I54=0,0,N54/I54*10) -> 0 | T54: =IF(I54=0,0,K54/I54*10) -> 0 | U54: =IF(I54=0,0,O54/I54*10) -> 0
B55: NCE-Others | C55: NP KUNTA ULTRA AND SBG 2019-20 | O55: =SUM(J55:N55) -> 0 | P55: =IF(I55=0,0,J55/I55*10) -> 0 | Q55: =IF(I55=0,0,L55/I55*10) -> 0 | R55: =IF(I55=0,0,M55/I55*10) -> 0 | S55: =IF(I55=0,0,N55/I55*10) -> 0 | T55: =IF(I55=0,0,K55/I55*10) -> 0 | U55: =IF(I55=0,0,O55/I55*10) -> 0
B56: TOTAL NCE - Others | E56: =SUM(E48:E55) -> 0 | F56: =SUM(F48:F55) -> 0 | G56: =SUM(G48:G55) -> 0 | H56: =SUM(H48:H55) -> 0 | I56: =SUM(I48:I55) -> 0 | J56: =SUM(J48:J55) -> 0 | K56: =SUM(K48:K55) -> 0 | L56: =SUM(L48:L55) -> 0 | ... O56: =SUM(O48:O55) -> 0 | P56: =IF(I56=0,0,J56/I56*10) -> 0 | Q56: =IF(I56=0,0,L56/I56*10) -> 0 | R56: =IF(I56=0,0,M56/I56*10) -> 0 | S56: =IF(I56=0,0,N56/I56*10) -> 0 | T56: =IF(I56=0,0,K56/I56*10) -> 0 | U56: =IF(I56=0,0,O56/I56*10) -> 0
B57: Total NCE | E57: =E14+E22+E24+E28+E33+E37+E39+E47+E56 -> 0 | F57: =F14+F22+F24+F28+F33+F37+F39+F47+F56 -> 0 | G57: =G14+G22+G24+G28+G33+G37+G39+G47+G56 -> 0 | H57: =H14+H22+H24+H28+H33+H37+H39+H47+H56 -> 0 | I57: =I14+I22+I24+I28+I33+I37+I39+I47+I56 -> 0 | J57: =J14+J22+J24+J28+J33+J37+J39+J47+J56 -> 0 | K57: =K14+K22+K24+K28+K33+K37+K39+K47+K56 -> 0 | L57: =L14+L22+L24+L28+L33+L37+L39+L47+L56 -> 0 | ... O57: =O14+O22+O24+O28+O33+O37+O39+O47+O56 -> 0 | P57: =IF(I57=0,0,J57/I57*10) -> 0 | Q57: =IF(I57=0,0,L57/I57*10) -> 0 | R57: =IF(I57=0,0,M57/I57*10) -> 0 | S57: =IF(I57=0,0,N57/I57*10) -> 0 | T57: =IF(I57=0,0,K57/I57*10) -> 0 | U57: =IF(I57=0,0,O57/I57*10) -> 0

Sheet 1.4(v)|NCE -Year 4
A1: Index sheet | AL1: 1
AL2: 2
B3: Form 1.4(v) | C3: NCE Generation ( Year 4)
B5: Plant wise NCE Generation and Cost Details for Year2. The total should be consistent with values provided in Form 1.4 under NCE. | H5: =Notes!C9 -> FY 2027-28
B8: TYPE | C8: Name | D8: Location | E8: Plant Capacity | F8: DISCOM's share | G8: DISCOM's share | H8: Availability and Dispatch (MU) | J8: Cost (Rs. Crs.) | P8: Unit Cost (Rs. / kWh) | V8: Remarks
E9: (MW) | F9: (%) | G9: (MW) | H9: Net Availability | I9: Dispatch | J9: Fixed | K9: Variable | L9: Incentive | M9: Income Tax | N9: Others | O9: Total | P9: Fixed | Q9: Incentives | R9: Income Tax | S9: Others | T9: Variable | U9: Total
B10: Bio-Mass | C10: SHRI PAPERS LTD | O10: =SUM(J10:N10) -> 0 | P10: =IF(I10=0,0,J10/I10*10) -> 0 | Q10: =IF(I10=0,0,L10/I10*10) -> 0 | R10: =IF(I10=0,0,M10/I10*10) -> 0 | S10: =IF(I10=0,0,N10/I10*10) -> 0 | T10: =IF(I10=0,0,K10/I10*10) -> 0 | U10: =IF(I10=0,0,O10/I10*10) -> 0
B11: Bio-Mass | C11: Vishnu Vidyut India Ltd | O11: =SUM(J11:N11) -> 0 | P11: =IF(I11=0,0,J11/I11*10) -> 0 | Q11: =IF(I11=0,0,L11/I11*10) -> 0 | R11: =IF(I11=0,0,M11/I11*10) -> 0 | S11: =IF(I11=0,0,N11/I11*10) -> 0 | T11: =IF(I11=0,0,K11/I11*10) -> 0 | U11: =IF(I11=0,0,O11/I11*10) -> 0
B12: TOTAL Bio-mass | E12: =SUM(E10:E11) -> 0 | F12: =SUM(F10:F11) -> 0 | G12: =SUM(G10:G11) -> 0 | H12: =SUM(H10:H11) -> 0 | I12: =SUM(I10:I11) -> 0 | J12: =SUM(J10:J11) -> 0 | K12: =SUM(K10:K11) -> 0 | L12: =SUM(L10:L11) -> 0 | ... N12: =SUM(N10:N11) -> 0 | O12: =SUM(J12:N12) -> 0 | P12: =IF(I12=0,0,J12/I12*10) -> 0 | Q12: =IF(I12=0,0,L12/I12*10) -> 0 | R12: =IF(I12=0,0,M12/I12*10) -> 0 | S12: =IF(I12=0,0,N12/I12*10) -> 0 | T12: =IF(I12=0,0,K12/I12*10) -> 0 | U12: =IF(I12=0,0,O12/I12*10) -> 0
B13: Bagasse | C13: CHODAVARAM Sugars CO-OP | O13: =SUM(J13:N13) -> 0 | P13: =IF(I13=0,0,J13/I13*10) -> 0 | Q13: =IF(I13=0,0,L13/I13*10) -> 0 | R13: =IF(I13=0,0,M13/I13*10) -> 0 | S13: =IF(I13=0,0,N13/I13*10) -> 0 | T13: =IF(I13=0,0,K13/I13*10) -> 0 | U13: =IF(I13=0,0,O13/I13*10) -> 0
B14: Bagasse | C14: DECCAN SUGARS LTD/Navabharat | O14: =SUM(J14:N14) -> 0 | P14: =IF(I14=0,0,J14/I14*10) -> 0 | Q14: =IF(I14=0,0,L14/I14*10) -> 0 | R14: =IF(I14=0,0,M14/I14*10) -> 0 | S14: =IF(I14=0,0,N14/I14*10) -> 0 | T14: =IF(I14=0,0,K14/I14*10) -> 0 | U14: =IF(I14=0,0,O14/I14*10) -> 0
B15: Bagasse | C15: M/s The Jeypore Sugar Company Ltd. | O15: =SUM(J15:N15) -> 0 | P15: =IF(I15=0,0,J15/I15*10) -> 0 | Q15: =IF(I15=0,0,L15/I15*10) -> 0 | R15: =IF(I15=0,0,M15/I15*10) -> 0 | S15: =IF(I15=0,0,N15/I15*10) -> 0 | T15: =IF(I15=0,0,K15/I15*10) -> 0 | U15: =IF(I15=0,0,O15/I15*10) -> 0
B16: TOTAL Bagasse | E16: =SUM(E13:E15) -> 0 | F16: =SUM(F13:F15) -> 0 | G16: =SUM(G13:G15) -> 0 | H16: =SUM(H13:H15) -> 0 | I16: =SUM(I13:I15) -> 0 | J16: =SUM(J13:J15) -> 0 | K16: =SUM(K13:K15) -> 0 | L16: =SUM(L13:L15) -> 0 | ... N16: =SUM(N13:N15) -> 0 | O16: =SUM(J16:N16) -> 0 | P16: =IF(I16=0,0,J16/I16*10) -> 0 | Q16: =IF(I16=0,0,L16/I16*10) -> 0 | R16: =IF(I16=0,0,M16/I16*10) -> 0 | S16: =IF(I16=0,0,N16/I16*10) -> 0 | T16: =IF(I16=0,0,K16/I16*10) -> 0 | U16: =IF(I16=0,0,O16/I16*10) -> 0
B17: Municipal Waste to Energy | C17: Jindal Urban Waste Management (Visakhapatnam) Ltd | O17: =SUM(J17:N17) -> 0 | P17: =IF(I17=0,0,J17/I17*10) -> 0 | Q17: =IF(I17=0,0,L17/I17*10) -> 0 | R17: =IF(I17=0,0,M17/I17*10) -> 0 | S17: =IF(I17=0,0,N17/I17*10) -> 0 | T17: =IF(I17=0,0,K17/I17*10) -> 0 | U17: =IF(I17=0,0,O17/I17*10) -> 0
B18: TOTAL Municipal Waste to Energy | E18: =E17 -> 0 | F18: =F17 -> 0 | G18: =G17 -> 0 | H18: =H17 -> 0 | I18: =I17 -> 0 | J18: =J17 -> 0 | K18: =K17 -> 0 | L18: =L17 -> 0 | ... N18: =N17 -> 0 | O18: =SUM(J18:N18) -> 0 | P18: =IF(I18=0,0,J18/I18*10) -> 0 | Q18: =IF(I18=0,0,L18/I18*10) -> 0 | R18: =IF(I18=0,0,M18/I18*10) -> 0 | S18: =IF(I18=0,0,N18/I18*10) -> 0 | T18: =IF(I18=0,0,K18/I18*10) -> 0 | U18: =IF(I18=0,0,O18/I18*10) -> 0
B19: Industrial Waste based power project | C19: 3F Industries Ltd (Foods & Fats) | O19: =SUM(J19:N19) -> 0 | P19: =IF(I19=0,0,J19/I19*10) -> 0 | Q19: =IF(I19=0,0,L19/I19*10) -> 0 | R19: =IF(I19=0,0,M19/I19*10) -> 0 | S19: =IF(I19=0,0,N19/I19*10) -> 0 | T19: =IF(I19=0,0,K19/I19*10) -> 0 | U19: =IF(I19=0,0,O19/I19*10) -> 0
B20: Industrial Waste based power project | C20: Sai Renewable Power (P) Limited | O20: =SUM(J20:N20) -> 0 | P20: =IF(I20=0,0,J20/I20*10) -> 0 | Q20: =IF(I20=0,0,L20/I20*10) -> 0 | R20: =IF(I20=0,0,M20/I20*10) -> 0 | S20: =IF(I20=0,0,N20/I20*10) -> 0 | T20: =IF(I20=0,0,K20/I20*10) -> 0 | U20: =IF(I20=0,0,O20/I20*10) -> 0
B21: Industrial Waste based power project | C21: Raus Power Limited | O21: =SUM(J21:N21) -> 0 | P21: =IF(I21=0,0,J21/I21*10) -> 0 | Q21: =IF(I21=0,0,L21/I21*10) -> 0 | R21: =IF(I21=0,0,M21/I21*10) -> 0 | S21: =IF(I21=0,0,N21/I21*10) -> 0 | T21: =IF(I21=0,0,K21/I21*10) -> 0 | U21: =IF(I21=0,0,O21/I21*10) -> 0
B22: TOTAL Industrial Waste | E22: =SUM(E19:E21) -> 0 | F22: =SUM(F19:F21) -> 0 | G22: =SUM(G19:G21) -> 0 | H22: =SUM(H19:H21) -> 0 | I22: =SUM(I19:I21) -> 0 | J22: =SUM(J19:J21) -> 0 | K22: =SUM(K19:K21) -> 0 | L22: =SUM(L19:L21) -> 0 | ... N22: =SUM(N19:N21) -> 0 | O22: =SUM(J22:N22) -> 0 | P22: =IF(I22=0,0,J22/I22*10) -> 0 | Q22: =IF(I22=0,0,L22/I22*10) -> 0 | R22: =IF(I22=0,0,M22/I22*10) -> 0 | S22: =IF(I22=0,0,N22/I22*10) -> 0 | T22: =IF(I22=0,0,K22/I22*10) -> 0 | U22: =IF(I22=0,0,O22/I22*10) -> 0
O23: =SUM(J23:N23) -> 0 | P23: =IF(I23=0,0,J23/I23*10) -> 0 | Q23: =IF(I23=0,0,L23/I23*10) -> 0 | R23: =IF(I23=0,0,M23/I23*10) -> 0 | S23: =IF(I23=0,0,N23/I23*10) -> 0 | T23: =IF(I23=0,0,K23/I23*10) -> 0 | U23: =IF(I23=0,0,O23/I23*10) -> 0
B24: TOTAL Wind Power | H24: 0 | I24: 0 | J24: 0 | K24: 0 | O24: =SUM(J24:N24) -> 0 | P24: =IF(I24=0,0,J24/I24*10) -> 0 | Q24: =IF(I24=0,0,L24/I24*10) -> 0 | R24: =IF(I24=0,0,M24/I24*10) -> 0 | S24: =IF(I24=0,0,N24/I24*10) -> 0 | T24: =IF(I24=0,0,K24/I24*10) -> 0 | U24: =IF(I24=0,0,O24/I24*10) -> 0
B25: Mini Hydel | C25: SARDAR POWER(HYDEL) | O25: =SUM(J25:N25) -> 0 | P25: =IF(I25=0,0,J25/I25*10) -> 0 | Q25: =IF(I25=0,0,L25/I25*10) -> 0 | R25: =IF(I25=0,0,M25/I25*10) -> 0 | S25: =IF(I25=0,0,N25/I25*10) -> 0 | T25: =IF(I25=0,0,K25/I25*10) -> 0 | U25: =IF(I25=0,0,O25/I25*10) -> 0
B26: Mini Hydel | C26: Vetamamidi MHPP Project | O26: =SUM(J26:N26) -> 0 | P26: =IF(I26=0,0,J26/I26*10) -> 0 | Q26: =IF(I26=0,0,L26/I26*10) -> 0 | R26: =IF(I26=0,0,M26/I26*10) -> 0 | S26: =IF(I26=0,0,N26/I26*10) -> 0 | T26: =IF(I26=0,0,K26/I26*10) -> 0 | U26: =IF(I26=0,0,O26/I26*10) -> 0
B27: Mini Hydel | C27: NCL ENERGY TB DAM | O27: =SUM(J27:N27) -> 0 | P27: =IF(I27=0,0,J27/I27*10) -> 0 | Q27: =IF(I27=0,0,L27/I27*10) -> 0 | R27: =IF(I27=0,0,M27/I27*10) -> 0 | S27: =IF(I27=0,0,N27/I27*10) -> 0 | T27: =IF(I27=0,0,K27/I27*10) -> 0 | U27: =IF(I27=0,0,O27/I27*10) -> 0
B28: Mini Hydel | C28: Pinjari Konda | O28: =SUM(J28:N28) -> 0 | P28: =IF(I28=0,0,J28/I28*10) -> 0 | Q28: =IF(I28=0,0,L28/I28*10) -> 0 | R28: =IF(I28=0,0,M28/I28*10) -> 0 | S28: =IF(I28=0,0,N28/I28*10) -> 0 | T28: =IF(I28=0,0,K28/I28*10) -> 0 | U28: =IF(I28=0,0,O28/I28*10) -> 0
B29: TOTAL Mini Hydel | E29: =SUM(E25:E28) -> 0 | F29: =SUM(F25:F28) -> 0 | G29: =SUM(G25:G28) -> 0 | H29: =SUM(H25:H28) -> 0 | I29: =SUM(I25:I28) -> 0 | J29: =SUM(J25:J28) -> 0 | K29: =SUM(K25:K28) -> 0 | L29: =SUM(L25:L28) -> 0 | ... N29: =SUM(N25:N28) -> 0 | O29: =SUM(J29:N29) -> 0 | P29: =IF(I29=0,0,J29/I29*10) -> 0 | Q29: =IF(I29=0,0,L29/I29*10) -> 0 | R29: =IF(I29=0,0,M29/I29*10) -> 0 | S29: =IF(I29=0,0,N29/I29*10) -> 0 | T29: =IF(I29=0,0,K29/I29*10) -> 0 | U29: =IF(I29=0,0,O29/I29*10) -> 0
B30: NCL Energy Ltd | O30: =SUM(J30:N30) -> 0 | P30: =IF(I30=0,0,J30/I30*10) -> 0 | Q30: =IF(I30=0,0,L30/I30*10) -> 0 | R30: =IF(I30=0,0,M30/I30*10) -> 0 | S30: =IF(I30=0,0,N30/I30*10) -> 0 | T30: =IF(I30=0,0,K30/I30*10) -> 0 | U30: =IF(I30=0,0,O30/I30*10) -> 0
B31: TOTAL- NCL Energy Ltd | E31: 0 | G31: 0 | H31: 0 | I31: 0 | J31: 0 | K31: 0 | L31: 0 | M31: 0 | N31: 0 | O31: =SUM(J31:N31) -> 0 | P31: =IF(I31=0,0,J31/I31*10) -> 0 | Q31: =IF(I31=0,0,L31/I31*10) -> 0 | R31: =IF(I31=0,0,M31/I31*10) -> 0 | S31: =IF(I31=0,0,N31/I31*10) -> 0 | T31: =IF(I31=0,0,K31/I31*10) -> 0 | U31: =IF(I31=0,0,O31/I31*10) -> 0
B32: NCE-SOLAR | C32: EAAMA Estate Pvt Ltd | O32: =SUM(J32:N32) -> 0 | P32: =IF(I32=0,0,J32/I32*10) -> 0 | Q32: =IF(I32=0,0,L32/I32*10) -> 0 | R32: =IF(I32=0,0,M32/I32*10) -> 0 | S32: =IF(I32=0,0,N32/I32*10) -> 0 | T32: =IF(I32=0,0,K32/I32*10) -> 0 | U32: =IF(I32=0,0,O32/I32*10) -> 0
B33: NCE-SOLAR | C33: VBC RENEWABLE ENERGY PVT LTD | O33: =SUM(J33:N33) -> 0 | P33: =IF(I33=0,0,J33/I33*10) -> 0 | Q33: =IF(I33=0,0,L33/I33*10) -> 0 | R33: =IF(I33=0,0,M33/I33*10) -> 0 | S33: =IF(I33=0,0,N33/I33*10) -> 0 | T33: =IF(I33=0,0,K33/I33*10) -> 0 | U33: =IF(I33=0,0,O33/I33*10) -> 0
B34: NCE-SOLAR | C34: New & Renewable Energy Development Corporation Of Andhra Pradesh Ltd (Solar Project) | O34: =SUM(J34:N34) -> 0 | P34: =IF(I34=0,0,J34/I34*10) -> 0 | Q34: =IF(I34=0,0,L34/I34*10) -> 0 | R34: =IF(I34=0,0,M34/I34*10) -> 0 | S34: =IF(I34=0,0,N34/I34*10) -> 0 | T34: =IF(I34=0,0,K34/I34*10) -> 0 | U34: =IF(I34=0,0,O34/I34*10) -> 0
B35: NCE-SOLAR | C35: Apgenco (solar) Project | O35: =SUM(J35:N35) -> 0 | P35: =IF(I35=0,0,J35/I35*10) -> 0 | Q35: =IF(I35=0,0,L35/I35*10) -> 0 | R35: =IF(I35=0,0,M35/I35*10) -> 0 | S35: =IF(I35=0,0,N35/I35*10) -> 0 | T35: =IF(I35=0,0,K35/I35*10) -> 0 | U35: =IF(I35=0,0,O35/I35*10) -> 0
B36: NCE Solar-Total | E36: =SUM(E32:E35) -> 0 | F36: =SUM(F32:F35) -> 0 | G36: =SUM(G32:G35) -> 0 | H36: =SUM(H32:H35) -> 0 | I36: =SUM(I32:I35) -> 0 | J36: =SUM(J32:J35) -> 0 | K36: =SUM(K32:K35) -> 0 | L36: =SUM(L32:L35) -> 0 | ... N36: =SUM(N32:N35) -> 0 | O36: =SUM(J36:N36) -> 0 | P36: =IF(I36=0,0,J36/I36*10) -> 0 | Q36: =IF(I36=0,0,L36/I36*10) -> 0 | R36: =IF(I36=0,0,M36/I36*10) -> 0 | S36: =IF(I36=0,0,N36/I36*10) -> 0 | T36: =IF(I36=0,0,K36/I36*10) -> 0 | U36: =IF(I36=0,0,O36/I36*10) -> 0
B37: NCE-Others | C37: NTPC NVVNL Bundled Power (Only SOLAR) | O37: =SUM(J37:N37) -> 0 | P37: =IF(I37=0,0,J37/I37*10) -> 0 | Q37: =IF(I37=0,0,L37/I37*10) -> 0 | R37: =IF(I37=0,0,M37/I37*10) -> 0 | S37: =IF(I37=0,0,N37/I37*10) -> 0 | T37: =IF(I37=0,0,K37/I37*10) -> 0 | U37: =IF(I37=0,0,O37/I37*10) -> 0
B38: NCE-Others | C38: NTPC NVVNL Bundled Power (Only COAL) | O38: =SUM(J38:N38) -> 0 | P38: =IF(I38=0,0,J38/I38*10) -> 0 | Q38: =IF(I38=0,0,L38/I38*10) -> 0 | R38: =IF(I38=0,0,M38/I38*10) -> 0 | S38: =IF(I38=0,0,N38/I38*10) -> 0 | T38: =IF(I38=0,0,K38/I38*10) -> 0 | U38: =IF(I38=0,0,O38/I38*10) -> 0
B39: NCE-Others | C39: NTPC NSM Phase-II, Bundled Power (COAL) | O39: =SUM(J39:N39) -> 0 | P39: =IF(I39=0,0,J39/I39*10) -> 0 | Q39: =IF(I39=0,0,L39/I39*10) -> 0 | R39: =IF(I39=0,0,M39/I39*10) -> 0 | S39: =IF(I39=0,0,N39/I39*10) -> 0 | T39: =IF(I39=0,0,K39/I39*10) -> 0 | U39: =IF(I39=0,0,O39/I39*10) -> 0
B40: NCE-Others | C40: NTPC NPKunta Ultra Mega Solar Project 250MW | O40: =SUM(J40:N40) -> 0 | P40: =IF(I40=0,0,J40/I40*10) -> 0 | Q40: =IF(I40=0,0,L40/I40*10) -> 0 | R40: =IF(I40=0,0,M40/I40*10) -> 0 | S40: =IF(I40=0,0,N40/I40*10) -> 0 | T40: =IF(I40=0,0,K40/I40*10) -> 0 | U40: =IF(I40=0,0,O40/I40*10) -> 0
B41: NCE-Others | C41: NTPC Ramagundam Solar Power | O41: =SUM(J41:N41) -> 0 | P41: =IF(I41=0,0,J41/I41*10) -> 0 | Q41: =IF(I41=0,0,L41/I41*10) -> 0 | R41: =IF(I41=0,0,M41/I41*10) -> 0 | S41: =IF(I41=0,0,N41/I41*10) -> 0 | T41: =IF(I41=0,0,K41/I41*10) -> 0 | U41: =IF(I41=0,0,O41/I41*10) -> 0
B42: NCE-Others | C42: AP GENCO SOLAR 400MW 2019-20 COST | O42: =SUM(J42:N42) -> 0 | P42: =IF(I42=0,0,J42/I42*10) -> 0 | Q42: =IF(I42=0,0,L42/I42*10) -> 0 | R42: =IF(I42=0,0,M42/I42*10) -> 0 | S42: =IF(I42=0,0,N42/I42*10) -> 0 | T42: =IF(I42=0,0,K42/I42*10) -> 0 | U42: =IF(I42=0,0,O42/I42*10) -> 0
B43: NCE-Others | C43: NVVNL BUNDLED COAL 2019-20 | O43: =SUM(J43:N43) -> 0 | P43: =IF(I43=0,0,J43/I43*10) -> 0 | Q43: =IF(I43=0,0,L43/I43*10) -> 0 | R43: =IF(I43=0,0,M43/I43*10) -> 0 | S43: =IF(I43=0,0,N43/I43*10) -> 0 | T43: =IF(I43=0,0,K43/I43*10) -> 0 | U43: =IF(I43=0,0,O43/I43*10) -> 0
B44: NCE-Others | C44: NP KUNTA ULTRA AND SBG 2019-20 | O44: =SUM(J44:N44) -> 0 | P44: =IF(I44=0,0,J44/I44*10) -> 0 | Q44: =IF(I44=0,0,L44/I44*10) -> 0 | R44: =IF(I44=0,0,M44/I44*10) -> 0 | S44: =IF(I44=0,0,N44/I44*10) -> 0 | T44: =IF(I44=0,0,K44/I44*10) -> 0 | U44: =IF(I44=0,0,O44/I44*10) -> 0
B45: TOTAL NCE - Others | E45: =SUM(E37:E44) -> 0 | F45: =SUM(F37:F44) -> 0 | G45: =SUM(G37:G44) -> 0 | H45: =SUM(H37:H44) -> 0 | I45: =SUM(I37:I44) -> 0 | J45: =SUM(J37:J44) -> 0 | K45: =SUM(K37:K44) -> 0 | L45: =SUM(L37:L44) -> 0 | ... N45: =SUM(N37:N44) -> 0 | O45: =SUM(J45:N45) -> 0 | P45: =IF(I45=0,0,J45/I45*10) -> 0 | Q45: =IF(I45=0,0,L45/I45*10) -> 0 | R45: =IF(I45=0,0,M45/I45*10) -> 0 | S45: =IF(I45=0,0,N45/I45*10) -> 0 | T45: =IF(I45=0,0,K45/I45*10) -> 0 | U45: =IF(I45=0,0,O45/I45*10) -> 0
B46: Total NCE | E46: =E45+E36+E31+E29+E22+E18+E16+E12 -> 0 | F46: =F45+F36+F31+F29+F22+F18+F16+F12 -> 0 | G46: =G45+G36+G31+G29+G22+G18+G16+G12 -> 0 | H46: =H45+H36+H31+H29+H22+H18+H16+H12 -> 0 | I46: =I45+I36+I31+I29+I22+I18+I16+I12 -> 0 | J46: =J45+J36+J31+J29+J22+J18+J16+J12 -> 0 | K46: =K45+K36+K31+K29+K22+K18+K16+K12 -> 0 | L46: =L45+L36+L31+L29+L22+L18+L16+L12 -> 0 | ... N46: =N45+N36+N31+N29+N22+N18+N16+N12 -> 0 | O46: =SUM(J46:N46) -> 0 | P46: =IF(I46=0,0,J46/I46*10) -> 0 | Q46: =IF(I46=0,0,L46/I46*10) -> 0 | R46: =IF(I46=0,0,M46/I46*10) -> 0 | S46: =IF(I46=0,0,N46/I46*10) -> 0 | T46: =IF(I46=0,0,K46/I46*10) -> 0 | U46: =IF(I46=0,0,O46/I46*10) -> 0

Sheet 1.4 (vi)|NCE-Year 5
A1: Index sheet | AL1: 1
AL2: 2
B3: Form 1.4(vi) | C3: NCE Generation ( Year 5)
B5: Plant wise NCE Generation and Cost Details for Year2. The total should be consistent with values provided in Form 1.4 under NCE. | H5: =Notes!C10 -> FY 2028-29
B8: TYPE | C8: Name | D8: Location | E8: Plant Capacity | F8: DISCOM's share | G8: DISCOM's share | H8: Availability and Dispatch (MU) | J8: Cost (Rs. Crs.) | P8: Unit Cost (Rs. / kWh) | V8: Remarks
E9: (MW) | F9: (%) | G9: (MW) | H9: Net Availability | I9: Dispatch | J9: Fixed | K9: Variable | L9: Incentive | M9: Income Tax | N9: Others | O9: Total | P9: Fixed | Q9: Incentives | R9: Income Tax | S9: Others | T9: Variable | U9: Total
B10: Bio-Mass | C10: Vishnu Vidyut India Ltd | O10: =SUM(J10:N10) -> 0 | P10: =IF(I10=0,0,J10/I10*10) -> 0 | Q10: =IF(I10=0,0,L10/I10*10) -> 0 | R10: =IF(I10=0,0,M10/I10*10) -> 0 | S10: =IF(I10=0,0,N10/I10*10) -> 0 | T10: =IF(I10=0,0,K10/I10*10) -> 0 | U10: =IF(I10=0,0,O10/I10*10) -> 0
B11: TOTAL Bio-mass | E11: =SUM(E10:E10) -> 0 | F11: =SUM(F10:F10) -> 0 | G11: =SUM(G10:G10) -> 0 | H11: =SUM(H10:H10) -> 0 | I11: =SUM(I10:I10) -> 0 | J11: =SUM(J10:J10) -> 0 | K11: =SUM(K10:K10) -> 0 | L11: =SUM(L10:L10) -> 0 | ... N11: =SUM(N10:N10) -> 0 | O11: =SUM(J11:N11) -> 0 | P11: =IF(I11=0,0,J11/I11*10) -> 0 | Q11: =IF(I11=0,0,L11/I11*10) -> 0 | R11: =IF(I11=0,0,M11/I11*10) -> 0 | S11: =IF(I11=0,0,N11/I11*10) -> 0 | T11: =IF(I11=0,0,K11/I11*10) -> 0 | U11: =IF(I11=0,0,O11/I11*10) -> 0
B12: Bagasse | C12: CHODAVARAM Sugars CO-OP | O12: =SUM(J12:N12) -> 0 | P12: =IF(I12=0,0,J12/I12*10) -> 0 | Q12: =IF(I12=0,0,L12/I12*10) -> 0 | R12: =IF(I12=0,0,M12/I12*10) -> 0 | S12: =IF(I12=0,0,N12/I12*10) -> 0 | T12: =IF(I12=0,0,K12/I12*10) -> 0 | U12: =IF(I12=0,0,O12/I12*10) -> 0
B13: Bagasse | C13: DECCAN SUGARS LTD/Navabharat | O13: =SUM(J13:N13) -> 0 | P13: =IF(I13=0,0,J13/I13*10) -> 0 | Q13: =IF(I13=0,0,L13/I13*10) -> 0 | R13: =IF(I13=0,0,M13/I13*10) -> 0 | S13: =IF(I13=0,0,N13/I13*10) -> 0 | T13: =IF(I13=0,0,K13/I13*10) -> 0 | U13: =IF(I13=0,0,O13/I13*10) -> 0
B14: TOTAL Bagasse | E14: =SUM(E12:E13) -> 0 | F14: =SUM(F12:F13) -> 0 | G14: =SUM(G12:G13) -> 0 | H14: =SUM(H12:H13) -> 0 | I14: =SUM(I12:I13) -> 0 | J14: =SUM(J12:J13) -> 0 | K14: =SUM(K12:K13) -> 0 | L14: =SUM(L12:L13) -> 0 | ... N14: =SUM(N12:N13) -> 0 | O14: =SUM(J14:N14) -> 0 | P14: =IF(I14=0,0,J14/I14*10) -> 0 | Q14: =IF(I14=0,0,L14/I14*10) -> 0 | R14: =IF(I14=0,0,M14/I14*10) -> 0 | S14: =IF(I14=0,0,N14/I14*10) -> 0 | T14: =IF(I14=0,0,K14/I14*10) -> 0 | U14: =IF(I14=0,0,O14/I14*10) -> 0
B15: Municipal Waste to Energy | C15: Jindal Urban Waste Management (Visakhapatnam) Ltd | O15: =SUM(J15:N15) -> 0 | P15: =IF(I15=0,0,J15/I15*10) -> 0 | Q15: =IF(I15=0,0,L15/I15*10) -> 0 | R15: =IF(I15=0,0,M15/I15*10) -> 0 | S15: =IF(I15=0,0,N15/I15*10) -> 0 | T15: =IF(I15=0,0,K15/I15*10) -> 0 | U15: =IF(I15=0,0,O15/I15*10) -> 0
B16: TOTAL Municipal Waste to Energy | E16: =E15 -> 0 | F16: =F15 -> 0 | G16: =G15 -> 0 | H16: =H15 -> 0 | I16: =I15 -> 0 | J16: =J15 -> 0 | K16: =K15 -> 0 | L16: =L15 -> 0 | ... N16: =N15 -> 0 | O16: =SUM(J16:N16) -> 0 | P16: =IF(I16=0,0,J16/I16*10) -> 0 | Q16: =IF(I16=0,0,L16/I16*10) -> 0 | R16: =IF(I16=0,0,M16/I16*10) -> 0 | S16: =IF(I16=0,0,N16/I16*10) -> 0 | T16: =IF(I16=0,0,K16/I16*10) -> 0 | U16: =IF(I16=0,0,O16/I16*10) -> 0
B17: Industrial Waste based power project | C17: 3F Industries Ltd (Foods & Fats) | O17: =SUM(J17:N17) -> 0 | P17: =IF(I17=0,0,J17/I17*10) -> 0 | Q17: =IF(I17=0,0,L17/I17*10) -> 0 | R17: =IF(I17=0,0,M17/I17*10) -> 0 | S17: =IF(I17=0,0,N17/I17*10) -> 0 | T17: =IF(I17=0,0,K17/I17*10) -> 0 | U17: =IF(I17=0,0,O17/I17*10) -> 0
B18: Industrial Waste based power project | C18: Sai Renewable Power (P) Limited | O18: =SUM(J18:N18) -> 0 | P18: =IF(I18=0,0,J18/I18*10) -> 0 | Q18: =IF(I18=0,0,L18/I18*10) -> 0 | R18: =IF(I18=0,0,M18/I18*10) -> 0 | S18: =IF(I18=0,0,N18/I18*10) -> 0 | T18: =IF(I18=0,0,K18/I18*10) -> 0 | U18: =IF(I18=0,0,O18/I18*10) -> 0
B19: Industrial Waste based power project | C19: Raus Power Limited | O19: =SUM(J19:N19) -> 0 | P19: =IF(I19=0,0,J19/I19*10) -> 0 | Q19: =IF(I19=0,0,L19/I19*10) -> 0 | R19: =IF(I19=0,0,M19/I19*10) -> 0 | S19: =IF(I19=0,0,N19/I19*10) -> 0 | T19: =IF(I19=0,0,K19/I19*10) -> 0 | U19: =IF(I19=0,0,O19/I19*10) -> 0
B20: TOTAL Industrial Waste | E20: =SUM(E17:E19) -> 0 | F20: =SUM(F17:F19) -> 0 | G20: =SUM(G17:G19) -> 0 | H20: =SUM(H17:H19) -> 0 | I20: =SUM(I17:I19) -> 0 | J20: =SUM(J17:J19) -> 0 | K20: =SUM(K17:K19) -> 0 | L20: =SUM(L17:L19) -> 0 | ... N20: =SUM(N17:N19) -> 0 | O20: =SUM(J20:N20) -> 0 | P20: =IF(I20=0,0,J20/I20*10) -> 0 | Q20: =IF(I20=0,0,L20/I20*10) -> 0 | R20: =IF(I20=0,0,M20/I20*10) -> 0 | S20: =IF(I20=0,0,N20/I20*10) -> 0 | T20: =IF(I20=0,0,K20/I20*10) -> 0 | U20: =IF(I20=0,0,O20/I20*10) -> 0
O21: =SUM(J21:N21) -> 0 | P21: =IF(I21=0,0,J21/I21*10) -> 0 | Q21: =IF(I21=0,0,L21/I21*10) -> 0 | R21: =IF(I21=0,0,M21/I21*10) -> 0 | S21: =IF(I21=0,0,N21/I21*10) -> 0 | T21: =IF(I21=0,0,K21/I21*10) -> 0 | U21: =IF(I21=0,0,O21/I21*10) -> 0
B22: TOTAL Wind Power | E22: 0 | F22: 0 | G22: 0 | H22: 0 | I22: 0 | J22: 0 | K22: 0 | L22: 0 | M22: 0 | N22: 0 | O22: =SUM(J22:N22) -> 0 | P22: =IF(I22=0,0,J22/I22*10) -> 0 | Q22: =IF(I22=0,0,L22/I22*10) -> 0 | R22: =IF(I22=0,0,M22/I22*10) -> 0 | S22: =IF(I22=0,0,N22/I22*10) -> 0 | T22: =IF(I22=0,0,K22/I22*10) -> 0 | U22: =IF(I22=0,0,O22/I22*10) -> 0
B23: Mini Hydel | C23: SARDAR POWER(HYDEL) | O23: =SUM(J23:N23) -> 0 | P23: =IF(I23=0,0,J23/I23*10) -> 0 | Q23: =IF(I23=0,0,L23/I23*10) -> 0 | R23: =IF(I23=0,0,M23/I23*10) -> 0 | S23: =IF(I23=0,0,N23/I23*10) -> 0 | T23: =IF(I23=0,0,K23/I23*10) -> 0 | U23: =IF(I23=0,0,O23/I23*10) -> 0
B24: Mini Hydel | C24: Vetamamidi MHPP Project | O24: =SUM(J24:N24) -> 0 | P24: =IF(I24=0,0,J24/I24*10) -> 0 | Q24: =IF(I24=0,0,L24/I24*10) -> 0 | R24: =IF(I24=0,0,M24/I24*10) -> 0 | S24: =IF(I24=0,0,N24/I24*10) -> 0 | T24: =IF(I24=0,0,K24/I24*10) -> 0 | U24: =IF(I24=0,0,O24/I24*10) -> 0
B25: Mini Hydel | C25: NCL ENERGY TB DAM | O25: =SUM(J25:N25) -> 0 | P25: =IF(I25=0,0,J25/I25*10) -> 0 | Q25: =IF(I25=0,0,L25/I25*10) -> 0 | R25: =IF(I25=0,0,M25/I25*10) -> 0 | S25: =IF(I25=0,0,N25/I25*10) -> 0 | T25: =IF(I25=0,0,K25/I25*10) -> 0 | U25: =IF(I25=0,0,O25/I25*10) -> 0
B26: Mini Hydel | C26: Pinjari Konda | O26: =SUM(J26:N26) -> 0 | P26: =IF(I26=0,0,J26/I26*10) -> 0 | Q26: =IF(I26=0,0,L26/I26*10) -> 0 | R26: =IF(I26=0,0,M26/I26*10) -> 0 | S26: =IF(I26=0,0,N26/I26*10) -> 0 | T26: =IF(I26=0,0,K26/I26*10) -> 0 | U26: =IF(I26=0,0,O26/I26*10) -> 0
B27: Mini Hydel | C27: Metlapalem | O27: =SUM(J27:N27) -> 0 | P27: =IF(I27=0,0,J27/I27*10) -> 0 | Q27: =IF(I27=0,0,L27/I27*10) -> 0 | R27: =IF(I27=0,0,M27/I27*10) -> 0 | S27: =IF(I27=0,0,N27/I27*10) -> 0 | T27: =IF(I27=0,0,K27/I27*10) -> 0 | U27: =IF(I27=0,0,O27/I27*10) -> 0
B28: TOTAL Mini Hydel | E28: =SUM(E23:E27) -> 0 | F28: =SUM(F23:F27) -> 0 | G28: =SUM(G23:G27) -> 0 | H28: =SUM(H23:H27) -> 0 | I28: =SUM(I23:I27) -> 0 | J28: =SUM(J23:J27) -> 0 | K28: =SUM(K23:K27) -> 0 | L28: =SUM(L23:L27) -> 0 | ... N28: =SUM(N23:N27) -> 0 | O28: =SUM(J28:N28) -> 0 | P28: =IF(I28=0,0,J28/I28*10) -> 0 | Q28: =IF(I28=0,0,L28/I28*10) -> 0 | R28: =IF(I28=0,0,M28/I28*10) -> 0 | S28: =IF(I28=0,0,N28/I28*10) -> 0 | T28: =IF(I28=0,0,K28/I28*10) -> 0 | U28: =IF(I28=0,0,O28/I28*10) -> 0
B29: NCL Energy Ltd | O29: =SUM(J29:N29) -> 0 | P29: =IF(I29=0,0,J29/I29*10) -> 0 | Q29: =IF(I29=0,0,L29/I29*10) -> 0 | R29: =IF(I29=0,0,M29/I29*10) -> 0 | S29: =IF(I29=0,0,N29/I29*10) -> 0 | T29: =IF(I29=0,0,K29/I29*10) -> 0 | U29: =IF(I29=0,0,O29/I29*10) -> 0
B30: TOTAL- NCL Energy Ltd | E30: 0 | F30: 0 | G30: 0 | H30: 0 | I30: 0 | J30: 0 | K30: 0 | L30: 0 | M30: 0 | N30: 0 | O30: =SUM(J30:N30) -> 0 | P30: =IF(I30=0,0,J30/I30*10) -> 0 | Q30: =IF(I30=0,0,L30/I30*10) -> 0 | R30: =IF(I30=0,0,M30/I30*10) -> 0 | S30: =IF(I30=0,0,N30/I30*10) -> 0 | T30: =IF(I30=0,0,K30/I30*10) -> 0 | U30: =IF(I30=0,0,O30/I30*10) -> 0
B31: NCE-SOLAR | C31: EAAMA Estate Pvt Ltd | O31: =SUM(J31:N31) -> 0 | P31: =IF(I31=0,0,J31/I31*10) -> 0 | Q31: =IF(I31=0,0,L31/I31*10) -> 0 | R31: =IF(I31=0,0,M31/I31*10) -> 0 | S31: =IF(I31=0,0,N31/I31*10) -> 0 | T31: =IF(I31=0,0,K31/I31*10) -> 0 | U31: =IF(I31=0,0,O31/I31*10) -> 0
B32: NCE-SOLAR | C32: VBC RENEWABLE ENERGY PVT LTD | O32: =SUM(J32:N32) -> 0 | P32: =IF(I32=0,0,J32/I32*10) -> 0 | Q32: =IF(I32=0,0,L32/I32*10) -> 0 | R32: =IF(I32=0,0,M32/I32*10) -> 0 | S32: =IF(I32=0,0,N32/I32*10) -> 0 | T32: =IF(I32=0,0,K32/I32*10) -> 0 | U32: =IF(I32=0,0,O32/I32*10) -> 0
B33: NCE-SOLAR | C33: New & Renewable Energy Development Corporation Of Andhra Pradesh Ltd (Solar Project) | O33: =SUM(J33:N33) -> 0 | P33: =IF(I33=0,0,J33/I33*10) -> 0 | Q33: =IF(I33=0,0,L33/I33*10) -> 0 | R33: =IF(I33=0,0,M33/I33*10) -> 0 | S33: =IF(I33=0,0,N33/I33*10) -> 0 | T33: =IF(I33=0,0,K33/I33*10) -> 0 | U33: =IF(I33=0,0,O33/I33*10) -> 0
B34: NCE-SOLAR | C34: Apgenco (solar) Project | O34: =SUM(J34:N34) -> 0 | P34: =IF(I34=0,0,J34/I34*10) -> 0 | Q34: =IF(I34=0,0,L34/I34*10) -> 0 | R34: =IF(I34=0,0,M34/I34*10) -> 0 | S34: =IF(I34=0,0,N34/I34*10) -> 0 | T34: =IF(I34=0,0,K34/I34*10) -> 0 | U34: =IF(I34=0,0,O34/I34*10) -> 0
B35: NCE Solar-Total | E35: =SUM(E31:E34) -> 0 | F35: =SUM(F31:F34) -> 0 | G35: =SUM(G31:G34) -> 0 | H35: =SUM(H31:H34) -> 0 | I35: =SUM(I31:I34) -> 0 | J35: =SUM(J31:J34) -> 0 | K35: =SUM(K31:K34) -> 0 | L35: =SUM(L31:L34) -> 0 | ... N35: =SUM(N31:N34) -> 0 | O35: =SUM(J35:N35) -> 0 | P35: =IF(I35=0,0,J35/I35*10) -> 0 | Q35: =IF(I35=0,0,L35/I35*10) -> 0 | R35: =IF(I35=0,0,M35/I35*10) -> 0 | S35: =IF(I35=0,0,N35/I35*10) -> 0 | T35: =IF(I35=0,0,K35/I35*10) -> 0 | U35: =IF(I35=0,0,O35/I35*10) -> 0
B36: NCE-Others | C36: NTPC NVVNL Bundled Power (Only SOLAR) | O36: =SUM(J36:N36) -> 0 | P36: =IF(I36=0,0,J36/I36*10) -> 0 | Q36: =IF(I36=0,0,L36/I36*10) -> 0 | R36: =IF(I36=0,0,M36/I36*10) -> 0 | S36: =IF(I36=0,0,N36/I36*10) -> 0 | T36: =IF(I36=0,0,K36/I36*10) -> 0 | U36: =IF(I36=0,0,O36/I36*10) -> 0
B37: NCE-Others | C37: NTPC NVVNL Bundled Power (Only COAL) | O37: =SUM(J37:N37) -> 0 | P37: =IF(I37=0,0,J37/I37*10) -> 0 | Q37: =IF(I37=0,0,L37/I37*10) -> 0 | R37: =IF(I37=0,0,M37/I37*10) -> 0 | S37: =IF(I37=0,0,N37/I37*10) -> 0 | T37: =IF(I37=0,0,K37/I37*10) -> 0 | U37: =IF(I37=0,0,O37/I37*10) -> 0
B38: NCE-Others | C38: NTPC NSM Phase-II, Bundled Power (COAL) | O38: =SUM(J38:N38) -> 0 | P38: =IF(I38=0,0,J38/I38*10) -> 0 | Q38: =IF(I38=0,0,L38/I38*10) -> 0 | R38: =IF(I38=0,0,M38/I38*10) -> 0 | S38: =IF(I38=0,0,N38/I38*10) -> 0 | T38: =IF(I38=0,0,K38/I38*10) -> 0 | U38: =IF(I38=0,0,O38/I38*10) -> 0
B39: NCE-Others | C39: NTPC NPKunta Ultra Mega Solar Project 250MW | O39: =SUM(J39:N39) -> 0 | P39: =IF(I39=0,0,J39/I39*10) -> 0 | Q39: =IF(I39=0,0,L39/I39*10) -> 0 | R39: =IF(I39=0,0,M39/I39*10) -> 0 | S39: =IF(I39=0,0,N39/I39*10) -> 0 | T39: =IF(I39=0,0,K39/I39*10) -> 0 | U39: =IF(I39=0,0,O39/I39*10) -> 0
B40: NCE-Others | C40: NTPC Ramagundam Solar Power | O40: =SUM(J40:N40) -> 0 | P40: =IF(I40=0,0,J40/I40*10) -> 0 | Q40: =IF(I40=0,0,L40/I40*10) -> 0 | R40: =IF(I40=0,0,M40/I40*10) -> 0 | S40: =IF(I40=0,0,N40/I40*10) -> 0 | T40: =IF(I40=0,0,K40/I40*10) -> 0 | U40: =IF(I40=0,0,O40/I40*10) -> 0
B41: NCE-Others | C41: AP GENCO SOLAR 400MW 2019-20 COST | O41: =SUM(J41:N41) -> 0 | P41: =IF(I41=0,0,J41/I41*10) -> 0 | Q41: =IF(I41=0,0,L41/I41*10) -> 0 | R41: =IF(I41=0,0,M41/I41*10) -> 0 | S41: =IF(I41=0,0,N41/I41*10) -> 0 | T41: =IF(I41=0,0,K41/I41*10) -> 0 | U41: =IF(I41=0,0,O41/I41*10) -> 0
B42: NCE-Others | C42: NVVNL BUNDLED COAL 2019-20 | O42: =SUM(J42:N42) -> 0 | P42: =IF(I42=0,0,J42/I42*10) -> 0 | Q42: =IF(I42=0,0,L42/I42*10) -> 0 | R42: =IF(I42=0,0,M42/I42*10) -> 0 | S42: =IF(I42=0,0,N42/I42*10) -> 0 | T42: =IF(I42=0,0,K42/I42*10) -> 0 | U42: =IF(I42=0,0,O42/I42*10) -> 0
B43: NCE-Others | C43: NP KUNTA ULTRA AND SBG 2019-20 | O43: =SUM(J43:N43) -> 0 | P43: =IF(I43=0,0,J43/I43*10) -> 0 | Q43: =IF(I43=0,0,L43/I43*10) -> 0 | R43: =IF(I43=0,0,M43/I43*10) -> 0 | S43: =IF(I43=0,0,N43/I43*10) -> 0 | T43: =IF(I43=0,0,K43/I43*10) -> 0 | U43: =IF(I43=0,0,O43/I43*10) -> 0
B44: TOTAL NCE - Others | E44: =SUM(E36:E43) -> 0 | F44: =SUM(F36:F43) -> 0 | G44: =SUM(G36:G43) -> 0 | H44: =SUM(H36:H43) -> 0 | I44: =SUM(I36:I43) -> 0 | J44: =SUM(J36:J43) -> 0 | K44: =SUM(K36:K43) -> 0 | L44: =SUM(L36:L43) -> 0 | ... N44: =SUM(N36:N43) -> 0 | O44: =SUM(J44:N44) -> 0 | P44: =IF(I44=0,0,J44/I44*10) -> 0 | Q44: =IF(I44=0,0,L44/I44*10) -> 0 | R44: =IF(I44=0,0,M44/I44*10) -> 0 | S44: =IF(I44=0,0,N44/I44*10) -> 0 | T44: =IF(I44=0,0,K44/I44*10) -> 0 | U44: =IF(I44=0,0,O44/I44*10) -> 0
B45: Total NCE | E45: =E44+E35+E30+E28+E22+E20+E16+E14+E11 -> 0 | F45: =F44+F35+F30+F28+F22+F20+F16+F14+F11 -> 0 | G45: =G44+G35+G30+G28+G22+G20+G16+G14+G11 -> 0 | H45: =H44+H35+H30+H28+H22+H20+H16+H14+H11 -> 0 | I45: =I44+I35+I30+I28+I22+I20+I16+I14+I11 -> 0 | J45: =J44+J35+J30+J28+J22+J20+J16+J14+J11 -> 0 | K45: =K44+K35+K30+K28+K22+K20+K16+K14+K11 -> 0 | L45: =L44+L35+L30+L28+L22+L20+L16+L14+L11 -> 0 | ... N45: =N44+N35+N30+N28+N22+N20+N16+N14+N11 -> 0 | O45: =SUM(J45:N45) -> 0 | P45: =IF(I45=0,0,J45/I45*10) -> 0 | Q45: =IF(I45=0,0,L45/I45*10) -> 0 | R45: =IF(I45=0,0,M45/I45*10) -> 0 | S45: =IF(I45=0,0,N45/I45*10) -> 0 | T45: =IF(I45=0,0,K45/I45*10) -> 0 | U45: =IF(I45=0,0,O45/I45*10) -> 0

Sheet 1.4 b|Sales to Licensees
A1: Index sheet
C3: Form 1.4b | D3: Sales to Licensees
D5: Refers to the sales to other licensees/consumers within or outside the state, out of the approved quantum of power for regulated business
C9: FY 2022-23
C10: S. No. | D10: Discom Name | E10: Details link | F10: Quantity (MU) | G10: Cost (Rs Crores) | H10: Rate at which power is sold (Rs/kWh) | I10: Amt received through sales (Rs crores) | J10: Remarks
C11: 1 | D11: State Discoms | F11: =SUM(F12:F15) -> 0 | G11: =SUM(G12:G15) -> 0 | H11: =IF(F11=0,0,I11/F11*10) -> 0 | I11: =SUM(I12:I15) -> 0
B12: 1003 | C12: A | D12: CPDCL
B13: 1001 | C13: B | D13: EPDCL
B14: 1004 | C14: C | D14: NPDCL
B15: 1002 | C15: D | D15: SPDCL
C16: 2 | D16: Other State licensees/Consumers | F16: =SUM(F17:F19) -> 0 | G16: =SUM(G17:G19) -> 0 | H16: =IF(F16=0,0,I16/F16*10) -> 0 | I16: =SUM(I17:I19) -> 0
C17: A | D17: Bi-lateral Sales( PTC etc.)
C18: B | D18: UI Sales
C19: C | D19: Pool Transaction ( Sales)
C20: Total | F20: =SUM(F16,F11) -> 0 | G20: =SUM(G16,G11) -> 0 | I20: =SUM(I16,I11) -> 0
C21: =Notes!$C$5 -> Base Year
C22: S. No. | D22: Discom Name | E22: Details link | F22: Quantity (MU) | G22: Cost (Rs Crores) | H22: Rate at which power is sold (Rs/kWh) | I22: Amt received through sales (Rs crores) | J22: Remarks
C23: 1 | D23: State Discoms | F23: =SUM(F24:F27) -> 0 | G23: =SUM(G24:G27) -> 0 | H23: =IF(F23=0,0,I23/F23*10) -> 0 | I23: =SUM(I24:I27) -> 0
B24: 1003 | C24: A | D24: CPDCL
B25: 1001 | C25: B | D25: EPDCL
B26: 1004 | C26: C | D26: NPDCL
B27: 1002 | C27: D | D27: SPDCL
C28: 2 | D28: Other State licensees/Consumers | F28: =SUM(F29:F31) -> 0 | G28: =SUM(G29:G31) -> 0 | H28: =IF(F28=0,0,I28/F28*10) -> 0 | I28: =SUM(I29:I31) -> 0
C29: A | D29: Bi-lateral Sales( PTC etc.)
C30: B | D30: UI Sales
C31: C | D31: Pool Transaction ( Sales)
C32: Total | F32: =SUM(F28,F23) -> 0 | G32: =SUM(G28,G23) -> 0 | I32: =SUM(I28,I23) -> 0
A34: YEAR 1 | C34: =Notes!$C$6 -> FY 2024-25
C35: S. No. | D35: Discom Name | E35: Details link | F35: Quantity (MU) | G35: Cost (Rs Crores) | H35: Rate at which power is sold (Rs/kWh) | I35: Amt received through sales (Rs crores) | J35: Remarks
C36: 1 | D36: State Discoms | F36: =SUM(F37:F40) -> 0 | G36: =SUM(G37:G40) -> 0 | H36: =IF(F36=0,0,I36/F36*10) -> 0 | I36: =SUM(I37:I40) -> 0
B37: 1003 | C37: A | D37: CPDCL
B38: 1001 | C38: B | D38: EPDCL
B39: 1004 | C39: C | D39: NPDCL
